Workbook

Sheet Instructions
A1: Offerors who are not Pre-Qualified by PSC must complete the DRiVE Sustainability Questionnaire and submit this as part of their proposals.
A2: PSC Pre-qualified vendors who would like to make updates to the DRiVE Sustainability Questionnaire previoulsy submitted to PSC as part of the PQ process must contact prot@unops.org. Regular updates to the DriVE Questionnaire is encouraged.

Sheet PROFILE
C3: DRiVE Supplier Sustainability Questionnaire
C4: Driven by UNOPS commitment to sustainability and risk management in procurement, the organization launched in 2018 the DRiVE programme (Delivering Responsibility in Vendor Engagement). The overall scope of DRiVE is to ensure that UNOPS vendors operate responsibly and in accordance with high standards of integrity through the development of a vendor assessment, inspection and corrective action-planning programme, with a particular focus on the associated areas related to human rights, labour rights, ethical conduct, sexual exploitation and abuse and environmental responsibility.
C6: It is our endeavour to ensure that our vendors operate in accordance with the provisions contained in the UN Supplier Code of Conduct and the UNOPS Procurement Manual and General Conditions of Contract. This supplier self-assessment questionnaire is designed to give us a better understanding of how your company manages its impact, awareness and mitigation in these areas.
C8: UNOPS embraces the principle of continuous improvement. This is why the questions within the DRiVE Supplier Sustainability Questionnaire reflect the expectations that UNOPS has of all its suppliers. UNOPS hopes to form an open and honest dialogue with its suppliers in order to move toward a common direction of shared values. UNOPS will find its suppliers to be at different stages in fully adopting and implementing these standards and hence UNOPS will not be evaluating the input received on this questionnaire (unless specifically indicated on this tender's criteria section). However, please note that UNOPS reserves the right to verify the completeness and accuracy of information provided including by conducting a Verification/Inspection Visit as part of our due diligence process and in the spirit of fostering the open and honest dialogue and continuous improvement.
C9: It is estimated that it will take between 20 and 30 minutes to complete this questionnaire. Please follow these instructions:
C10: 1- | D10: Fill out the "COMPANY PROFILE" section below in this sheet/tab.
C11: 2- | D11: Fill out the "QUESTIONNAIRE" sheet/tab. Each question has a drop down box with the answer option that you can select. Please note that all questions must be answered. There is a HELP sheet / tab to provide guidance, as well as a link as a '?' to take you to guidance related to the question. If you have comments you can provide them next to the question.
C12: 3- | D12: Upload this document against the corresponding "Document checklist" on the eSourcing system.
C14: For further details on the DRiVE programme please refer to UNOPS Procurement Manual, Revision 6.1, Section 1.5.4.1. (Link below). If you require any clarification regarding these questions, please use the 'Request a Clarification' functionality within the eSourcing system.
C15: =HYPERLINK("https://content.unops.org/service-Line-Documents/Procurement/UNOPS-Procurement-Manual-2019_EN.pdf","Procuerment Manual, 6.1. ") -> Procuerment Manual, 6.1.
C17: We are also embrace continious improvement within our own processes, we therefore value your commets and feedback regarding this questionnaire and document. If you wish to do so please use the box below to provide feedback.
D23: COMPANY PROFILE
D25: UNGM registration number:
D27: Company Name:
D29: Business Address:
D35: Country:
D37: UN Global Compact Participant:
G38: Participant Number:
G39: Date of last COP:
G40: Level of COP:
D42: This document is truthful and accurate and has been completed by
G43: Name:
G44: Position:
G45: Email:
G46: Telephone:
B51: FEEDBACK
B53: Please feel free to provide feedback here…
C884: Afghanistan | F884: FAO
C885: Albania | F885: IAEA
C886: Algeria | F886: ICAO
C887: American Samoa | F887: IFAD
C888: Andorra | F888: ILO
C889: Angola | F889: ITC
C890: Anguilla | F890: ITU
C891: Antigua & Barbuda | F891: IMO
C892: Argentina | F892: OPCW
C893: Armenia | F893: PAHO
C894: Aruba | F894: UN Secretariat
C895: Australia | F895: UN Women
... C909: Bosnia & Herzegovina | F909: WTO
C910: Botswana
C911: Brazil
C912: British Virgin Is.
C913: Brunei
C914: Bulgaria
C915: Burkina Faso
C916: Burma
C917: Burundi
C918: Cambodia
C919: Cameroon
C920: Canada
C921: Cape Verde
... C1110: Zimbabwe
D1112: 1900
D1113: 1901
D1114: 1902
D1115: 1903
D1116: 1904
D1117: 1905
D1118: 1906
D1119: 1907
D1120: 1908
D1121: 1909
D1122: 1910
D1123: 1911
... D1231: 2019

Sheet QUESTIONNAIRE
G2: SUPPLIER SUSTAINABILITY QUESTIONNAIRE | L2: HIDE THIS PART - DOESN'T EVER NEED TO BE UNHIDDEN. ANSWERS FROM HERE ARE FED FROM THE Q&A SHEET
G3: IF YOU HAVE ANY QUERIES PLEASE FOLLOW THE TENDER CLARIFICATION PROCEDURE IN ESOURCING
F4: Click ? for help | G4: Select from list below - ALL QUESTIONS MUST BE ANSWERED - IF AN ANSWER IS LEFT BLANK IT IS ASSUMED AUTOMATICALLY TO BE NOT CONSINDERED / ADDRESSED / IMPLEMENTED | H4: Supplier Comments (Comments should only be added if the options in the drop down do not represent your situation) | L4: Q | M4: 1 | N4: 2 | O4: 3 | P4: 4 | Q4: 4
E5: For glossary, definitions, resources click '?' to the right or use the HELP sheet | F5: ?
C6: A | E6: =VLOOKUP($C6,QADATA!$D$8:$K$83,3,FALSE) -> POLICY | L6: =C6 -> A
C7: 1 | E7: =VLOOKUP($C7,QADATA!$D$9:$K$83,3,FALSE) -> Does your company have a Freedom of Association and Right to Collective Bargaining policy in place? | F7: ? | L7: =C7 -> 1 | M7: =VLOOKUP($L7,QADATA!$D$9:$K$83,4,FALSE) -> Yes - for more than 3 years | N7: =VLOOKUP($L7,QADATA!$D$9:$K$83,5,FALSE) -> Yes - for less than 3 years | O7: =VLOOKUP($L7,QADATA!$D$9:$K$83,6,FALSE) -> Referred to in another policy | P7: =VLOOKUP($L7,QADATA!$D$9:$K$83,7,FALSE) -> No policy in place
C8: 2 | E8: =VLOOKUP($C8,QADATA!$D$9:$K$83,3,FALSE) -> Does your company have a Wages, Working Hours and Other Conditions of Work policy in place? | F8: ? | L8: =C8 -> 2 | M8: =VLOOKUP($L8,QADATA!$D$9:$K$83,4,FALSE) -> Yes - for more than 3 years | N8: =VLOOKUP($L8,QADATA!$D$9:$K$83,5,FALSE) -> Yes - for less than 3 years | O8: =VLOOKUP($L8,QADATA!$D$9:$K$83,6,FALSE) -> Referred to in another policy | P8: =VLOOKUP($L8,QADATA!$D$9:$K$83,7,FALSE) -> No policy in place
C9: 3 | E9: =VLOOKUP($C9,QADATA!$D$9:$K$83,3,FALSE) -> Does your company have a Forced and Compulsory Labour policy in place? | F9: ? | L9: =C9 -> 3 | M9: =VLOOKUP($L9,QADATA!$D$9:$K$83,4,FALSE) -> Yes - for more than 3 years | N9: =VLOOKUP($L9,QADATA!$D$9:$K$83,5,FALSE) -> Yes - for less than 3 years | O9: =VLOOKUP($L9,QADATA!$D$9:$K$83,6,FALSE) -> Referred to in another policy | P9: =VLOOKUP($L9,QADATA!$D$9:$K$83,7,FALSE) -> No policy in place
C10: 4 | E10: =VLOOKUP($C10,QADATA!$D$9:$K$83,3,FALSE) -> Does your company have a Child Labour policy in place? | F10: ? | L10: =C10 -> 4 | M10: =VLOOKUP($L10,QADATA!$D$9:$K$83,4,FALSE) -> Yes - for more than 3 years | N10: =VLOOKUP($L10,QADATA!$D$9:$K$83,5,FALSE) -> Yes - for less than 3 years | O10: =VLOOKUP($L10,QADATA!$D$9:$K$83,6,FALSE) -> Referred to in another policy | P10: =VLOOKUP($L10,QADATA!$D$9:$K$83,7,FALSE) -> No policy in place
C11: 5 | E11: =VLOOKUP($C11,QADATA!$D$9:$K$83,3,FALSE) -> Does your company have an Anti Discrimination policy in place? | F11: ? | L11: =C11 -> 5 | M11: =VLOOKUP($L11,QADATA!$D$9:$K$83,4,FALSE) -> Yes - for more than 3 years | N11: =VLOOKUP($L11,QADATA!$D$9:$K$83,5,FALSE) -> Yes - for less than 3 years | O11: =VLOOKUP($L11,QADATA!$D$9:$K$83,6,FALSE) -> Referred to in another policy | P11: =VLOOKUP($L11,QADATA!$D$9:$K$83,7,FALSE) -> No policy in place
C12: 6 | E12: =VLOOKUP($C12,QADATA!$D$9:$K$83,3,FALSE) -> Does your company have a Quality Management Policy in place? | F12: ? | L12: =C12 -> 6 | M12: =VLOOKUP($L12,QADATA!$D$9:$K$83,4,FALSE) -> Yes - for more than 3 years | N12: =VLOOKUP($L12,QADATA!$D$9:$K$83,5,FALSE) -> Yes - for less than 3 years | O12: =VLOOKUP($L12,QADATA!$D$9:$K$83,6,FALSE) -> Referred to in another policy | P12: =VLOOKUP($L12,QADATA!$D$9:$K$83,7,FALSE) -> No policy in place
C13: 7 | E13: =VLOOKUP($C13,QADATA!$D$9:$K$83,3,FALSE) -> Does your company have an Environmental Policy in place? | F13: ? | L13: =C13 -> 7 | M13: =VLOOKUP($L13,QADATA!$D$9:$K$83,4,FALSE) -> Yes - for more than 3 years | N13: =VLOOKUP($L13,QADATA!$D$9:$K$83,5,FALSE) -> Yes - for less than 3 years | O13: =VLOOKUP($L13,QADATA!$D$9:$K$83,6,FALSE) -> Referred to in another policy | P13: =VLOOKUP($L13,QADATA!$D$9:$K$83,7,FALSE) -> No policy in place
C14: 8 | E14: =VLOOKUP($C14,QADATA!$D$9:$K$83,3,FALSE) -> Does your company have a Health and Safety policy in place? | F14: ? | L14: =C14 -> 8 | M14: =VLOOKUP($L14,QADATA!$D$9:$K$83,4,FALSE) -> Yes - for more than 3 years | N14: =VLOOKUP($L14,QADATA!$D$9:$K$83,5,FALSE) -> Yes - for less than 3 years | O14: =VLOOKUP($L14,QADATA!$D$9:$K$83,6,FALSE) -> Referred to in another policy | P14: =VLOOKUP($L14,QADATA!$D$9:$K$83,7,FALSE) -> No policy in place
C15: 9 | E15: =VLOOKUP($C15,QADATA!$D$9:$K$83,3,FALSE) -> Does your company have a Code of Conduct (or ethical conduct policy)? | F15: ? | L15: =C15 -> 9 | M15: =VLOOKUP($L15,QADATA!$D$9:$K$83,4,FALSE) -> Yes - for more than 3 years | N15: =VLOOKUP($L15,QADATA!$D$9:$K$83,5,FALSE) -> Yes - for less than 3 years | O15: =VLOOKUP($L15,QADATA!$D$9:$K$83,6,FALSE) -> Referred to in another policy | P15: =VLOOKUP($L15,QADATA!$D$9:$K$83,7,FALSE) -> No policy in place
C16: 10 | E16: =VLOOKUP($C16,QADATA!$D$9:$K$83,3,FALSE) -> Does your company have a Corporate Social Responsibility policy? | F16: ? | L16: =C16 -> 10 | M16: =VLOOKUP($L16,QADATA!$D$9:$K$83,4,FALSE) -> Yes - for more than 3 years | N16: =VLOOKUP($L16,QADATA!$D$9:$K$83,5,FALSE) -> Yes - for less than 3 years | O16: =VLOOKUP($L16,QADATA!$D$9:$K$83,6,FALSE) -> Referred to in another policy | P16: =VLOOKUP($L16,QADATA!$D$9:$K$83,7,FALSE) -> No policy in place
C17: 11 | E17: =VLOOKUP($C17,QADATA!$D$9:$K$83,3,FALSE) -> Does your company have a policy related to conflict minerals? | F17: ? | L17: =C17 -> 11 | M17: =VLOOKUP($L17,QADATA!$D$9:$K$83,4,FALSE) -> Yes - for more than 3 years (or Not Applicable to your sector) | N17: =VLOOKUP($L17,QADATA!$D$9:$K$83,5,FALSE) -> Yes - for less than 3 years | O17: =VLOOKUP($L17,QADATA!$D$9:$K$83,6,FALSE) -> Referred to in another policy | P17: =VLOOKUP($L17,QADATA!$D$9:$K$83,7,FALSE) -> No policy in place
C18: B | E18: =VLOOKUP($C18,QADATA!$D$9:$K$83,3,FALSE) -> MANAGEMENT SYSTEMS | L18: =C18 -> B
C19: 12 | E19: =VLOOKUP($C19,QADATA!$D$9:$K$83,3,FALSE) -> Does your company have a certified formal, documented Quality Management System? | F19: ? | L19: =C19 -> 12 | M19: =VLOOKUP($L19,QADATA!$D$9:$K$83,4,FALSE) -> Yes - such as ISO or similar and certified by a independent third party | N19: =VLOOKUP($L19,QADATA!$D$9:$K$83,5,FALSE) -> Yes - Documented but not certified | O19: =VLOOKUP($L19,QADATA!$D$9:$K$83,6,FALSE) -> Informal (undocumented) process | P19: =VLOOKUP($L19,QADATA!$D$9:$K$83,7,FALSE) -> No Quality Management System in place
C20: 13 | E20: =VLOOKUP($C20,QADATA!$D$9:$K$83,3,FALSE) -> Does your company have a certified formal, documented Environmental Management System? | F20: ? | L20: =C20 -> 13 | M20: =VLOOKUP($L20,QADATA!$D$9:$K$83,4,FALSE) -> Yes - such as ISO or similar and certified by a independent third party | N20: =VLOOKUP($L20,QADATA!$D$9:$K$83,5,FALSE) -> Yes - Documented but not certified | O20: =VLOOKUP($L20,QADATA!$D$9:$K$83,6,FALSE) -> Informal (undocumented) process | P20: =VLOOKUP($L20,QADATA!$D$9:$K$83,7,FALSE) -> No Environmental Management System in place
C21: 14 | E21: =VLOOKUP($C21,QADATA!$D$9:$K$83,3,FALSE) -> Does your company have a certified formal, documented Health and Safety Management System? | F21: ? | L21: =C21 -> 14 | M21: =VLOOKUP($L21,QADATA!$D$9:$K$83,4,FALSE) -> Yes - such as ISO or similar and certified by a independent third party | N21: =VLOOKUP($L21,QADATA!$D$9:$K$83,5,FALSE) -> Yes - Documented but not certified | O21: =VLOOKUP($L21,QADATA!$D$9:$K$83,6,FALSE) -> Informal (undocumented) process | P21: =VLOOKUP($L21,QADATA!$D$9:$K$83,7,FALSE) -> No Health & Safety Management System in place
C22: C | E22: =VLOOKUP($C22,QADATA!$D$9:$K$83,3,FALSE) -> HUMAN RIGHTS | L22: =C22 -> C
C23: 15 | E23: =VLOOKUP($C23,QADATA!$D$9:$K$83,3,FALSE) -> Does your company have a framework / procedures in place to commit to the UN Guiding principles for Business & Human Rights? | F23: ? | L23: =C23 -> 15 | M23: =VLOOKUP($L23,QADATA!$D$9:$K$83,4,FALSE) -> Yes - We have a documented procedure in place that is implemented, reported & reviewed | N23: =VLOOKUP($L23,QADATA!$D$9:$K$83,5,FALSE) -> Yes - We have a documented procedure in place. But it is not reported upon | O23: =VLOOKUP($L23,QADATA!$D$9:$K$83,6,FALSE) -> We have informal procedures, with no or limited documentation | P23: =VLOOKUP($L23,QADATA!$D$9:$K$83,7,FALSE) -> No we do not
C24: 16 | E24: =VLOOKUP($C24,QADATA!$D$9:$K$83,3,FALSE) -> Does your company have a mechanism for preventing, reporting and investigating cases of Human Rights abuses? | F24: ? | L24: =C24 -> 16 | M24: =VLOOKUP($L24,QADATA!$D$9:$K$83,4,FALSE) -> A formal documented procedure (including 3rd party involvement) | N24: =VLOOKUP($L24,QADATA!$D$9:$K$83,5,FALSE) -> A formal documented procedure | O24: =VLOOKUP($L24,QADATA!$D$9:$K$83,6,FALSE) -> An informal procedure | P24: =VLOOKUP($L24,QADATA!$D$9:$K$83,7,FALSE) -> No procedure in place
C25: 17 | E25: =VLOOKUP($C25,QADATA!$D$9:$K$83,3,FALSE) -> Does your company have a mechanism for preventing, reporting and investigating cases of Sexual Exploitation and Abuse? | F25: ? | L25: =C25 -> 17 | M25: =VLOOKUP($L25,QADATA!$D$9:$K$83,4,FALSE) -> A formal documented procedure (including 3rd party involvement) | N25: =VLOOKUP($L25,QADATA!$D$9:$K$83,5,FALSE) -> A formal documented procedure | O25: =VLOOKUP($L25,QADATA!$D$9:$K$83,6,FALSE) -> An informal procedure | P25: =VLOOKUP($L25,QADATA!$D$9:$K$83,7,FALSE) -> No procedure in place
C26: D | E26: =VLOOKUP($C26,QADATA!$D$9:$K$83,3,FALSE) -> LABOUR STANDARDS | L26: =C26 -> D
C27: 18 | E27: =VLOOKUP($C27,QADATA!$D$9:$K$83,3,FALSE) -> How does your company ensure that you pay minimum wage to your employees? | F27: ? | L27: =C27 -> 18 | M27: =VLOOKUP($L27,QADATA!$D$9:$K$83,4,FALSE) -> The company has a written policy in place as well as documented procedures that are followed. | N27: =VLOOKUP($L27,QADATA!$D$9:$K$83,5,FALSE) -> The company has a written policy in place an follows (undocumented) procedures. | O27: =VLOOKUP($L27,QADATA!$D$9:$K$83,6,FALSE) -> The company does not have a written policy in place but follows (undocumented) procedures | P27: =VLOOKUP($L27,QADATA!$D$9:$K$83,7,FALSE) -> There are some cases that minimum wages are not paid
C28: 19 | E28: =VLOOKUP($C28,QADATA!$D$9:$K$83,3,FALSE) -> How does your company ensure it pay its employees in a non-discriminatory manner (e.g. paying different working groups such as women, people with disabilities, etc… different pay for the same tasks)? | F28: ? | L28: =C28 -> 19 | M28: =VLOOKUP($L28,QADATA!$D$9:$K$83,4,FALSE) -> The company has a written policy in place as well as documented procedures that are followed. | N28: =VLOOKUP($L28,QADATA!$D$9:$K$83,5,FALSE) -> The company has a written policy in place an follows (undocumented) procedures. | O28: =VLOOKUP($L28,QADATA!$D$9:$K$83,6,FALSE) -> The company does not have a written policy in place but follows (undocumented) procedures | P28: =VLOOKUP($L28,QADATA!$D$9:$K$83,7,FALSE) -> There are some cases that different groups are paid differently for the same tasks.
C29: 20 | E29: =VLOOKUP($C29,QADATA!$D$9:$K$83,3,FALSE) -> Does your company have a complaints system in place to address concerns or issues from employees / workers / others? | F29: ? | L29: =C29 -> 20 | M29: =VLOOKUP($L29,QADATA!$D$9:$K$83,4,FALSE) -> Yes - documented procedure including anonymous whistle-blower protection | N29: =VLOOKUP($L29,QADATA!$D$9:$K$83,5,FALSE) -> Yes - there are guidelines, but no formal documented procedure | O29: =VLOOKUP($L29,QADATA!$D$9:$K$83,6,FALSE) -> Although no formal procedure is in place, management treat such incidents seriously | P29: =VLOOKUP($L29,QADATA!$D$9:$K$83,7,FALSE) -> No this is not needed in our company
C30: 21 | E30: =VLOOKUP($C30,QADATA!$D$9:$K$83,3,FALSE) -> Does your company have an Overtime work policy in place or staff are not allowed to work overtime? | F30: ? | L30: =C30 -> 21 | M30: =VLOOKUP($L30,QADATA!$D$9:$K$83,4,FALSE) -> Overtime is voluntary and procedure and payments documented (staff are not allowed to work overtime) | N30: =VLOOKUP($L30,QADATA!$D$9:$K$83,5,FALSE) -> Overtime is voluntary there is no documented procedure, but payments are recorded. | O30: =VLOOKUP($L30,QADATA!$D$9:$K$83,6,FALSE) -> Over time is compensated but not recorded | P30: =VLOOKUP($L30,QADATA!$D$9:$K$83,7,FALSE) -> Overtime is not recorded or compensated
C31: 22 | E31: =VLOOKUP($C31,QADATA!$D$9:$K$83,3,FALSE) -> What is the approach of your company regarding keeping original identification documents of your workers / employees? | F31: ? | L31: =C31 -> 22 | M31: =VLOOKUP($L31,QADATA!$D$9:$K$83,4,FALSE) -> No original ID documentation is ever kept by the company | N31: =VLOOKUP($L31,QADATA!$D$9:$K$83,5,FALSE) -> Original ID documentation is kept by the company (by request of employee) | O31: =VLOOKUP($L31,QADATA!$D$9:$K$83,6,FALSE) -> They are kept but only on a selective manner when management deem it necessary | P31: =VLOOKUP($L31,QADATA!$D$9:$K$83,7,FALSE) -> Keeping the original identification documents is a common practice
C32: 23 | E32: =VLOOKUP($C32,QADATA!$D$9:$K$83,3,FALSE) -> Do you have a procedure in place at time of employment to verify age of prospective employees? | F32: ? | L32: =C32 -> 23 | M32: =VLOOKUP($L32,QADATA!$D$9:$K$83,4,FALSE) -> Yes - A documented procedure is in place | N32: =VLOOKUP($L32,QADATA!$D$9:$K$83,5,FALSE) -> A procedure is in place but not documented | O32: =VLOOKUP($L32,QADATA!$D$9:$K$83,6,FALSE) -> This is not a common practice to verify age | P32: =VLOOKUP($L32,QADATA!$D$9:$K$83,7,FALSE) -> Age is not verified
C33: 24 | E33: =VLOOKUP($C33,QADATA!$D$9:$K$83,3,FALSE) -> Are your employees selected based on gender, ethnicity, sexual orientation or political belief? | F33: ? | L33: =C33 -> 24 | M33: =VLOOKUP($L33,QADATA!$D$9:$K$83,4,FALSE) -> No - all employees are selected based on merit as per documented procedure in place | N33: =VLOOKUP($L33,QADATA!$D$9:$K$83,5,FALSE) -> No - all employees are selected based on merit but no documented procedure in place | O33: =VLOOKUP($L33,QADATA!$D$9:$K$83,6,FALSE) -> Yes - to a certain extent | P33: =VLOOKUP($L33,QADATA!$D$9:$K$83,7,FALSE) -> Yes - in most cases
C34: 25 | E34: =VLOOKUP($C34,QADATA!$D$9:$K$83,3,FALSE) -> Are terms of employment communicated and agreed upon with an employee, written and in a local language? | F34: ? | L34: =C34 -> 25 | M34: =VLOOKUP($L34,QADATA!$D$9:$K$83,4,FALSE) -> Terms of employment are written and are signed by both employer and employee | N34: =VLOOKUP($L34,QADATA!$D$9:$K$83,5,FALSE) -> Terms of employment are written and signed by employee only | O34: =VLOOKUP($L34,QADATA!$D$9:$K$83,6,FALSE) -> Terms of employment are communicated but not written or signed | P34: =VLOOKUP($L34,QADATA!$D$9:$K$83,7,FALSE) -> There are no terms of employment - only pay to work
C35: 26 | E35: =VLOOKUP($C35,QADATA!$D$9:$K$83,3,FALSE) -> Are payments of salary made according to the contract, directly to the employee and on a regular basis? | F35: ? | L35: =C35 -> 26 | M35: =VLOOKUP($L35,QADATA!$D$9:$K$83,4,FALSE) -> Yes | N35: =VLOOKUP($L35,QADATA!$D$9:$K$83,5,FALSE) -> Yes - but not regularly | O35: =VLOOKUP($L35,QADATA!$D$9:$K$83,6,FALSE) -> Non-regular cash payments are a common practice here | P35: =VLOOKUP($L35,QADATA!$D$9:$K$83,7,FALSE) -> Salary / wages are paid directly to an intermediary to distribute
C36: 27 | E36: =VLOOKUP($C36,QADATA!$D$9:$K$83,3,FALSE) -> Are employees made aware of deductions (e.g. welfare, tax, accommodation etc..) and agree to them? | F36: ? | L36: =C36 -> 27 | M36: =VLOOKUP($L36,QADATA!$D$9:$K$83,4,FALSE) -> Yes - all deduction are agreed in advance and documented in the contract | N36: =VLOOKUP($L36,QADATA!$D$9:$K$83,5,FALSE) -> Employees are made aware of deductions but they are not documented in the contract | O36: =VLOOKUP($L36,QADATA!$D$9:$K$83,6,FALSE) -> Employees are not made aware of deductions until time of payment | P36: =VLOOKUP($L36,QADATA!$D$9:$K$83,7,FALSE) -> Deductions are made as they occur - without prior information to employee
C37: 28 | E37: =VLOOKUP($C37,QADATA!$D$9:$K$83,3,FALSE) -> Are employee payments properly documented? | F37: ? | L37: =C37 -> 28 | M37: =VLOOKUP($L37,QADATA!$D$9:$K$83,4,FALSE) -> Yes - Detailed pay-slips are provided, signed for and include details of deductions, if any | N37: =VLOOKUP($L37,QADATA!$D$9:$K$83,5,FALSE) -> Yes - Employees sign that they have received salary but no pay-slip provided | O37: =VLOOKUP($L37,QADATA!$D$9:$K$83,6,FALSE) -> No formal procedure in place, but employees are notified that payment has been made | P37: =VLOOKUP($L37,QADATA!$D$9:$K$83,7,FALSE) -> No formal procedure in place
C38: E | E38: =VLOOKUP($C38,QADATA!$D$9:$K$83,3,FALSE) -> EQUAL OPPORTUNITY | L38: =C38 -> E | M38: =VLOOKUP($L38,QADATA!$D$9:$K$83,4,FALSE) -> 0 | N38: =VLOOKUP($L38,QADATA!$D$9:$K$83,5,FALSE) -> 0 | O38: =VLOOKUP($L38,QADATA!$D$9:$K$83,6,FALSE) -> 0 | P38: =VLOOKUP($L38,QADATA!$D$9:$K$83,7,FALSE) -> 0
C39: 29 | E39: =VLOOKUP($C39,QADATA!$D$9:$K$83,3,FALSE) -> Does your company have a mechanism in place for reporting, investigating and addressing harassment | F39: ? | L39: =C39 -> 29 | M39: =VLOOKUP($L39,QADATA!$D$9:$K$83,4,FALSE) -> Yes- A formal documented procedure is in place; data about cases is available and tracked | N39: =VLOOKUP($L39,QADATA!$D$9:$K$83,5,FALSE) -> Yes - a documented procedure | O39: =VLOOKUP($L39,QADATA!$D$9:$K$83,6,FALSE) -> An informal procedure | P39: =VLOOKUP($L39,QADATA!$D$9:$K$83,7,FALSE) -> No procedure
C40: 30 | E40: =VLOOKUP($C40,QADATA!$D$9:$K$83,3,FALSE) -> Does your company encourage diversity and inclusion in the workplace? | F40: ? | L40: =C40 -> 30 | M40: =VLOOKUP($L40,QADATA!$D$9:$K$83,4,FALSE) -> Yes we have a diversity and inclusion policy and action plan that is well implemented | N40: =VLOOKUP($L40,QADATA!$D$9:$K$83,5,FALSE) -> Yes we have a policy but no action plan yet | O40: =VLOOKUP($L40,QADATA!$D$9:$K$83,6,FALSE) -> We encourage diversity informally | P40: =VLOOKUP($L40,QADATA!$D$9:$K$83,7,FALSE) -> We don't have any initiative around diversity and inclusion
C41: 31 | E41: =VLOOKUP($C41,QADATA!$D$9:$K$83,3,FALSE) -> What percentage (%) of current total staff are women? Please provide your best estimate. | F41: ? | L41: =C41 -> 31 | M41: =VLOOKUP($L41,QADATA!$D$9:$K$83,4,FALSE) -> More than 60% | N41: =VLOOKUP($L41,QADATA!$D$9:$K$83,5,FALSE) -> Between 30% - 60% | O41: =VLOOKUP($L41,QADATA!$D$9:$K$83,6,FALSE) -> Between 10% - 30% | P41: =VLOOKUP($L41,QADATA!$D$9:$K$83,7,FALSE) -> Less than 10%
C42: 32 | E42: =VLOOKUP($C42,QADATA!$D$9:$K$83,3,FALSE) -> What percentage (%) of current key staff (leadership) are women? Please provide your best estimate. | F42: ? | L42: =C42 -> 32 | M42: =VLOOKUP($L42,QADATA!$D$9:$K$83,4,FALSE) -> More than 60% | N42: =VLOOKUP($L42,QADATA!$D$9:$K$83,5,FALSE) -> Between 30% - 60% | O42: =VLOOKUP($L42,QADATA!$D$9:$K$83,6,FALSE) -> Between 10% - 30% | P42: =VLOOKUP($L42,QADATA!$D$9:$K$83,7,FALSE) -> Less than 10%
C43: 33 | E43: =VLOOKUP($C43,QADATA!$D$9:$K$83,3,FALSE) -> What percentage (%) of staff have a disability? Please provide your best estimate. | F43: ? | L43: =C43 -> 33 | M43: =VLOOKUP($L43,QADATA!$D$9:$K$83,4,FALSE) -> We have more than 10% people with disability in our workforce | N43: =VLOOKUP($L43,QADATA!$D$9:$K$83,5,FALSE) -> We have less than 10% people with disability in our workforce | O43: =VLOOKUP($L43,QADATA!$D$9:$K$83,6,FALSE) -> We have people with disability in our workforce but we don't know how many | P43: =VLOOKUP($L43,QADATA!$D$9:$K$83,7,FALSE) -> We don't employ people with disability
C44: F | E44: =VLOOKUP($C44,QADATA!$D$9:$K$83,3,FALSE) -> QUALITY MANAGEMENT | L44: =C44 -> F | M44: =VLOOKUP($L44,QADATA!$D$9:$K$83,4,FALSE) -> 0 | N44: =VLOOKUP($L44,QADATA!$D$9:$K$83,5,FALSE) -> 0 | O44: =VLOOKUP($L44,QADATA!$D$9:$K$83,6,FALSE) -> 0 | P44: =VLOOKUP($L44,QADATA!$D$9:$K$83,7,FALSE) -> 0
C45: 34 | E45: =VLOOKUP($C45,QADATA!$D$9:$K$83,3,FALSE) -> Are quality inspections carried out on products / goods / services that your company provides? | F45: ? | L45: =C45 -> 34 | M45: =VLOOKUP($L45,QADATA!$D$9:$K$83,4,FALSE) -> Yes - this is part of the certified formal process (e.g. ISO or similar) | N45: =VLOOKUP($L45,QADATA!$D$9:$K$83,5,FALSE) -> Yes - this is part of the formal process (documented but not ISO or similar) | O45: =VLOOKUP($L45,QADATA!$D$9:$K$83,6,FALSE) -> Yes - this is part of the informal process but undocumented | P45: =VLOOKUP($L45,QADATA!$D$9:$K$83,7,FALSE) -> No inspections carried out
C46: 35 | E46: =VLOOKUP($C46,QADATA!$D$9:$K$83,3,FALSE) -> Is quality control reporting made on products / goods / services that your company provides? | F46: ? | L46: =C46 -> 35 | M46: =VLOOKUP($L46,QADATA!$D$9:$K$83,4,FALSE) -> Yes - this is part of the certified formal process (e.g. ISO or similar) | N46: =VLOOKUP($L46,QADATA!$D$9:$K$83,5,FALSE) -> Yes - this is part of the formal process (documented but not ISO or similar) | O46: =VLOOKUP($L46,QADATA!$D$9:$K$83,6,FALSE) -> Yes - this is part of the informal process but undocumented | P46: =VLOOKUP($L46,QADATA!$D$9:$K$83,7,FALSE) -> No reporting done
C47: 36 | E47: =VLOOKUP($C47,QADATA!$D$9:$K$83,3,FALSE) -> Does your company evaluate and improve the quality of your output (products / goods / service) towards continuous improvement? | F47: ? | L47: =C47 -> 36 | M47: =VLOOKUP($L47,QADATA!$D$9:$K$83,4,FALSE) -> Yes - this is part of the certified formal process (e.g. ISO or similar) | N47: =VLOOKUP($L47,QADATA!$D$9:$K$83,5,FALSE) -> Yes - this is part of the formal process (documented but not ISO or similar) | O47: =VLOOKUP($L47,QADATA!$D$9:$K$83,6,FALSE) -> Yes - this is part of the informal process but undocumented | P47: =VLOOKUP($L47,QADATA!$D$9:$K$83,7,FALSE) -> No evaluations made
C48: G | E48: =VLOOKUP($C48,QADATA!$D$9:$K$83,3,FALSE) -> ENVIRONMENTAL MANAGEMENT | L48: =C48 -> G
C49: 37 | E49: =VLOOKUP($C49,QADATA!$D$9:$K$83,3,FALSE) -> Are inspections (and or assessments) carried out on the impact that the company products / goods / services have on the environment? | F49: ? | L49: =C49 -> 37 | M49: =VLOOKUP($L49,QADATA!$D$9:$K$83,4,FALSE) -> Yes - this is part of the certified formal process (e.g. ISO or similar) | N49: =VLOOKUP($L49,QADATA!$D$9:$K$83,5,FALSE) -> Yes - this is part of the formal process (documented but not ISO or similar) | O49: =VLOOKUP($L49,QADATA!$D$9:$K$83,6,FALSE) -> Yes - this is part of the informal process but undocumented | P49: =VLOOKUP($L49,QADATA!$D$9:$K$83,7,FALSE) -> No inspections carried out
C50: 38 | E50: =VLOOKUP($C50,QADATA!$D$9:$K$83,3,FALSE) -> Is reporting done on the impact of your company's products / goods / services on the environment? | F50: ? | L50: =C50 -> 38 | M50: =VLOOKUP($L50,QADATA!$D$9:$K$83,4,FALSE) -> Yes - this is part of the certified formal process (e.g. ISO or similar) | N50: =VLOOKUP($L50,QADATA!$D$9:$K$83,5,FALSE) -> Yes - this is part of the formal process (documented but not ISO or similar) | O50: =VLOOKUP($L50,QADATA!$D$9:$K$83,6,FALSE) -> Yes - this is part of the informal process but undocumented | P50: =VLOOKUP($L50,QADATA!$D$9:$K$83,7,FALSE) -> No reporting done
C51: 39 | E51: =VLOOKUP($C51,QADATA!$D$9:$K$83,3,FALSE) -> Is recycling (and or re-use) regularly practised by your company? | F51: ? | L51: =C51 -> 39 | M51: =VLOOKUP($L51,QADATA!$D$9:$K$83,4,FALSE) -> Regularly practiced. Waste is measured and monitored | N51: =VLOOKUP($L51,QADATA!$D$9:$K$83,5,FALSE) -> Practiced but waste is not measured and monitored | O51: =VLOOKUP($L51,QADATA!$D$9:$K$83,6,FALSE) -> Some waste is recycled (re-used) | P51: =VLOOKUP($L51,QADATA!$D$9:$K$83,7,FALSE) -> Recycling not practiced
C52: 40 | E52: =VLOOKUP($C52,QADATA!$D$9:$K$83,3,FALSE) -> Are hazardous materials and chemicals managed (monitored, handled, transported, stored, recycled, reused and/ or disposed appropriately)? | F52: ? | L52: =C52 -> 40 | M52: =VLOOKUP($L52,QADATA!$D$9:$K$83,4,FALSE) -> Yes - this is part of the certified formal process (e.g. ISO or similar) or Not Applicable | N52: =VLOOKUP($L52,QADATA!$D$9:$K$83,5,FALSE) -> Yes - this is part of the formal process (documented but not ISO or similar) | O52: =VLOOKUP($L52,QADATA!$D$9:$K$83,6,FALSE) -> Yes - this is part of the informal process but undocumented | P52: =VLOOKUP($L52,QADATA!$D$9:$K$83,7,FALSE) -> There are no guidance for managing hazardous materials.
C53: 41 | E53: =VLOOKUP($C53,QADATA!$D$9:$K$83,3,FALSE) -> Is solid waste (non-hazardous) monitored, handled, transported, stored, recycled, reused and/ or disposed appropriately? | F53: ? | L53: =C53 -> 41 | M53: =VLOOKUP($L53,QADATA!$D$9:$K$83,4,FALSE) -> Yes - this is part of the certified formal process (e.g. ISO or similar) | N53: =VLOOKUP($L53,QADATA!$D$9:$K$83,5,FALSE) -> Yes - this is part of the formal process (documented but not ISO or similar) | O53: =VLOOKUP($L53,QADATA!$D$9:$K$83,6,FALSE) -> Yes - this is part of the informal process but undocumented | P53: =VLOOKUP($L53,QADATA!$D$9:$K$83,7,FALSE) -> There are no guidance for managing solid waste.
C54: 42 | E54: =VLOOKUP($C54,QADATA!$D$9:$K$83,3,FALSE) -> Is wastewater monitored, handled, transported and/ or treated for disposal or discharge appropriately? | F54: ? | L54: =C54 -> 42 | M54: =VLOOKUP($L54,QADATA!$D$9:$K$83,4,FALSE) -> Yes - this is part of the certified formal process (e.g. ISO or similar) | N54: =VLOOKUP($L54,QADATA!$D$9:$K$83,5,FALSE) -> Yes - this is part of the formal process (documented but not ISO or similar) | O54: =VLOOKUP($L54,QADATA!$D$9:$K$83,6,FALSE) -> Yes - this is part of the informal process but undocumented | P54: =VLOOKUP($L54,QADATA!$D$9:$K$83,7,FALSE) -> No we do not
C55: 43 | E55: =VLOOKUP($C55,QADATA!$D$9:$K$83,3,FALSE) -> Is water consumption monitored and controlled as a resource appropriately? | F55: ? | L55: =C55 -> 43 | M55: =VLOOKUP($L55,QADATA!$D$9:$K$83,4,FALSE) -> Yes - this is part of the certified formal process (e.g. ISO or similar) | N55: =VLOOKUP($L55,QADATA!$D$9:$K$83,5,FALSE) -> Yes - this is part of the formal process (documented but not ISO or similar) | O55: =VLOOKUP($L55,QADATA!$D$9:$K$83,6,FALSE) -> Yes - this is part of the informal process but undocumented | P55: =VLOOKUP($L55,QADATA!$D$9:$K$83,7,FALSE) -> No we do not
C56: 44 | E56: =VLOOKUP($C56,QADATA!$D$9:$K$83,3,FALSE) -> Is energy consumption recorded by your company? | F56: ? | L56: =C56 -> 44 | M56: =VLOOKUP($L56,QADATA!$D$9:$K$83,4,FALSE) -> Yes - this is part of the certified formal process (e.g. ISO or similar) | N56: =VLOOKUP($L56,QADATA!$D$9:$K$83,5,FALSE) -> Yes - this is part of the formal process (documented but not ISO or similar) | O56: =VLOOKUP($L56,QADATA!$D$9:$K$83,6,FALSE) -> Yes - this is part of the informal process but undocumented | P56: =VLOOKUP($L56,QADATA!$D$9:$K$83,7,FALSE) -> No we do not
C57: 45 | E57: =VLOOKUP($C57,QADATA!$D$9:$K$83,3,FALSE) -> Does your company have documented targets to reduce its impact on the environment (this includes for example emissions and energy consumption)? | F57: ? | L57: =C57 -> 45 | M57: =VLOOKUP($L57,QADATA!$D$9:$K$83,4,FALSE) -> Yes - this is part of the certified formal process (e.g. ISO or similar) | N57: =VLOOKUP($L57,QADATA!$D$9:$K$83,5,FALSE) -> Yes - this is part of the formal process (documented but not ISO or similar) | O57: =VLOOKUP($L57,QADATA!$D$9:$K$83,6,FALSE) -> Yes - this is part of the informal process but undocumented | P57: =VLOOKUP($L57,QADATA!$D$9:$K$83,7,FALSE) -> No we do not
C58: H | E58: =VLOOKUP($C58,QADATA!$D$9:$K$83,3,FALSE) -> HEALTH & SAFETY | L58: =C58 -> H
C59: 46 | E59: =VLOOKUP($C59,QADATA!$D$9:$K$83,3,FALSE) -> Are Risk Assessments used by your company with regard to Health & Safety? | F59: ? | L59: =C59 -> 46 | M59: =VLOOKUP($L59,QADATA!$D$9:$K$83,4,FALSE) -> Risk Assessments are used as part of formal procedures. They are used for action planning and implemented. | N59: =VLOOKUP($L59,QADATA!$D$9:$K$83,5,FALSE) -> Risk Assessments are used as part of formal procedures. Implemented action only from time to time | O59: =VLOOKUP($L59,QADATA!$D$9:$K$83,6,FALSE) -> Risk Assessments and resulting action planning is used from time to time | P59: =VLOOKUP($L59,QADATA!$D$9:$K$83,7,FALSE) -> Risk Assessments are rarely used, if at all.
C60: 47 | E60: =VLOOKUP($C60,QADATA!$D$9:$K$83,3,FALSE) -> Is Health & Safety training provided to your employees? | F60: ? | L60: =C60 -> 47 | M60: =VLOOKUP($L60,QADATA!$D$9:$K$83,4,FALSE) -> This is part of the certified formal process (e.g. ISO or similar). Done on a regular basis, according to a schedule and is recorded. | N60: =VLOOKUP($L60,QADATA!$D$9:$K$83,5,FALSE) -> This is part of the formal process (documented but not ISO or similar). Done on a regular basis, according to a schedule and is recorded. | O60: =VLOOKUP($L60,QADATA!$D$9:$K$83,6,FALSE) -> Health & Safety training is done on an adhoc basis. | P60: =VLOOKUP($L60,QADATA!$D$9:$K$83,7,FALSE) -> Health & Safety training is rarely done, if at all.
C61: 48 | E61: =VLOOKUP($C61,QADATA!$D$9:$K$83,3,FALSE) -> Are internal inspection such as safety inspections / audits conducted by your company? This may include by a 3rd party. | F61: ? | L61: =C61 -> 48 | M61: =VLOOKUP($L61,QADATA!$D$9:$K$83,4,FALSE) -> This is part of the certified formal process (e.g. ISO or similar). Done on a regular basis, according to a schedule and is recorded. | N61: =VLOOKUP($L61,QADATA!$D$9:$K$83,5,FALSE) -> This is part of the formal process (documented but not ISO or similar). Done on a regular basis, according to a schedule and is recorded. | O61: =VLOOKUP($L61,QADATA!$D$9:$K$83,6,FALSE) -> Internal inspection such as safety inspections / audits are conducted on an adhoc basis. | P61: =VLOOKUP($L61,QADATA!$D$9:$K$83,7,FALSE) -> Internal inspection such as safety inspections / audits are rarely done, if at all.
C62: 49 | E62: =VLOOKUP($C62,QADATA!$D$9:$K$83,3,FALSE) -> Does your company conduct accident / incident investigations? | F62: ? | L62: =C62 -> 49 | M62: =VLOOKUP($L62,QADATA!$D$9:$K$83,4,FALSE) -> Yes - this is part of the certified formal process (e.g. ISO or similar). It is Documented and includes near miss reporting. | N62: =VLOOKUP($L62,QADATA!$D$9:$K$83,5,FALSE) -> Yes - this is part of the formal process (documented but not ISO or similar) and includes near miss reporting. | O62: =VLOOKUP($L62,QADATA!$D$9:$K$83,6,FALSE) -> Accident and incident investigations are conducted depending on the size or severity of the accident or incident. | P62: =VLOOKUP($L62,QADATA!$D$9:$K$83,7,FALSE) -> Accident and incident investigations are rarely conducted, if at all.
C63: 50 | E63: =VLOOKUP($C63,QADATA!$D$9:$K$83,3,FALSE) -> Is appropriate Personal Protective Equipment provided to employees (if applicable)? | F63: ? | L63: =C63 -> 50 | M63: =VLOOKUP($L63,QADATA!$D$9:$K$83,4,FALSE) -> This is part of the certified formal process (e.g. ISO or similar) (or Not Applicable ) | N63: =VLOOKUP($L63,QADATA!$D$9:$K$83,5,FALSE) -> This is part of the formal process (documented but not ISO or similar) | O63: =VLOOKUP($L63,QADATA!$D$9:$K$83,6,FALSE) -> This is part of the informal process but undocumented | P63: =VLOOKUP($L63,QADATA!$D$9:$K$83,7,FALSE) -> Personal Protective Equipment is rarely provided, if at all.
C64: 51 | E64: =VLOOKUP($C64,QADATA!$D$9:$K$83,3,FALSE) -> Does your company have any First Aid trained employees? | F64: ? | L64: =C64 -> 51 | M64: =VLOOKUP($L64,QADATA!$D$9:$K$83,4,FALSE) -> Yes - Employees are provided with first aid training and it is in line with the recommended number of first aiders to total employees and if necessary specific workplace hazards. Refresher courses included. | N64: =VLOOKUP($L64,QADATA!$D$9:$K$83,5,FALSE) -> Employees have been provided with first aid training and it is in line with the recommended number of first aiders to total employees and if necessary specific workplace hazards. | O64: =VLOOKUP($L64,QADATA!$D$9:$K$83,6,FALSE) -> Some employees have basic first aid training. | P64: =VLOOKUP($L64,QADATA!$D$9:$K$83,7,FALSE) -> There are no First Aid trained staff.
C65: 52 | E65: =VLOOKUP($C65,QADATA!$D$9:$K$83,3,FALSE) -> Are First Aid boxes (equipment) available at your company? | F65: ? | L65: =C65 -> 52 | M65: =VLOOKUP($L65,QADATA!$D$9:$K$83,4,FALSE) -> First Aid boxes are available and are in line with the total number of employees and workplace hazards. | N65: =VLOOKUP($L65,QADATA!$D$9:$K$83,5,FALSE) -> First Aid boxes are available and are in line with the total number of employees | O65: =VLOOKUP($L65,QADATA!$D$9:$K$83,6,FALSE) -> Some First Aid boxes are available | P65: =VLOOKUP($L65,QADATA!$D$9:$K$83,7,FALSE) -> There are no First Aid kits available.
C66: 53 | E66: =VLOOKUP($C66,QADATA!$D$9:$K$83,3,FALSE) -> Are emergency evacuation drills and / or trainings conducted with all employees? | F66: ? | L66: =C66 -> 53 | M66: =VLOOKUP($L66,QADATA!$D$9:$K$83,4,FALSE) -> This is part of the certified formal process (e.g. ISO or similar) | N66: =VLOOKUP($L66,QADATA!$D$9:$K$83,5,FALSE) -> This is part of the formal process (documented but not ISO or similar) | O66: =VLOOKUP($L66,QADATA!$D$9:$K$83,6,FALSE) -> This is part of the informal process but undocumented | P66: =VLOOKUP($L66,QADATA!$D$9:$K$83,7,FALSE) -> No we do not
C67: 54 | E67: =VLOOKUP($C67,QADATA!$D$9:$K$83,3,FALSE) -> Is fire fighting equipment available and maintained? | F67: ? | L67: =C67 -> 54 | M67: =VLOOKUP($L67,QADATA!$D$9:$K$83,4,FALSE) -> Available and maintained regularly according to procedure and records are kept | N67: =VLOOKUP($L67,QADATA!$D$9:$K$83,5,FALSE) -> Available and maintained but no records kept | O67: =VLOOKUP($L67,QADATA!$D$9:$K$83,6,FALSE) -> Available but not regularly maintained | P67: =VLOOKUP($L67,QADATA!$D$9:$K$83,7,FALSE) -> No fire fighting equipment available
C68: I | E68: =VLOOKUP($C68,QADATA!$D$9:$K$83,3,FALSE) -> CONTRACTORS / SUBCONTRACTORS | L68: =C68 -> I | M68: =VLOOKUP($L68,QADATA!$D$9:$K$83,4,FALSE) -> 0 | N68: =VLOOKUP($L68,QADATA!$D$9:$K$83,5,FALSE) -> 0 | O68: =VLOOKUP($L68,QADATA!$D$9:$K$83,6,FALSE) -> 0 | P68: =VLOOKUP($L68,QADATA!$D$9:$K$83,7,FALSE) -> 0
C69: 55 | E69: =VLOOKUP($C69,QADATA!$D$9:$K$83,3,FALSE) -> To what extent does your company use contractors / subcontractors / 3rd party contractors / outsourced work (e.g. component suppliers, cleaning, security, etc. services)? | F69: ? | L69: =C69 -> 55 | M69: =VLOOKUP($L69,QADATA!$D$9:$K$83,4,FALSE) -> Rarely - very few cases and not critical for our core product / services | N69: =VLOOKUP($L69,QADATA!$D$9:$K$83,5,FALSE) -> Sometimes - from time to time for low value non-critical products/services to core product / services | O69: =VLOOKUP($L69,QADATA!$D$9:$K$83,6,FALSE) -> Often - many complementary (non-core) functions / products / services are outsourced | P69: =VLOOKUP($L69,QADATA!$D$9:$K$83,7,FALSE) -> Often - many complementary and some core functions / components / products / services are outsourced
C70: 56 | E70: =VLOOKUP($C70,QADATA!$D$9:$K$83,3,FALSE) -> Does your company do any form of supply chain mapping? | F70: ? | L70: =C70 -> 56 | M70: =VLOOKUP($L70,QADATA!$D$9:$K$83,4,FALSE) -> Detailed supply chain mapping carried out, that identifies possible risks and compliance issues. Includes engagement with supply chain stakeholders. Reviewed and updated as necessary. | N70: =VLOOKUP($L70,QADATA!$D$9:$K$83,5,FALSE) -> Detailed supply chain mapping carried out, that identifies possible risks and compliance issues. Reviewed and updated as necessary. | O70: =VLOOKUP($L70,QADATA!$D$9:$K$83,6,FALSE) -> Some supply chain mapping carried out. | P70: =VLOOKUP($L70,QADATA!$D$9:$K$83,7,FALSE) -> No supply chain mapping done
C71: 57 | E71: =VLOOKUP($C71,QADATA!$D$9:$K$83,3,FALSE) -> Does your company have a documented procedure for the selection of contractors / subcontractors / 3rd party contractors / outsourced work? | F71: ? | L71: =C71 -> 57 | M71: =VLOOKUP($L71,QADATA!$D$9:$K$83,4,FALSE) -> Yes - a formal documented procedure | N71: =VLOOKUP($L71,QADATA!$D$9:$K$83,5,FALSE) -> Yes - but acts more as a guideline not fully enforced | O71: =VLOOKUP($L71,QADATA!$D$9:$K$83,6,FALSE) -> An informal procedure | P71: =VLOOKUP($L71,QADATA!$D$9:$K$83,7,FALSE) -> No guiding procedure in place
C72: 58 | E72: =VLOOKUP($C72,QADATA!$D$9:$K$83,3,FALSE) -> Does your company usually sign written contracts with contractors / subcontractor / third party providers? | F72: ? | L72: =C72 -> 58 | M72: =VLOOKUP($L72,QADATA!$D$9:$K$83,4,FALSE) -> Yes - this is always the case as per written procedures | N72: =VLOOKUP($L72,QADATA!$D$9:$K$83,5,FALSE) -> Yes - only when it is a legal / stipulated requirement | O72: =VLOOKUP($L72,QADATA!$D$9:$K$83,6,FALSE) -> Only when the other party demands it | P72: =VLOOKUP($L72,QADATA!$D$9:$K$83,7,FALSE) -> It is preferred to not have written contracts
C73: 59 | E73: =VLOOKUP($C73,QADATA!$D$9:$K$83,3,FALSE) -> Does your company have a method to validate and verify contractors / subcontractors own policies, or the adoption of your policies? | F73: ? | L73: =C73 -> 59 | M73: =VLOOKUP($L73,QADATA!$D$9:$K$83,4,FALSE) -> Yes - there is a written documented procedure to facilitate this | N73: =VLOOKUP($L73,QADATA!$D$9:$K$83,5,FALSE) -> Yes - this is done but it is not according to a documented procedure | O73: =VLOOKUP($L73,QADATA!$D$9:$K$83,6,FALSE) -> Only when the other party demands it | P73: =VLOOKUP($L73,QADATA!$D$9:$K$83,7,FALSE) -> This is not done
C74: 60 | E74: =VLOOKUP($C74,QADATA!$D$9:$K$83,3,FALSE) -> Do you require your subcontractors / third party providers to provide copies of relevant certificates or licenses for the contracted products / services? | F74: ? | L74: =C74 -> 60 | M74: =VLOOKUP($L74,QADATA!$D$9:$K$83,4,FALSE) -> Yes - as a common and necessary practice | N74: =VLOOKUP($L74,QADATA!$D$9:$K$83,5,FALSE) -> Yes - but only if requested | O74: =VLOOKUP($L74,QADATA!$D$9:$K$83,6,FALSE) -> This is done from time to time if necessary | P74: =VLOOKUP($L74,QADATA!$D$9:$K$83,7,FALSE) -> This is not common practice
C75: J | E75: =VLOOKUP($C75,QADATA!$D$9:$K$83,3,FALSE) -> COMPANY CONDUCT | L75: =C75 -> J
C76: 61 | E76: =VLOOKUP($C76,QADATA!$D$9:$K$83,3,FALSE) -> Does your company participate in Corporate Social Responsibility initiatives / activities? | F76: ? | L76: =C76 -> 61 | M76: =VLOOKUP($L76,QADATA!$D$9:$K$83,4,FALSE) -> Yes - with documented procedure and guidelines as well as impact analysis | N76: =VLOOKUP($L76,QADATA!$D$9:$K$83,5,FALSE) -> Yes - with documented procedure and guidelines without impact analysis | O76: =VLOOKUP($L76,QADATA!$D$9:$K$83,6,FALSE) -> Yes - but not documented procedure and guidelines | P76: =VLOOKUP($L76,QADATA!$D$9:$K$83,7,FALSE) -> No
C77: 62 | E77: =VLOOKUP($C77,QADATA!$D$9:$K$83,3,FALSE) -> Does your company use gifts or hospitality as an accepted practice? | F77: ? | L77: =C77 -> 62 | M77: =VLOOKUP($L77,QADATA!$D$9:$K$83,4,FALSE) -> This is controlled according to the company policy, and actively enforced | N77: =VLOOKUP($L77,QADATA!$D$9:$K$83,5,FALSE) -> This is controlled according to the company policy, but not actively enforced | O77: =VLOOKUP($L77,QADATA!$D$9:$K$83,6,FALSE) -> This is only done from time to time when time has been difficult | P77: =VLOOKUP($L77,QADATA!$D$9:$K$83,7,FALSE) -> This is a normal practice due to the operating conditions
C78: 63 | E78: =VLOOKUP($C78,QADATA!$D$9:$K$83,3,FALSE) -> Does your company prohibit conflicts of interest? | F78: ? | L78: =C78 -> 63 | M78: =VLOOKUP($L78,QADATA!$D$9:$K$83,4,FALSE) -> This is controlled according to the company policy, and actively enforced | N78: =VLOOKUP($L78,QADATA!$D$9:$K$83,5,FALSE) -> This is controlled according to the company policy, but not actively enforced | O78: =VLOOKUP($L78,QADATA!$D$9:$K$83,6,FALSE) -> This is only done from time to time when time has been difficult | P78: =VLOOKUP($L78,QADATA!$D$9:$K$83,7,FALSE) -> This is a normal practice due to the operating conditions
C79: 64 | E79: =VLOOKUP($C79,QADATA!$D$9:$K$83,3,FALSE) -> Is your company ever forced or put in a position to make payment outside of the conventional channels to facilitate works? | F79: ? | L79: =C79 -> 64 | M79: =VLOOKUP($L79,QADATA!$D$9:$K$83,4,FALSE) -> This is prohibited according to the company policy, and actively enforced | N79: =VLOOKUP($L79,QADATA!$D$9:$K$83,5,FALSE) -> This is prohibited according to the company policy, but not actively enforced | O79: =VLOOKUP($L79,QADATA!$D$9:$K$83,6,FALSE) -> This is only done from time to time when time has been difficult | P79: =VLOOKUP($L79,QADATA!$D$9:$K$83,7,FALSE) -> This is a normal practice due to the operating conditions
C80: 65 | E80: =VLOOKUP($C80,QADATA!$D$9:$K$83,3,FALSE) -> Does your company engage in the sale or manufacture of anti-personnel mines or components utilised in the manufacture of anti-personnel mines? | F80: ? | L80: =C80 -> 65 | M80: =VLOOKUP($L80,QADATA!$D$9:$K$83,4,FALSE) -> Never | N80: =VLOOKUP($L80,QADATA!$D$9:$K$83,5,FALSE) -> Has previously, but no longer | O80: =VLOOKUP($L80,QADATA!$D$9:$K$83,6,FALSE) -> Sometimes | P80: =VLOOKUP($L80,QADATA!$D$9:$K$83,7,FALSE) -> Yes
C81: 66 | E81: =VLOOKUP($C81,QADATA!$D$9:$K$83,3,FALSE) -> Does your company have a policy in place regarding the use of services of current or former UN personnel for the preparation of bid or proposals for the UN? | F81: ? | L81: =C81 -> 66 | M81: =VLOOKUP($L81,QADATA!$D$9:$K$83,4,FALSE) -> Yes a formal documented policy in place with reference to the UN Supplier Code of Conduct | N81: =VLOOKUP($L81,QADATA!$D$9:$K$83,5,FALSE) -> Yes a formal documented policy in place but does not reference UN Supplier Code of Conduct | O81: =VLOOKUP($L81,QADATA!$D$9:$K$83,6,FALSE) -> There are some guidance but not formal signed documentation | P81: =VLOOKUP($L81,QADATA!$D$9:$K$83,7,FALSE) -> No
C83: ! | E83: I hereby declare that the answers provided to this questionnaire are an accurate representation of the company and that there has been no deliberate attempt to provide false information.

Sheet HELP
B1: QUESTION | C1: GUIDANCE | F1: HIDE
A2: A | B2: =QADATA!F8 -> POLICY | F2: Link
A3: 1 | B3: =QADATA!F9 -> Does your company have a Freedom of Association and Right to Collective Bargaining policy in place? | C3: Freedom of association refers to the right to freedom of peaceful assembly and to the freedom of association such as to a trade union. Collective bargaining refers to a process of negotiations between the employer and a group of employees. | F3: ="#gid=1312646253&range=a"&ROW(B3) -> #gid=1312646253&range=a3
A4: 2 | B4: =QADATA!F10 -> Does your company have a Wages, Working Hours and Other Conditions of Work policy in place? | C4: Working conditions are made up of the conditions, criteria and environment employees are exposed to during their employment and the employee’s terms and conditions of employment. Examples include health, safety and well-being; maximum daily and weekly working hours, including mandatory days off, annual paid leave etc. | F4: ="#gid=1312646253&range=a"&ROW(B4) -> #gid=1312646253&range=a4
A5: 3 | B5: =QADATA!F11 -> Does your company have a Forced and Compulsory Labour policy in place? | C5: Forced or compulsory labour refers to all work or service a person carries out as a penalty and / or for which that person has not offered to do voluntarily (per agreement). Examples could include forced overtime, retention of identity documents, etc. | F5: ="#gid=1312646253&range=a"&ROW(B5) -> #gid=1312646253&range=a5
A6: 4 | B6: =QADATA!F12 -> Does your company have a Child Labour policy in place? | C6: Child labour refers to the employment of a person (child) who is under the legal minimum working age. In the circumstances where young persons are admitted to work, the working conditions must be not harm their safety, health or physical, mental, moral or social development or to interfere with their education. | F6: ="#gid=1312646253&range=a"&ROW(B6) -> #gid=1312646253&range=a6
A7: 5 | B7: =QADATA!F13 -> Does your company have an Anti Discrimination policy in place? | C7: Anti-discrimination encourages and requires the equal treatment of an individual or groups irrespective of sex, race, skin colour, ethnic or social origin, genetic features, language, religion or belief, political or any other opinion, membership of a national minority, birth, disability, age or sexual orientation. In many countries companies are legally required to obey certain practices that ensure discrimination is eliminated and expectations of equality are always met in the workplace. All workers must be treated equally and be given the same set of opportunities regardless of their race, age, gender, sexuality, disability, culture or anything else that might be discriminated against. The legislations in place are in existence to ensure that an inclusive working environment is always fostered, and that difference should never prove to be an obstacle in career progression or indeed getting a job in the first place. | F7: ="#gid=1312646253&range=a"&ROW(B7) -> #gid=1312646253&range=a7
A8: 6 | B8: =QADATA!F14 -> Does your company have a Quality Management Policy in place? | C8: A quality management policy should declare what is considered as a standard of 'quality' and outlines the processes in place to ensure that this meet this standard. The policy should make clear the intentions regarding quality of the products or services, a commitment to continuous improvement in quality management and the responsibilities of all staff, especially those with key roles, for maintaining quality of products and services. It should be formally endorsed by top management. | F8: ="#gid=1312646253&range=a"&ROW(B8) -> #gid=1312646253&range=a8
A9: 7 | B9: =QADATA!F15 -> Does your company have an Environmental Policy in place? | C9: An environmental policy should state the commitment that the company is making in relation to its use of resources and impact on the environment of its products and/ or services. With the purpose of decreasing the impact on the environment. It should be formally endorsed by top management. The policy should make clear actions and objectives which take into consideration applicable legal and other requirements. | F9: ="#gid=1312646253&range=a"&ROW(B9) -> #gid=1312646253&range=a9
A10: 8 | B10: =QADATA!F16 -> Does your company have a Health and Safety policy in place? | C10: A health and safety policy should state the commitment that the company is making in relation to its efforts towards identifying workplace hazards and reducing accidents and exposure to harmful situations and substances. The policy should make clear actions and objectives which take into consideration of applicable legal and other requirements. It should also refer to key components of the actions for example, training of personnel, personal protective equipment. It should be formally endorsed by top management. | F10: ="#gid=1312646253&range=a"&ROW(B10) -> #gid=1312646253&range=a10
A11: 9 | B11: =QADATA!F17 -> Does your company have a Code of Conduct (or ethical conduct policy)? | C11: A Code of Conduct is a set of rules outlining the responsibilities or proper practice for an individual (employee) and organisation. It could cover social, ethical and environmental aspects. | F11: ="#gid=1312646253&range=a"&ROW(B11) -> #gid=1312646253&range=a11
A12: 10 | B12: =QADATA!F18 -> Does your company have a Corporate Social Responsibility policy? | C12: Examples of Supplier CSR/Sustainability Policy could be a specific Supplier Code of Conduct or a Company Conduct document which applies to both internal employees as well as external business partners, such as suppliers. The objective should be to promote healthy working conditions and environmental responsibility throughout the entire supply chain. | F12: ="#gid=1312646253&range=a"&ROW(B12) -> #gid=1312646253&range=a12
A13: 11 | B13: =QADATA!F19 -> Does your company have a policy related to conflict minerals? | C13: So called conflict minerals (tantalum, tin, gold and tungsten) are sourced from the Democratic Republic of Congo and its neighbouring states. Companies that are at risk of using conflict minerals are required to undertake due diligence on the sourcing and file a conflict minerals report. Examples of conflict minerals reporting template. | F13: ="#gid=1312646253&range=a"&ROW(B13) -> #gid=1312646253&range=a13
A14: B | B14: =QADATA!F20 -> MANAGEMENT SYSTEMS | F14: ="#gid=1312646253&range=a"&ROW(B14) -> #gid=1312646253&range=a14
A15: 12 | B15: =QADATA!F21 -> Does your company have a certified formal, documented Quality Management System? | C15: A management system is a set of documented controls, processes and /or procedures that is reviewed by management. These procedures are followed by personnel for guidance and reference. A management system can be developed internally or externally in accordance with a recognised standard, for example ISO. | F15: ="#gid=1312646253&range=a"&ROW(B15) -> #gid=1312646253&range=a15
A16: 13 | B16: =QADATA!F22 -> Does your company have a certified formal, documented Environmental Management System? | C16: A management system is a set of documented controls, processes and /or procedures that is reviewed by management. These procedures are followed by personnel for guidance and reference. A management system can be developed internally or externally in accordance with a recognised standard, for example ISO. | F16: ="#gid=1312646253&range=a"&ROW(B16) -> #gid=1312646253&range=a16
A17: 14 | B17: =QADATA!F23 -> Does your company have a certified formal, documented Health and Safety Management System? | C17: A management system is a set of documented controls, processes and /or procedures that is reviewed by management. These procedures are followed by personnel for guidance and reference. A management system can be developed internally or externally in accordance with a recognised standard, for example ISO. | F17: ="#gid=1312646253&range=a"&ROW(B17) -> #gid=1312646253&range=a17
A18: C | B18: =QADATA!F24 -> HUMAN RIGHTS | F18: ="#gid=1312646253&range=a"&ROW(B18) -> #gid=1312646253&range=a18
A19: 15 | B19: =QADATA!F25 -> Does your company have a framework / procedures in place to commit to the UN Guiding principles for Business & Human Rights? | C19: As a company, it is your obligation to Respect human rights, and to Remedy any human rights issue that make your company complicit in human rights abuse. The company should have in place ways to protect workers against possible abuses, the company should implement prevention policies, facilitate open communication, provide training, and allow workers to report incidents of harassment. | F19: ="#gid=1312646253&range=a"&ROW(B19) -> #gid=1312646253&range=a19
A20: 16 | B20: =QADATA!F26 -> Does your company have a mechanism for preventing, reporting and investigating cases of Human Rights abuses? | C20: Companies play a critical role in ensuring that victims of business-related human rights abuses have access to an effective remedial process. A company should have a complaint mechanism that fully investigates the reports and responds accordingly to reported harassment cases. Workplace harassment encompasses many types of behaviour, including assault, physical and sexual harassment or threats, and workplace bullying and intimidation. 3rd party involvement refers to others from outside your company, this might be for example: that this is handled by a 3rd party / your process is audited by 3rd party / 3rd party are involved in the process. | F20: ="#gid=1312646253&range=a"&ROW(B20) -> #gid=1312646253&range=a20
A21: 17 | B21: =QADATA!F27 -> Does your company have a mechanism for preventing, reporting and investigating cases of Sexual Exploitation and Abuse? | C21: The definition of sexual exploitation is “any actual or attempted abuse of a position of vulnerability, differential power, or trust, for sexual purposes, including, but not limited to, profiting monetarily, socially or politically from the sexual exploitation of another.” The definition of sexual abuse is “actual or threatened physical intrusion of a sexual nature, whether by force or under unequal or coercive conditions.” This might be influenced differently, depending on your company, for example whether it is locally owned, employing members of the community, or on the other hand, large, possibly international or based in a large urban city / capital. Additionally, if your operations are elsewhere, employing people from outside the community, the risk of your employees committing sexual abuse and exploitation are different. | F21: ="#gid=1312646253&range=a"&ROW(B21) -> #gid=1312646253&range=a21
A22: D | B22: =QADATA!F28 -> LABOUR STANDARDS | C22: LABOUR STANDARDS | F22: ="#gid=1312646253&range=a"&ROW(B22) -> #gid=1312646253&range=a22
A23: 18 | B23: =QADATA!F29 -> How does your company ensure that you pay minimum wage to your employees? | C23: Wages and benefits relate to the basic or minimum wage or salary and any additional entitlements payable directly or indirectly, in cash or in kind, by the employer to the worker and arising out of the worker’s employment. Examples include paid sick days, family and medical leave, paid overtime, etc. | F23: ="#gid=1312646253&range=a"&ROW(B23) -> #gid=1312646253&range=a23
A24: 19 | B24: =QADATA!F30 -> How does your company ensure it pay its employees in a non-discriminatory manner (e.g. paying different working groups such as women, people with disabilities, etc… different pay for the same tasks)? | C24: The payment of employees should not be discriminatory and requires the equal treatment of an individual or groups irrespective of sex, race, skin colour, ethnic or social origin, genetic features, language, religion or belief, political or any other opinion, membership of a national minority, birth, disability, age or sexual orientation. | F24: ="#gid=1312646253&range=a"&ROW(B24) -> #gid=1312646253&range=a24
A25: 20 | B25: =QADATA!F31 -> Does your company have a complaints system in place to address concerns or issues from employees / workers / others? | C25: A process to address employee complaints about discrimination and harassment (or other) is important for a company as it can identify areas of improvement in a workplace as well as help to avoid formal external complaints and/or legal action. A good complaints process should be: Fair / Confidential / Transparent / Accessible / Efficient. | F25: ="#gid=1312646253&range=a"&ROW(B25) -> #gid=1312646253&range=a25
A26: 21 | B26: =QADATA!F32 -> Does your company have an Overtime work policy in place or staff are not allowed to work overtime? | C26: An overtime policy is important to have as it explains how employees will be compensated for any hours worked beyond their standard working hours. This helps to inform and ensure that employees are treated consistently and correctly compensated as well as to reduce incidents of overtime abuse by both employee and employer. This overtime policy must abided by any legal guidelines. | F26: ="#gid=1312646253&range=a"&ROW(B26) -> #gid=1312646253&range=a26
A27: 22 | B27: =QADATA!F33 -> What is the approach of your company regarding keeping original identification documents of your workers / employees? | C27: Keeping an employee's formal documentation such as a passport or ID card can be considered a violation as these documents are a connection to an individuals human rights. Keeping these documents can prohibit an individual to exercise their human rights. | F27: ="#gid=1312646253&range=a"&ROW(B27) -> #gid=1312646253&range=a27
A28: 23 | B28: =QADATA!F34 -> Do you have a procedure in place at time of employment to verify age of prospective employees? | C28: A documented procedure is a written description of the prescribed course of action or process to manage and control organisations activities. | F28: ="#gid=1312646253&range=a"&ROW(B28) -> #gid=1312646253&range=a28
A29: 24 | B29: =QADATA!F35 -> Are your employees selected based on gender, ethnicity, sexual orientation or political belief? | C29: Discrimination in the selection of employees can happen when your employer, workmate, or a company, treat an applicant less favourably than another person, because of who they are. Discrimination appears at all stages of employment: this could include examples such as how positions are advertised / how interviews are conducted / bias or unfair terms and conditions / denial of training, promotion, benefits / unfair dismissal or demoted. | F29: ="#gid=1312646253&range=a"&ROW(B29) -> #gid=1312646253&range=a29
A30: 25 | B30: =QADATA!F36 -> Are terms of employment communicated and agreed upon with an employee, written and in a local language? | C30: It is important that there is an agreement between employee and employer (terms of employment / contract). This is best done in writing, in a language (usually local) that both the employee and the employer understand. Both the employee and the employer should have a copy for their reference. | F30: ="#gid=1312646253&range=a"&ROW(B30) -> #gid=1312646253&range=a30
A31: 26 | B31: =QADATA!F37 -> Are payments of salary made according to the contract, directly to the employee and on a regular basis? | C31: To ensure that an employee is paid the full amount agreed in the contract between employer and employee and the employee should receive the payment directly. When payments, salary, wages are paid to a third party to distribute, there is a possibility of deductions to be made from the amount to be received by the employee. | F31: ="#gid=1312646253&range=a"&ROW(B31) -> #gid=1312646253&range=a31
A32: 27 | B32: =QADATA!F38 -> Are employees made aware of deductions (e.g. welfare, tax, accommodation etc..) and agree to them? | C32: As an employer the circumstances in which you can deduct money from employee pay is if the employee has agreed the deductions, this includes deductions for benefit contributions. These deductions should be clearly indicated in the payslip generated by the employer. | F32: ="#gid=1312646253&range=a"&ROW(B32) -> #gid=1312646253&range=a32
A33: 28 | B33: =QADATA!F39 -> Are employee payments properly documented? | C33: Documented information should be given to all employees when they are paid (Pay Slip). Contents of a Pay Slips should include: Employer’s name and address / Worker’s name and occupation / Period for which payment is made / Total salary or wages / Any deductions / Tax Information / The actual amount paid after tax deduction. If relevant to the calculation of pay: overtime rates / No. of ordinary, holiday and overtime hours worked/ Pension/ Bonus payment | F33: ="#gid=1312646253&range=a"&ROW(B33) -> #gid=1312646253&range=a33
A34: E | B34: =QADATA!F40 -> EQUAL OPPORTUNITY | C34: EQUAL OPPORTUNITY | F34: ="#gid=1312646253&range=a"&ROW(B34) -> #gid=1312646253&range=a34
A35: 29 | B35: =QADATA!F41 -> Does your company have a mechanism in place for reporting, investigating and addressing harassment | C35: Preventing addressing harassment, in particular sexual harassment in the workplace is an important element of ensuring an equal opportunity and anti-discrimination environment. Harassment is any improper and unwelcome conduct that might reasonably be expected or be perceived to cause offence or humiliation to another person. Harassment may take the form of words, gestures or actions which tend to annoy, alarm, abuse, demean, intimidate, belittle, humiliate or embarrass another or which create an intimidating, hostile or offensive work environment. Harassment normally implies a series of incidents. Sexual harassment is any unwelcome sexual advance, request for sexual favour, verbal or physical conduct or gesture of a sexual nature, or any other behaviour of a sexual nature that might reasonably be expected or be perceived to cause offence or humiliation to another, when such conduct interferes with work, is made a condition of employment or creates an intimidating, hostile or offensive work environment. While typically involving a pattern of behaviour, it can take the form of a single incident. Sexual harassment may occur between persons of the opposite or same sex. Both males and females can be either the victims or the offenders. | F35: ="#gid=1312646253&range=a"&ROW(B35) -> #gid=1312646253&range=a35
A36: 30 | B36: =QADATA!F42 -> Does your company encourage diversity and inclusion in the workplace? | C36: Having a diverse workforce can offer a company a wide range of ideas, skills and resources. Companies that embrace diversity, often reap the benefits of a broader market, improved productivity and a raised profile within the competitive marketplace. In many countries companies are legally required to obey certain practices that ensure discrimination is eliminated and expectations of equality are always met in the workplace. All workers must be treated equally and be given the same set of opportunities regardless of their race, age, gender, sexuality, disability, culture or anything else that might be discriminated against. The legislations in place are in existence to ensure that an inclusive working environment is always fostered, and that difference should never prove to be an obstacle in career progression or indeed getting a job in the first place. | F36: ="#gid=1312646253&range=a"&ROW(B36) -> #gid=1312646253&range=a36
A37: 31 | B37: =QADATA!F43 -> What percentage (%) of current total staff are women? Please provide your best estimate. | C37: Having a diverse workforce can offer a company a wide range of ideas, skills and resources. Companies that embrace diversity, often reap the benefits of a broader market, improved productivity and a raised profile within the competitive marketplace. | F37: ="#gid=1312646253&range=a"&ROW(B37) -> #gid=1312646253&range=a37
A38: 32 | B38: =QADATA!F44 -> What percentage (%) of current key staff (leadership) are women? Please provide your best estimate. | C38: Having a diverse workforce can offer a company a wide range of ideas, skills and resources. Companies that embrace diversity, often reap the benefits of a broader market, improved productivity and a raised profile within the competitive marketplace. | F38: ="#gid=1312646253&range=a"&ROW(B38) -> #gid=1312646253&range=a38
A39: 33 | B39: =QADATA!F45 -> What percentage (%) of staff have a disability? Please provide your best estimate. | C39: Without imposing a disproportionate or undue burden on the employer, companies must provide the necessary and appropriate modification and adjustments in the workplace, to ensure the employment of persons with disabilities. | F39: ="#gid=1312646253&range=a"&ROW(B39) -> #gid=1312646253&range=a39
A40: F | B40: =QADATA!F46 -> QUALITY MANAGEMENT | C40: QUALITY MANAGEMENT | F40: ="#gid=1312646253&range=a"&ROW(B40) -> #gid=1312646253&range=a40
A41: 34 | B41: =QADATA!F47 -> Are quality inspections carried out on products / goods / services that your company provides? | C41: Internal inspections / audits can help to determine how effective procedures, programmes and systems are working. They can be performed internally, or by external third party (if independence is needed). | F41: ="#gid=1312646253&range=a"&ROW(B41) -> #gid=1312646253&range=a41
A42: 35 | B42: =QADATA!F48 -> Is quality control reporting made on products / goods / services that your company provides? | C42: Reporting is important for informing the company internally on how processes, procedure or plans are performing and if targets are being met. Reporting may also be a requirement to external stakeholders for example on quality control. | F42: ="#gid=1312646253&range=a"&ROW(B42) -> #gid=1312646253&range=a42
A43: 36 | B43: =QADATA!F49 -> Does your company evaluate and improve the quality of your output (products / goods / service) towards continuous improvement? | C43: This can help with the commitment to the development and implementing a quality management system to continually improving its effectiveness rather than resolve a problem when it occurs. | F43: ="#gid=1312646253&range=a"&ROW(B43) -> #gid=1312646253&range=a43
A44: G | B44: =QADATA!F50 -> ENVIRONMENTAL MANAGEMENT | C44: ENVIRONMENTAL MANAGEMENT | F44: ="#gid=1312646253&range=a"&ROW(B44) -> #gid=1312646253&range=a44
A45: 37 | B45: =QADATA!F51 -> Are inspections (and or assessments) carried out on the impact that the company products / goods / services have on the environment? | C45: Internal inspections / audits can help to determine how effective procedures, programmes and systems are working. They can be performed internally, or by external third party (if independence is needed). | F45: ="#gid=1312646253&range=a"&ROW(B45) -> #gid=1312646253&range=a45
A46: 38 | B46: =QADATA!F52 -> Is reporting done on the impact of your company's products / goods / services on the environment? | C46: Reporting is important for informing the company internally on how processes, procedure or plans are performing and if targets are being met. Reporting may also be a requirement to external stakeholders for example on emissions or consumption figures | F46: ="#gid=1312646253&range=a"&ROW(B46) -> #gid=1312646253&range=a46
A47: 39 | B47: =QADATA!F53 -> Is recycling (and or re-use) regularly practised by your company? | C47: Recycling is important as it helps to reduce the negative impact on the natural environment. Recycling and reusing reduces the need for raw materials. | F47: ="#gid=1312646253&range=a"&ROW(B47) -> #gid=1312646253&range=a47
A48: 40 | B48: =QADATA!F54 -> Are hazardous materials and chemicals managed (monitored, handled, transported, stored, recycled, reused and/ or disposed appropriately)? | C48: The correct handling (management) of hazardous materials is essential to help avoid negative impact on the natural environment, personal or workplace. There is often legal requirements regarding the movement, storage and disposal of hazardous materials. There should be realistic efforts in place to reduce the amount of hazardous materials used and waste produced. | F48: ="#gid=1312646253&range=a"&ROW(B48) -> #gid=1312646253&range=a48
A49: 41 | B49: =QADATA!F55 -> Is solid waste (non-hazardous) monitored, handled, transported, stored, recycled, reused and/ or disposed appropriately? | C49: The correct handling (management) of solid waste materials is essential to help avoid negative impact on the natural environment, personnel or workplace. Solid waste refers to any 'solid' waste that is not hazardous (this can also include food waste from canteen, paper, processing waste...) There is often legal requirements regarding the movement, storage and disposal of solid waste. There should be realistic efforts in place to recycle and reduce the amount of solid waste produced. | F49: ="#gid=1312646253&range=a"&ROW(B49) -> #gid=1312646253&range=a49
A50: 42 | B50: =QADATA!F56 -> Is wastewater monitored, handled, transported and/ or treated for disposal or discharge appropriately? | C50: The correct handling (management) of wastewater is essential to help avoid negative impact on the natural environment, personal or workplace. There is often legal requirements regarding the movement, storage and disposal of wastewater. There should be realistic efforts in place to recycle and reduce the amount of wastewater produced. Where discharge is a practice, periodic testing should be done. | F50: ="#gid=1312646253&range=a"&ROW(B50) -> #gid=1312646253&range=a50
A51: 43 | B51: =QADATA!F57 -> Is water consumption monitored and controlled as a resource appropriately? | C51: Water as a non-renewable natural resources is particularly precious. The use of resources can only be done by recording consumption. This is important to be able to set reduction targets as well as to reduce costs. | F51: ="#gid=1312646253&range=a"&ROW(B51) -> #gid=1312646253&range=a51
A52: 44 | B52: =QADATA!F58 -> Is energy consumption recorded by your company? | C52: Natural resources are precious, particularly non-renewable natural resources. The use of resources can only be done by recording consumption. This is important to be able to set reduction targets as well as to reduce costs. | F52: ="#gid=1312646253&range=a"&ROW(B52) -> #gid=1312646253&range=a52
A53: 45 | B53: =QADATA!F59 -> Does your company have documented targets to reduce its impact on the environment (this includes for example emissions and energy consumption)? | C53: An important method to address a company's (proportional) impact on the natural environment is to have reduction targets on emissions and consumption. These need to be realistic and achievable. | F53: ="#gid=1312646253&range=a"&ROW(B53) -> #gid=1312646253&range=a53
A54: H | B54: =QADATA!F60 -> HEALTH & SAFETY | C54: HEALTH & SAFETY | F54: ="#gid=1312646253&range=a"&ROW(B54) -> #gid=1312646253&range=a54
A55: 46 | B55: =QADATA!F61 -> Are Risk Assessments used by your company with regard to Health & Safety? | C55: Risk assessment is a process that helps to identify hazards and risk factors that have the potential to cause harm. This allows you to evaluate the risk associated with the particular hazard (risk analysis, and risk evaluation). By identifying the risks and you can determine the appropriate ways to eliminate the hazard, or control the risk when the hazard cannot be eliminated. Risk assessment has a thorough look at your workplace to identify situations, processes, etc. that may cause harm, particularly to people (but also to environment and assets). After identifying the risk you are able to evaluate the probability / likelihood and severity of the risk. When this has been made, you can decide on what cause of action to take to effectively eliminate or control the harm from happening. | F55: ="#gid=1312646253&range=a"&ROW(B55) -> #gid=1312646253&range=a55
A56: 47 | B56: =QADATA!F62 -> Is Health & Safety training provided to your employees? | C56: All workers should be trained for the tasks they are responsible for carrying out. Training should be kept up to date and relevant. Providing training helps to ensure that people who work for you know how to work safely and without risks to health, develop a positive health and safety culture. In many places it is your legal duty to protect the health and safety of your employees. | F56: ="#gid=1312646253&range=a"&ROW(B56) -> #gid=1312646253&range=a56
A57: 48 | B57: =QADATA!F63 -> Are internal inspection such as safety inspections / audits conducted by your company? This may include by a 3rd party. | C57: Internal inspections / audits can help to determine how effective procedures, programmes and systems are working. They can be performed internally, or by external third party (if independence is needed). | F57: ="#gid=1312646253&range=a"&ROW(B57) -> #gid=1312646253&range=a57
A58: 49 | B58: =QADATA!F64 -> Does your company conduct accident / incident investigations? | C58: Accident and Incident investigations are important as they help to determine the cause of an accident or an incident and to identify unsafe conditions. They allow for corrective actions to be identified so that similar accidents or incidents can be avoided in the future. It helps building organisational knowledge about the working environment. Commonly the term accident is used although incident can separately be defined as an unplanned event and that may (or may not) include injury or asset damage. | F58: ="#gid=1312646253&range=a"&ROW(B58) -> #gid=1312646253&range=a58
A59: 50 | B59: =QADATA!F65 -> Is appropriate Personal Protective Equipment provided to employees (if applicable)? | C59: Workers should not have to work in an unsafe workplace (including, harmful processes, chemicals, substances or techniques). When exposure to an unsafe environment is unavoidable, all workers should be provided with the necessary protective equipment (for free). Protective equipment should be appropriate, fit for use, maintained and the user trained in its use if necessary. | F59: ="#gid=1312646253&range=a"&ROW(B59) -> #gid=1312646253&range=a59
A60: 51 | B60: =QADATA!F66 -> Does your company have any First Aid trained employees? | C60: In some countries there are legal requirements for companies to provide first aid provisions (training and equipment). First aid trained staff in a company can provide quick response to manageable situations as well as raising the awareness of safety in the workplace. It will depend on the size and circumstances of your workplace when it comes to the number of first aid trained staff recommended. There could be local guidelines in place. | F60: ="#gid=1312646253&range=a"&ROW(B60) -> #gid=1312646253&range=a60
A61: 52 | B61: =QADATA!F67 -> Are First Aid boxes (equipment) available at your company? | C61: In some countries there are legal requirements for companies to provide first aid provisions (training and equipment). First aid kits should be available and accessible in the workplace, fully stocked with appropriate (recommended) provisions. | F61: ="#gid=1312646253&range=a"&ROW(B61) -> #gid=1312646253&range=a61
A62: 53 | B62: =QADATA!F68 -> Are emergency evacuation drills and / or trainings conducted with all employees? | C62: Emergency training and orientation are important as they help to prepare employees, the company and the emergency services of the course of action to take in the event of an emergency. Drills and training should be conducted on a recurring basis to maintain familiarity and awareness. | F62: ="#gid=1312646253&range=a"&ROW(B62) -> #gid=1312646253&range=a62
A63: 54 | B63: =QADATA!F69 -> Is fire fighting equipment available and maintained? | C63: It is important that fire fighting equipment is functional and in a good working order. Maintenance and check of fire fighting clothing, hose pipes and suppressants or extinguishers should be done on a predetermined regular basis. | F63: ="#gid=1312646253&range=a"&ROW(B63) -> #gid=1312646253&range=a63
A64: I | B64: =QADATA!F70 -> CONTRACTORS / SUBCONTRACTORS | C64: CONTRACTORS / SUBCONTRACTORS | F64: ="#gid=1312646253&range=a"&ROW(B64) -> #gid=1312646253&range=a64
A65: 55 | B65: =QADATA!F71 -> To what extent does your company use contractors / subcontractors / 3rd party contractors / outsourced work (e.g. component suppliers, cleaning, security, etc. services)? | C65: The use of contractors / subcontractors / 3rd party contractors / outsourced work is important and sometime essential for any company. It is important that contractors / subcontractors / 3rd party contractors / outsourced work to the same level (if not better) as your company. This applies for example to policy commitments, quality, standards and safety. Furthermore contractors / subcontractors / 3rd party contractors / outsourced work must to meet the criteria of your clients that you have an agreement with. | F65: ="#gid=1312646253&range=a"&ROW(B65) -> #gid=1312646253&range=a65
A66: 56 | B66: =QADATA!F72 -> Does your company do any form of supply chain mapping? | C66: Supply chain mapping allows you to have awareness and insight into possible risk compliance violations in your supply chain that will be associated to your operation. Supply chain mapping is the process of identifying companies and suppliers to document the source of material and process of brining the goods / service that your company needs. The corporate responsibility should require companies to due diligence to identify, address and mitigate adverse impacts with which they may be involved through their business relationships. However, due to the scale and complexity of many supply chains it is often best to prioritise those business relationships for which it is most critical for your company. However, the first step is to know who is in your supply chain. | F66: ="#gid=1312646253&range=a"&ROW(B66) -> #gid=1312646253&range=a66
A67: 57 | B67: =QADATA!F73 -> Does your company have a documented procedure for the selection of contractors / subcontractors / 3rd party contractors / outsourced work? | C67: When selecting contractors / subcontractors / 3rd party contractors / outsourced work it is important to know that they will work to the standards of your company as well as the standards that your company has committed to with your clients. Guidance on the selection process of a contractors / subcontractors / 3rd party contractors / outsourced work allows for proper due diligence and supply chain mapping to be done. | F67: ="#gid=1312646253&range=a"&ROW(B67) -> #gid=1312646253&range=a67
A68: 58 | B68: =QADATA!F74 -> Does your company usually sign written contracts with contractors / subcontractor / third party providers? | C68: It is important to safeguard your company to the risks contractors / subcontractors / 3rd party contractors / outsourced work. It is the responsibility of your company to ensure your business relationships satisfy regulators, and also meet your own and your customer expectations. | F68: ="#gid=1312646253&range=a"&ROW(B68) -> #gid=1312646253&range=a68
A69: 59 | B69: =QADATA!F75 -> Does your company have a method to validate and verify contractors / subcontractors own policies, or the adoption of your policies? | C69: It is important to safeguard your company to the risks contractors / subcontractors / 3rd party contractors / outsourced work. It is the responsibility of your company to ensure your business relationships satisfy regulators, and also meet your own and your customer expectations. | F69: ="#gid=1312646253&range=a"&ROW(B69) -> #gid=1312646253&range=a69
A70: 60 | B70: =QADATA!F76 -> Do you require your subcontractors / third party providers to provide copies of relevant certificates or licenses for the contracted products / services? | C70: It is important to safeguard your company to the risks contractors / subcontractors / 3rd party contractors / outsourced work. It is the responsibility of your company to ensure your business relationships satisfy regulators, and also meet your own and your customer expectations. | F70: ="#gid=1312646253&range=a"&ROW(B70) -> #gid=1312646253&range=a70
A71: J | B71: =QADATA!F77 -> COMPANY CONDUCT | C71: CONDUCT | F71: ="#gid=1312646253&range=a"&ROW(B71) -> #gid=1312646253&range=a71
A72: 61 | B72: =QADATA!F78 -> Does your company participate in Corporate Social Responsibility initiatives / activities? | C72: Corporate Social Responsibility (CSR) is a broad concept that can take many forms depending on the company and industry. Through CSR programs and initiatives companies businesses can benefit society as well as the company. It is important that CSR initiatives are monitored and the impact is measured. | F72: ="#gid=1312646253&range=a"&ROW(B72) -> #gid=1312646253&range=a72
A73: 62 | B73: =QADATA!F79 -> Does your company use gifts or hospitality as an accepted practice? | C73: Gifts and hospitality can be (mis)interpreted as corrupt practice if being used for receiving a financial or other commercial benefits in return. It is important in instances where gifts or hospitality are exchanged that it is limited to reasonable and justified expenditures / frequency (this could be stated in the code of conduct). | F73: ="#gid=1312646253&range=a"&ROW(B73) -> #gid=1312646253&range=a73
A74: 63 | B74: What is your company's approach towards Conflicts of Interest? | C74: Conflict of interest should be cleared stated in the company code of conduct. Conflict of interest (actual or perceived) is regarded as unethical behaviour. Suppliers are expected to disclose to UNOPS any situation that may appear as a conflict of interest. | F74: ="#gid=1312646253&range=a"&ROW(B74) -> #gid=1312646253&range=a74
A75: 64 | B75: =QADATA!F81 -> Is your company ever forced or put in a position to make payment outside of the conventional channels to facilitate works? | C75: The UN expects its suppliers to adhere to the highest standards of moral and ethical conduct, to respect local laws and not engage in any form of corrupt practices, including but not limited to extortion, fraud, or bribery. | F75: ="#gid=1312646253&range=a"&ROW(B75) -> #gid=1312646253&range=a75
A76: 65 | B76: =QADATA!F82 -> Does your company engage in the sale or manufacture of anti-personnel mines or components utilised in the manufacture of anti-personnel mines? | C76: The UN expects its suppliers not to engage in the sale or manufacture of anti-personnel mines or components utilized in the manufacture of anti-personnel mines. | F76: ="#gid=1312646253&range=a"&ROW(B76) -> #gid=1312646253&range=a76
A77: 66 | B77: =QADATA!F83 -> Does your company have a policy in place regarding the use of services of current or former UN personnel for the preparation of bid or proposals for the UN? | C77: With regards to the use of services of current or former UN personnel, it is important to be transparent. This will help to avoid and address any concerns regarding conflicts of interest or any other unethical behaviour. Post employment restrictions: Post-employment restrictions may apply to UN staff in service and former UN staff members who participated in the procurement process, if such persons had prior professional dealings with suppliers... | F77: ="#gid=1312646253&range=a"&ROW(B77) -> #gid=1312646253&range=a77
B80: GLOSSARY
B81: =HYPERLINK("http://www.un.org/Depts/mine/UNDocs/ban_trty.htm","Antipersonnel mines") -> Antipersonnel mines | C81: "Mine" means a munition designed to be placed under, on or near the ground or other surface area and to be exploded by the presence, proximity or contact of a person or a vehicle. "Anti-personnel mine" means a mine designed to be exploded by the presence, proximity or contact of a person and that will incapacitate, injure or kill one or more persons. Mines designed to be detonated by the presence, proximity or contact of a vehicle as opposed to a person, that are equipped with anti-handling devices, are not considered anti-personnel mines as a result of being so equipped.
B82: Certified | C82: Certified refers to the process being approved, accredited, verified by an external or 3rd party, who has the authority to approve, accredit.
B83: =HYPERLINK("https://www.ilo.org/ipec/facts/lang--en/index.htm","Child Labour ") -> Child Labour | C83: Child labour is work carried out to the detriment and endangerment of a child, in violation of international law and national legislation. It either deprives children of schooling or requires them to assume the dual burden of schooling and work.
B84: Conflict Minerals | C84: The four most commonly mined minerals Cassiterite (tin), wolframite (tungsten), coltan (tantalum), and gold ore (3TG) are commonly known as Conflict Minerals. In certain areas of the world , where mining of these minerals are mined there is associated human rights violations. These minerals are used in modern electrical appliances, vehicles etc. To ensure responsible supply chain of these highly demandable conflict minerals, OECD has published Due Diligence Guidance, which provide recommendations.
B85: =HYPERLINK("http://www.responsiblemineralsinitiative.org/conflict-minerals-reporting-template/","Conflict Minerals report template") -> Conflict Minerals report template | C85: "The Conflict Minerals Reporting Template is a free, standardized reporting template developed by the Responsible Minerals Initiative that facilitates the transfer of information through the supply chain regarding mineral country of origin and smelters and refiners being utilized. The template also facilitates the identification of new smelters and refiners to potentially undergo an audit via the RMI’s Responsible Minerals Assurance Process."
B86: Conflict of Interest | C86: A conflict of interest occurs when the personal interests of personnel, such as outside activities or relationships or personal financial interests, interfere or appear to interfere with the proper performance of his or her official duties or responsibilities or with the integrity, independence and impartiality required by the individual.
B87: Contract/ Terms of Employment | C87: Contract is written agreement mutually discussed and signed between two parties (the employer and employee). Terms of employment are conditions that an employer and employee agree upon for a job. Terms of employment include an employee's job responsibilities, work days, hours, breaks, dress code, vacation and sick days, pay and more. They also include benefits such as health insurance, life insurance and retirement plans, mostly concerning employment. Contract is important legal arrangement which protects the right of the concerned parties in case of breach of the contract.
B88: Contractors / Subcontractors / 3rd party providers | C88: Third party contractor is either a single entity or group of individuals who provide services or perform works for a business upon mutual agreement with a written contract and without having direct connection with the concerning business entity. There are important differences between the third party contractors and main business organisation on labour law, employment contract and financial terms. Third party contractor may also known as Individual Contractor, Outsourcing supplier or Subcontractor.
B89: Company Conduct | C89: Corporate conduct is set of principles that guide and develop the employee's activities in correspondence with the company's standard and values. It is also known as Code of Ethics. The key principle of corporate conduct may include: Respect for laws and regulation, people, environment and as such.
B90: =HYPERLINK("https://www.unido.org/our-focus/advancing-economic-competitiveness/competitive-trade-capacities-and-corporate-responsibility/corporate-social-responsibility-market-integration/what-csr","CSR") -> CSR | C90: Corporate Social Responsibility considers companies integration of social and environmental concerns in their business operations and interactions with their stakeholders. This should be distinguished between philanthropy.
B91: Environmental Management | C91: Environmental Management is a procedure to develop environmental policies, implement strategic solutions for the environmental problems and monitor the progress and impacts of human / organisations activities on natural environment. Ideally an organisation should have a controlled and planned environmental management system for reducing carbon footprint and pollution of water, air and soil and managing controlled usage of natural resources.
B92: =HYPERLINK("https://www.bmu.de/en/topics/sustainability-international/international-environmental-policy/","Environmental Policy") -> Environmental Policy | C92: Environmental Policy is the commitment to the protection of environment, ecology and wildlife from pollution and human made disaster.
B93: =HYPERLINK("http://www.unwomen.org/en/news/in-focus/csw61/equal-pay","Equal payment ") -> Equal payment | C93: Paying employees the same salary, for the same work. e.g. A woman operating Machine 'A' to be paid the same as a man operating Machine 'A'
B94: Fire Fighting Equipment | C94: Safety equipment (fire extinguisher, hose pipe, fire blanket, smoke alerts, sprinklers, fire alarm) to protect lives and reduce damage from incidents of fire.
B95: First Aid and Training | C95: First Aid refers to the basic medical care provided to a victim during an emergency situation for the purpose of minimising injury from the accident/incident. First Aid training is a course that improves a trainee's skills, techniques and knowledge on safety and emergency situation. It is highly recommended for a business entity to assign personnel with First Aid training and CPR training.
B96: Formal | C96: When referring to a process / procedure / reporting, formal implies that there is a documented procedure, set of instructions, guidance in place.
B97: =HYPERLINK("https://www.un.org/sustainabledevelopment/gender-equality/","Gender Equality") -> Gender Equality | C97: Gender Equality is the fundamental human right and necessary foundation to obtain sustainable development. Gender Equality is the fifth and heart of all Sustainable Development Goals.
B98: Hazardous Material and Category | C98: Hazardous material are dangerous material that creates harm for living organism and surrounding environment. Hazardous material can be radioactive, flammable, explosive, toxic, corrosive, biohazardous, an oxidizer, a pathogen, an allergen that produced as by product from manufacturing or from accidental incidents.
B99: Health & Safety | C99: A health and safety management system are processes and procedures in place to minimise the risk of injury and illness. It involves identifying, assessing, controlling risks to workers in all workplace operations and reducing accidents and exposure to harmful situations and substances. It also includes training of personnel in accident prevention, accident response, emergency preparedness, and use of protective clothing and equipment.
B100: =HYPERLINK("http://www.un.org/en/udhrbook/pdf/udhr_booklet_en_web.pdf","Human Rights") -> Human Rights | C100: All human beings are born free and equal in dignity and rights. They are endowed with reason and conscience and should act towards one another in a spirit of brotherhood. [Article 1 of the United Nations Universal Declaration of Human Rights (UDHR)] Human rights are inherent to all human beings, regardless of race, sex, nationality, ethnicity, language, religion, or any other status. Human rights include the right to life and liberty, freedom from slavery and torture, freedom of opinion and expression, the right to work and education, and many more. Everyone is entitled to these rights, without discrimination.
B101: Inspection | C101: Inspection are conducted to get assurance of appropriate level of protection, maintenance of minimum standard of work, production and services. Inspection also includes reviewing company policy and regulation and provide appropriate recommendation for further improvement.
B102: =HYPERLINK("https://committee.iso.org/iso-9001-quality-management.html","ISO 9000") -> ISO 9000 | C102: ISO (International organisation for Standardization) 9000 provides guidance and tools about quality management and standards for companies and organisation (regardless of their size and area of activity) to ensure the products and services meets the quality.
...

Sheet ASSESSMENT
C2: HIDE THIS COL | F2: CONFIDENTIAL | J2: Legend | W2: HIDE THIS PART - DOESN'T EVER NEED TO BE UNHIDDEN. ANSWERS FROM HERE ARE FED FROM THE Q&A SHEET
F3: DRiVE Supplier Sustainability Questionnaire Assesment | J3: HIGH
F4: VENDOR NAME: | G4: =PROFILE!G27 -> 0 | J4: MEDIUM-HIGH
F5: DATE OF COMPLETION: | G5: =PROFILE!I47 -> 0 | J5: LOW-MEDIUM
F6: TENDER REFERENCE: | G6: ITB/1234/7891 | J6: LOW
F7: QUESTIONNAIRE RISK | G7: =G20 -> HIGH
C9: SECTION REF | F9: SECTION | G9: Risk Level per Category (Description) Low / Low - Medium / Medium - High / High | H9: Risk Level per Category (Score) | I9: Category Adherence (As a % of Low Risk) | J9: PSC Pre-Qualification Score out of 10 | O9: =I10 -> 0 | Q9: =J10 -> 0
C10: POLICY | F10: POLICY | G10: =IF(H10<1.5,"LOW",IF(H10<2.5,"LOW - MEDIUM",IF(H10<3.5,"MEDIUM - HIGH",IF(H10>=3.5,"HIGH")))) -> HIGH | H10: =SUMIF($C$25:$C$99,$C10,$H$25:$H$99) / COUNTIF($C$25:$C$99,$C10) -> 4 | I10: =(4-H10)/3 -> 0 | J10: =I10 -> 0 | O10: =I11 -> 0 | Q10: =J11 -> 0
C11: MGMTSYS | F11: MANAGEMENT SYSTEMS | G11: =IF(H11<1.5,"LOW",IF(H11<2.5,"LOW - MEDIUM",IF(H11<3.5,"MEDIUM - HIGH",IF(H11>=3.5,"HIGH")))) -> HIGH | H11: =SUMIF($C$25:$C$99,$C11,$H$25:$H$99) / COUNTIF($C$25:$C$99,$C11) -> 4 | I11: =(4-H11)/3 -> 0 | J11: =I11 -> 0 | O11: =I12 -> 0 | Q11: =J12 -> 0
C12: HUMRHGTS | F12: HUMAN RIGHTS | G12: =IF(H12<1.5,"LOW",IF(H12<2.5,"LOW - MEDIUM",IF(H12<3.5,"MEDIUM - HIGH",IF(H12>=3.5,"HIGH")))) -> HIGH | H12: =SUMIF($C$25:$C$99,$C12,$H$25:$H$99) / COUNTIF($C$25:$C$99,$C12) -> 4 | I12: =(4-H12)/3 -> 0 | J12: =I12 -> 0 | O12: =I13 -> 0 | Q12: =J13 -> 0
C13: LABSTDS | F13: LABOUR STANDARDS | G13: =IF(H13<1.5,"LOW",IF(H13<2.5,"LOW - MEDIUM",IF(H13<3.5,"MEDIUM - HIGH",IF(H13>=3.5,"HIGH")))) -> HIGH | H13: =SUMIF($C$25:$C$99,$C13,$H$25:$H$99) / COUNTIF($C$25:$C$99,$C13) -> 4 | I13: =(4-H13)/3 -> 0 | J13: =I13 -> 0 | O13: =I14 -> 0 | Q13: =J14 -> 0
C14: EQOPP | F14: EQUAL OPPORTUNITY | G14: =IF(H14<1.5,"LOW",IF(H14<2.5,"LOW - MEDIUM",IF(H14<3.5,"MEDIUM - HIGH",IF(H14>=3.5,"HIGH")))) -> HIGH | H14: =SUMIF($C$25:$C$99,$C14,$H$25:$H$99) / COUNTIF($C$25:$C$99,$C14) -> 4 | I14: =(4-H14)/3 -> 0 | J14: =I14 -> 0 | O14: =I15 -> 0 | Q14: =J15 -> 0
C15: QUMGMT | F15: QUALITY MANAGEMENT | G15: =IF(H15<1.5,"LOW",IF(H15<2.5,"LOW - MEDIUM",IF(H15<3.5,"MEDIUM - HIGH",IF(H15>=3.5,"HIGH")))) -> HIGH | H15: =SUMIF($C$25:$C$99,$C15,$H$25:$H$99) / COUNTIF($C$25:$C$99,$C15) -> 4 | I15: =(4-H15)/3 -> 0 | J15: =I15 -> 0 | O15: =I16 -> 0 | Q15: =J16 -> 0
C16: ENVMGMT | F16: ENVIRONMENTAL MANAGEMENT | G16: =IF(H16<1.5,"LOW",IF(H16<2.5,"LOW - MEDIUM",IF(H16<3.5,"MEDIUM - HIGH",IF(H16>=3.5,"HIGH")))) -> HIGH | H16: =SUMIF($C$25:$C$99,$C16,$H$25:$H$99) / COUNTIF($C$25:$C$99,$C16) -> 4 | I16: =(4-H16)/3 -> 0 | J16: =I16 -> 0 | O16: =I17 -> 0 | Q16: =J17 -> 0
C17: HS | F17: HEALTH & SAFETY | G17: =IF(H17<1.5,"LOW",IF(H17<2.5,"LOW - MEDIUM",IF(H17<3.5,"MEDIUM - HIGH",IF(H17>=3.5,"HIGH")))) -> HIGH | H17: =SUMIF($C$25:$C$99,$C17,$H$25:$H$99) / COUNTIF($C$25:$C$99,$C17) -> 4 | I17: =(4-H17)/3 -> 0 | J17: =I17 -> 0 | O17: =I18 -> 0 | Q17: =J18 -> 0
C18: CONT | F18: CONTRACTORS / SUBCONTRACTORS | G18: =IF(H18<1.5,"LOW",IF(H18<2.5,"LOW - MEDIUM",IF(H18<3.5,"MEDIUM - HIGH",IF(H18>=3.5,"HIGH")))) -> HIGH | H18: =SUMIF($C$25:$C$99,$C18,$H$25:$H$99) / COUNTIF($C$25:$C$99,$C18) -> 4 | I18: =(4-H18)/3 -> 0 | J18: =I18 -> 0 | M18: ="Average risk level - equal weighting by question: "&AVERAGE(H25:H99) -> Average risk level - equal weighting by question: 4 | O18: =I19 -> 0 | Q18: =J19 -> 0
C19: CONDUCT | F19: COMPANY CONDUCT | G19: =IF(H19<1.5,"LOW",IF(H19<2.5,"LOW - MEDIUM",IF(H19<3.5,"MEDIUM - HIGH",IF(H19>=3.5,"HIGH")))) -> HIGH | H19: =SUMIF($C$25:$C$99,$C19,$H$25:$H$99) / COUNTIF($C$25:$C$99,$C19) -> 4 | I19: =(4-H19)/3 -> 0 | J19: =I19 -> 0 | M19: ="Average risk level - equal weighting by section: "&AVERAGE(H10:H19) -> Average risk level - equal weighting by section: 4 | O19: =I20 -> 0 | P19: =I20 -> 0 | Q19: =J20 -> 0 | R19: =J20 -> 0
F20: TOTAL | G20: =IF(H20<1.5,"LOW",IF(H20<2.5,"LOW - MEDIUM",IF(H20<3.5,"MEDIUM - HIGH",IF(H20>=3.5,"HIGH")))) -> HIGH | H20: =AVERAGE(H25:H99) -> 4 | I20: =(4-H20)/3 -> 0 | J20: =SUM(J10:J19) -> 0
M21: TOOL KIT (Pillar 3) | R21: =G21 -> 0 | X21: LOW | Y21: LOW TO MEDIUM | Z21: MEDIUM TO HIGH | AA21: HIGH | AB21: Not selected
C22: SECTION | D22: QUESTION# | F22: =PROFILE!F21 -> 0 | G22: RESPONSE FROM VENDOR | H22: Risk Level per Question (Score) | I22: Risk Level per Question (Description) | J22: VENDOR ADDITIONAL COMMENTS | M22: VALIDATION & REMEDIATION ACTION PLAN | W22: Q | X22: 1 | Y22: 2 | Z22: 3 | AA22: 4 | AB22: 4
D23: =HELP!A1 -> 0 | F23: A glossary, additional definition and resources are at the bottom of this page | M23: The points below are for reference when engaging the supplier during contract management for areas identified for improvement or for validation
D24: A | F24: =VLOOKUP($D24,QADATA!$D$8:$K$83,3,FALSE) -> POLICY | W24: =D24 -> A
C25: POLICY | D25: 1 | F25: =VLOOKUP($D25,QADATA!$D$8:$K$83,3,FALSE) -> Does your company have a Freedom of Association and Right to Collective Bargaining policy in place? | G25: =VLOOKUP(D25,QUESTIONNAIRE!$C$7:$H$81,5,FALSE) -> 0 | H25: =IF(G25=X25, $X$22, IF(G25=Y25, $Y$22, IF(G25=Z25,$Z$22, IF(G25=AA25,$AA$22, $AB$22)))) -> 4 | I25: =IF(G25=X25, $X$21, IF(G25=Y25, $Y$21, IF(G25=Z25,$Z$21, IF(G25=AA25,$AA$21, $AB$21)))) -> Not selected | J25: =IF(VLOOKUP(D25,QUESTIONNAIRE!$C$7:$H$81,6,FALSE)="","",VLOOKUP(D25,QUESTIONNAIRE!$C$7:$H$81,6,FALSE)) | M25: {=IF(I25="Not selected","Question left blank",INDEX(ACTION!$A$7:$E100,MATCH($D25,ACTION!$A$7:$A100),MATCH($H25,ACTION!$A$5:$E$5)))} -> Question left blank | W25: =D25 -> 1 | X25: =VLOOKUP($W25,QADATA!$D$9:$K$83,4,FALSE) -> Yes - for more than 3 years | Y25: =VLOOKUP($W25,QADATA!$D$9:$K$83,5,FALSE) -> Yes - for less than 3 years | Z25: =VLOOKUP($W25,QADATA!$D$9:$K$83,6,FALSE) -> Referred to in another policy | AA25: =VLOOKUP($W25,QADATA!$D$9:$K$83,7,FALSE) -> No policy in place | AB25: =VLOOKUP($W25,QADATA!$D$9:$K$83,8,FALSE) -> 0
C26: POLICY | D26: 2 | F26: =VLOOKUP($D26,QADATA!$D$8:$K$83,3,FALSE) -> Does your company have a Wages, Working Hours and Other Conditions of Work policy in place? | G26: =VLOOKUP(D26,QUESTIONNAIRE!$C$7:$H$81,5,FALSE) -> 0 | H26: =IF(G26=X26, $X$22, IF(G26=Y26, $Y$22, IF(G26=Z26,$Z$22, IF(G26=AA26,$AA$22, $AB$22)))) -> 4 | I26: =IF(G26=X26, $X$21, IF(G26=Y26, $Y$21, IF(G26=Z26,$Z$21, IF(G26=AA26,$AA$21, $AB$21)))) -> Not selected | J26: =IF(VLOOKUP(D26,QUESTIONNAIRE!$C$7:$H$81,6,FALSE)="","",VLOOKUP(D26,QUESTIONNAIRE!$C$7:$H$81,6,FALSE)) | M26: {=IF(I26="Not selected","Question left blank",INDEX(ACTION!$A$7:$E100,MATCH($D26,ACTION!$A$7:$A100),MATCH($H26,ACTION!$A$5:$E$5)))} -> Question left blank | W26: =D26 -> 2 | X26: =VLOOKUP($W26,QADATA!$D$9:$K$83,4,FALSE) -> Yes - for more than 3 years | Y26: =VLOOKUP($W26,QADATA!$D$9:$K$83,5,FALSE) -> Yes - for less than 3 years | Z26: =VLOOKUP($W26,QADATA!$D$9:$K$83,6,FALSE) -> Referred to in another policy | AA26: =VLOOKUP($W26,QADATA!$D$9:$K$83,7,FALSE) -> No policy in place | AB26: =VLOOKUP($W26,QADATA!$D$9:$K$83,8,FALSE) -> 0
C27: POLICY | D27: 3 | F27: =VLOOKUP($D27,QADATA!$D$8:$K$83,3,FALSE) -> Does your company have a Forced and Compulsory Labour policy in place? | G27: =VLOOKUP(D27,QUESTIONNAIRE!$C$7:$H$81,5,FALSE) -> 0 | H27: =IF(G27=X27, $X$22, IF(G27=Y27, $Y$22, IF(G27=Z27,$Z$22, IF(G27=AA27,$AA$22, $AB$22)))) -> 4 | I27: =IF(G27=X27, $X$21, IF(G27=Y27, $Y$21, IF(G27=Z27,$Z$21, IF(G27=AA27,$AA$21, $AB$21)))) -> Not selected | J27: =IF(VLOOKUP(D27,QUESTIONNAIRE!$C$7:$H$81,6,FALSE)="","",VLOOKUP(D27,QUESTIONNAIRE!$C$7:$H$81,6,FALSE)) | M27: {=IF(I27="Not selected","Question left blank",INDEX(ACTION!$A$7:$E100,MATCH($D27,ACTION!$A$7:$A100),MATCH($H27,ACTION!$A$5:$E$5)))} -> Question left blank | W27: =D27 -> 3 | X27: =VLOOKUP($W27,QADATA!$D$9:$K$83,4,FALSE) -> Yes - for more than 3 years | Y27: =VLOOKUP($W27,QADATA!$D$9:$K$83,5,FALSE) -> Yes - for less than 3 years | Z27: =VLOOKUP($W27,QADATA!$D$9:$K$83,6,FALSE) -> Referred to in another policy | AA27: =VLOOKUP($W27,QADATA!$D$9:$K$83,7,FALSE) -> No policy in place | AB27: =VLOOKUP($W27,QADATA!$D$9:$K$83,8,FALSE) -> 0
C28: POLICY | D28: 4 | F28: =VLOOKUP($D28,QADATA!$D$8:$K$83,3,FALSE) -> Does your company have a Child Labour policy in place? | G28: =VLOOKUP(D28,QUESTIONNAIRE!$C$7:$H$81,5,FALSE) -> 0 | H28: =IF(G28=X28, $X$22, IF(G28=Y28, $Y$22, IF(G28=Z28,$Z$22, IF(G28=AA28,$AA$22, $AB$22)))) -> 4 | I28: =IF(G28=X28, $X$21, IF(G28=Y28, $Y$21, IF(G28=Z28,$Z$21, IF(G28=AA28,$AA$21, $AB$21)))) -> Not selected | J28: =IF(VLOOKUP(D28,QUESTIONNAIRE!$C$7:$H$81,6,FALSE)="","",VLOOKUP(D28,QUESTIONNAIRE!$C$7:$H$81,6,FALSE)) | M28: {=IF(I28="Not selected","Question left blank",INDEX(ACTION!$A$7:$E100,MATCH($D28,ACTION!$A$7:$A100),MATCH($H28,ACTION!$A$5:$E$5)))} -> Question left blank | W28: =D28 -> 4 | X28: =VLOOKUP($W28,QADATA!$D$9:$K$83,4,FALSE) -> Yes - for more than 3 years | Y28: =VLOOKUP($W28,QADATA!$D$9:$K$83,5,FALSE) -> Yes - for less than 3 years | Z28: =VLOOKUP($W28,QADATA!$D$9:$K$83,6,FALSE) -> Referred to in another policy | AA28: =VLOOKUP($W28,QADATA!$D$9:$K$83,7,FALSE) -> No policy in place | AB28: =VLOOKUP($W28,QADATA!$D$9:$K$83,8,FALSE) -> 0
C29: POLICY | D29: 5 | F29: =VLOOKUP($D29,QADATA!$D$8:$K$83,3,FALSE) -> Does your company have an Anti Discrimination policy in place? | G29: =VLOOKUP(D29,QUESTIONNAIRE!$C$7:$H$81,5,FALSE) -> 0 | H29: =IF(G29=X29, $X$22, IF(G29=Y29, $Y$22, IF(G29=Z29,$Z$22, IF(G29=AA29,$AA$22, $AB$22)))) -> 4 | I29: =IF(G29=X29, $X$21, IF(G29=Y29, $Y$21, IF(G29=Z29,$Z$21, IF(G29=AA29,$AA$21, $AB$21)))) -> Not selected | J29: =IF(VLOOKUP(D29,QUESTIONNAIRE!$C$7:$H$81,6,FALSE)="","",VLOOKUP(D29,QUESTIONNAIRE!$C$7:$H$81,6,FALSE)) | M29: {=IF(I29="Not selected","Question left blank",INDEX(ACTION!$A$7:$E100,MATCH($D29,ACTION!$A$7:$A100),MATCH($H29,ACTION!$A$5:$E$5)))} -> Question left blank | W29: =D29 -> 5 | X29: =VLOOKUP($W29,QADATA!$D$9:$K$83,4,FALSE) -> Yes - for more than 3 years | Y29: =VLOOKUP($W29,QADATA!$D$9:$K$83,5,FALSE) -> Yes - for less than 3 years | Z29: =VLOOKUP($W29,QADATA!$D$9:$K$83,6,FALSE) -> Referred to in another policy | AA29: =VLOOKUP($W29,QADATA!$D$9:$K$83,7,FALSE) -> No policy in place | AB29: =VLOOKUP($W29,QADATA!$D$9:$K$83,8,FALSE) -> 0
C30: POLICY | D30: 6 | F30: =VLOOKUP($D30,QADATA!$D$8:$K$83,3,FALSE) -> Does your company have a Quality Management Policy in place? | G30: =VLOOKUP(D30,QUESTIONNAIRE!$C$7:$H$81,5,FALSE) -> 0 | H30: =IF(G30=X30, $X$22, IF(G30=Y30, $Y$22, IF(G30=Z30,$Z$22, IF(G30=AA30,$AA$22, $AB$22)))) -> 4 | I30: =IF(G30=X30, $X$21, IF(G30=Y30, $Y$21, IF(G30=Z30,$Z$21, IF(G30=AA30,$AA$21, $AB$21)))) -> Not selected | J30: =IF(VLOOKUP(D30,QUESTIONNAIRE!$C$7:$H$81,6,FALSE)="","",VLOOKUP(D30,QUESTIONNAIRE!$C$7:$H$81,6,FALSE)) | M30: {=IF(I30="Not selected","Question left blank",INDEX(ACTION!$A$7:$E100,MATCH($D30,ACTION!$A$7:$A100),MATCH($H30,ACTION!$A$5:$E$5)))} -> Question left blank | W30: =D30 -> 6 | X30: =VLOOKUP($W30,QADATA!$D$9:$K$83,4,FALSE) -> Yes - for more than 3 years | Y30: =VLOOKUP($W30,QADATA!$D$9:$K$83,5,FALSE) -> Yes - for less than 3 years | Z30: =VLOOKUP($W30,QADATA!$D$9:$K$83,6,FALSE) -> Referred to in another policy | AA30: =VLOOKUP($W30,QADATA!$D$9:$K$83,7,FALSE) -> No policy in place | AB30: =VLOOKUP($W30,QADATA!$D$9:$K$83,8,FALSE) -> 0
C31: POLICY | D31: 7 | F31: =VLOOKUP($D31,QADATA!$D$8:$K$83,3,FALSE) -> Does your company have an Environmental Policy in place? | G31: =VLOOKUP(D31,QUESTIONNAIRE!$C$7:$H$81,5,FALSE) -> 0 | H31: =IF(G31=X31, $X$22, IF(G31=Y31, $Y$22, IF(G31=Z31,$Z$22, IF(G31=AA31,$AA$22, $AB$22)))) -> 4 | I31: =IF(G31=X31, $X$21, IF(G31=Y31, $Y$21, IF(G31=Z31,$Z$21, IF(G31=AA31,$AA$21, $AB$21)))) -> Not selected | J31: =IF(VLOOKUP(D31,QUESTIONNAIRE!$C$7:$H$81,6,FALSE)="","",VLOOKUP(D31,QUESTIONNAIRE!$C$7:$H$81,6,FALSE)) | M31: {=IF(I31="Not selected","Question left blank",INDEX(ACTION!$A$7:$E100,MATCH($D31,ACTION!$A$7:$A100),MATCH($H31,ACTION!$A$5:$E$5)))} -> Question left blank | W31: =D31 -> 7 | X31: =VLOOKUP($W31,QADATA!$D$9:$K$83,4,FALSE) -> Yes - for more than 3 years | Y31: =VLOOKUP($W31,QADATA!$D$9:$K$83,5,FALSE) -> Yes - for less than 3 years | Z31: =VLOOKUP($W31,QADATA!$D$9:$K$83,6,FALSE) -> Referred to in another policy | AA31: =VLOOKUP($W31,QADATA!$D$9:$K$83,7,FALSE) -> No policy in place | AB31: =VLOOKUP($W31,QADATA!$D$9:$K$83,8,FALSE) -> 0
C32: POLICY | D32: 8 | F32: =VLOOKUP($D32,QADATA!$D$8:$K$83,3,FALSE) -> Does your company have a Health and Safety policy in place? | G32: =VLOOKUP(D32,QUESTIONNAIRE!$C$7:$H$81,5,FALSE) -> 0 | H32: =IF(G32=X32, $X$22, IF(G32=Y32, $Y$22, IF(G32=Z32,$Z$22, IF(G32=AA32,$AA$22, $AB$22)))) -> 4 | I32: =IF(G32=X32, $X$21, IF(G32=Y32, $Y$21, IF(G32=Z32,$Z$21, IF(G32=AA32,$AA$21, $AB$21)))) -> Not selected | J32: =IF(VLOOKUP(D32,QUESTIONNAIRE!$C$7:$H$81,6,FALSE)="","",VLOOKUP(D32,QUESTIONNAIRE!$C$7:$H$81,6,FALSE)) | M32: {=IF(I32="Not selected","Question left blank",INDEX(ACTION!$A$7:$E100,MATCH($D32,ACTION!$A$7:$A100),MATCH($H32,ACTION!$A$5:$E$5)))} -> Question left blank | W32: =D32 -> 8 | X32: =VLOOKUP($W32,QADATA!$D$9:$K$83,4,FALSE) -> Yes - for more than 3 years | Y32: =VLOOKUP($W32,QADATA!$D$9:$K$83,5,FALSE) -> Yes - for less than 3 years | Z32: =VLOOKUP($W32,QADATA!$D$9:$K$83,6,FALSE) -> Referred to in another policy | AA32: =VLOOKUP($W32,QADATA!$D$9:$K$83,7,FALSE) -> No policy in place | AB32: =VLOOKUP($W32,QADATA!$D$9:$K$83,8,FALSE) -> 0
C33: POLICY | D33: 9 | F33: =VLOOKUP($D33,QADATA!$D$8:$K$83,3,FALSE) -> Does your company have a Code of Conduct (or ethical conduct policy)? | G33: =VLOOKUP(D33,QUESTIONNAIRE!$C$7:$H$81,5,FALSE) -> 0 | H33: =IF(G33=X33, $X$22, IF(G33=Y33, $Y$22, IF(G33=Z33,$Z$22, IF(G33=AA33,$AA$22, $AB$22)))) -> 4 | I33: =IF(G33=X33, $X$21, IF(G33=Y33, $Y$21, IF(G33=Z33,$Z$21, IF(G33=AA33,$AA$21, $AB$21)))) -> Not selected | J33: =IF(VLOOKUP(D33,QUESTIONNAIRE!$C$7:$H$81,6,FALSE)="","",VLOOKUP(D33,QUESTIONNAIRE!$C$7:$H$81,6,FALSE)) | M33: {=IF(I33="Not selected","Question left blank",INDEX(ACTION!$A$7:$E100,MATCH($D33,ACTION!$A$7:$A100),MATCH($H33,ACTION!$A$5:$E$5)))} -> Question left blank | W33: =D33 -> 9 | X33: =VLOOKUP($W33,QADATA!$D$9:$K$83,4,FALSE) -> Yes - for more than 3 years | Y33: =VLOOKUP($W33,QADATA!$D$9:$K$83,5,FALSE) -> Yes - for less than 3 years | Z33: =VLOOKUP($W33,QADATA!$D$9:$K$83,6,FALSE) -> Referred to in another policy | AA33: =VLOOKUP($W33,QADATA!$D$9:$K$83,7,FALSE) -> No policy in place | AB33: =VLOOKUP($W33,QADATA!$D$9:$K$83,8,FALSE) -> 0
C34: POLICY | D34: 10 | F34: =VLOOKUP($D34,QADATA!$D$8:$K$83,3,FALSE) -> Does your company have a Corporate Social Responsibility policy? | G34: =VLOOKUP(D34,QUESTIONNAIRE!$C$7:$H$81,5,FALSE) -> 0 | H34: =IF(G34=X34, $X$22, IF(G34=Y34, $Y$22, IF(G34=Z34,$Z$22, IF(G34=AA34,$AA$22, $AB$22)))) -> 4 | I34: =IF(G34=X34, $X$21, IF(G34=Y34, $Y$21, IF(G34=Z34,$Z$21, IF(G34=AA34,$AA$21, $AB$21)))) -> Not selected | J34: =IF(VLOOKUP(D34,QUESTIONNAIRE!$C$7:$H$81,6,FALSE)="","",VLOOKUP(D34,QUESTIONNAIRE!$C$7:$H$81,6,FALSE)) | M34: {=IF(I34="Not selected","Question left blank",INDEX(ACTION!$A$7:$E100,MATCH($D34,ACTION!$A$7:$A100),MATCH($H34,ACTION!$A$5:$E$5)))} -> Question left blank | W34: =D34 -> 10 | X34: =VLOOKUP($W34,QADATA!$D$9:$K$83,4,FALSE) -> Yes - for more than 3 years | Y34: =VLOOKUP($W34,QADATA!$D$9:$K$83,5,FALSE) -> Yes - for less than 3 years | Z34: =VLOOKUP($W34,QADATA!$D$9:$K$83,6,FALSE) -> Referred to in another policy | AA34: =VLOOKUP($W34,QADATA!$D$9:$K$83,7,FALSE) -> No policy in place | AB34: =VLOOKUP($W34,QADATA!$D$9:$K$83,8,FALSE) -> 0
C35: POLICY | D35: 11 | F35: =VLOOKUP($D35,QADATA!$D$8:$K$83,3,FALSE) -> Does your company have a policy related to conflict minerals? | G35: =VLOOKUP(D35,QUESTIONNAIRE!$C$7:$H$81,5,FALSE) -> 0 | H35: =IF(G35=X35, $X$22, IF(G35=Y35, $Y$22, IF(G35=Z35,$Z$22, IF(G35=AA35,$AA$22, $AB$22)))) -> 4 | I35: =IF(G35=X35, $X$21, IF(G35=Y35, $Y$21, IF(G35=Z35,$Z$21, IF(G35=AA35,$AA$21, $AB$21)))) -> Not selected | J35: =IF(VLOOKUP(D35,QUESTIONNAIRE!$C$7:$H$81,6,FALSE)="","",VLOOKUP(D35,QUESTIONNAIRE!$C$7:$H$81,6,FALSE)) | M35: {=IF(I35="Not selected","Question left blank",INDEX(ACTION!$A$7:$E100,MATCH($D35,ACTION!$A$7:$A100),MATCH($H35,ACTION!$A$5:$E$5)))} -> Question left blank | W35: =D35 -> 11 | X35: =VLOOKUP($W35,QADATA!$D$9:$K$83,4,FALSE) -> Yes - for more than 3 years (or Not Applicable to your sector) | Y35: =VLOOKUP($W35,QADATA!$D$9:$K$83,5,FALSE) -> Yes - for less than 3 years | Z35: =VLOOKUP($W35,QADATA!$D$9:$K$83,6,FALSE) -> Referred to in another policy | AA35: =VLOOKUP($W35,QADATA!$D$9:$K$83,7,FALSE) -> No policy in place | AB35: =VLOOKUP($W35,QADATA!$D$9:$K$83,8,FALSE) -> 0
D36: B | F36: =VLOOKUP($D36,QADATA!$D$8:$K$83,3,FALSE) -> MANAGEMENT SYSTEMS | W36: =D36 -> B | X36: =VLOOKUP($W36,QADATA!$D$9:$K$83,4,FALSE) -> 0 | Y36: =VLOOKUP($W36,QADATA!$D$9:$K$83,5,FALSE) -> 0 | Z36: =VLOOKUP($W36,QADATA!$D$9:$K$83,6,FALSE) -> 0 | AA36: =VLOOKUP($W36,QADATA!$D$9:$K$83,7,FALSE) -> 0 | AB36: =VLOOKUP($W36,QADATA!$D$9:$K$83,8,FALSE) -> 0
C37: MGMTSYS | D37: 12 | F37: =VLOOKUP($D37,QADATA!$D$8:$K$83,3,FALSE) -> Does your company have a certified formal, documented Quality Management System? | G37: =VLOOKUP(D37,QUESTIONNAIRE!$C$7:$H$81,5,FALSE) -> 0 | H37: =IF(G37=X37, $X$22, IF(G37=Y37, $Y$22, IF(G37=Z37,$Z$22, IF(G37=AA37,$AA$22, $AB$22)))) -> 4 | I37: =IF(G37=X37, $X$21, IF(G37=Y37, $Y$21, IF(G37=Z37,$Z$21, IF(G37=AA37,$AA$21, $AB$21)))) -> Not selected | J37: =IF(VLOOKUP(D37,QUESTIONNAIRE!$C$7:$H$81,6,FALSE)="","",VLOOKUP(D37,QUESTIONNAIRE!$C$7:$H$81,6,FALSE)) | M37: {=IF(I37="Not selected","Question left blank",INDEX(ACTION!$A$7:$E100,MATCH($D37,ACTION!$A$7:$A100),MATCH($H37,ACTION!$A$5:$E$5)))} -> Question left blank | W37: =D37 -> 12 | X37: =VLOOKUP($W37,QADATA!$D$9:$K$83,4,FALSE) -> Yes - such as ISO or similar and certified by a independent third party | Y37: =VLOOKUP($W37,QADATA!$D$9:$K$83,5,FALSE) -> Yes - Documented but not certified | Z37: =VLOOKUP($W37,QADATA!$D$9:$K$83,6,FALSE) -> Informal (undocumented) process | AA37: =VLOOKUP($W37,QADATA!$D$9:$K$83,7,FALSE) -> No Quality Management System in place | AB37: =VLOOKUP($W37,QADATA!$D$9:$K$83,8,FALSE) -> 0
C38: MGMTSYS | D38: 13 | F38: =VLOOKUP($D38,QADATA!$D$8:$K$83,3,FALSE) -> Does your company have a certified formal, documented Environmental Management System? | G38: =VLOOKUP(D38,QUESTIONNAIRE!$C$7:$H$81,5,FALSE) -> 0 | H38: =IF(G38=X38, $X$22, IF(G38=Y38, $Y$22, IF(G38=Z38,$Z$22, IF(G38=AA38,$AA$22, $AB$22)))) -> 4 | I38: =IF(G38=X38, $X$21, IF(G38=Y38, $Y$21, IF(G38=Z38,$Z$21, IF(G38=AA38,$AA$21, $AB$21)))) -> Not selected | J38: =IF(VLOOKUP(D38,QUESTIONNAIRE!$C$7:$H$81,6,FALSE)="","",VLOOKUP(D38,QUESTIONNAIRE!$C$7:$H$81,6,FALSE)) | M38: {=IF(I38="Not selected","Question left blank",INDEX(ACTION!$A$7:$E100,MATCH($D38,ACTION!$A$7:$A100),MATCH($H38,ACTION!$A$5:$E$5)))} -> Question left blank | W38: =D38 -> 13 | X38: =VLOOKUP($W38,QADATA!$D$9:$K$83,4,FALSE) -> Yes - such as ISO or similar and certified by a independent third party | Y38: =VLOOKUP($W38,QADATA!$D$9:$K$83,5,FALSE) -> Yes - Documented but not certified | Z38: =VLOOKUP($W38,QADATA!$D$9:$K$83,6,FALSE) -> Informal (undocumented) process | AA38: =VLOOKUP($W38,QADATA!$D$9:$K$83,7,FALSE) -> No Environmental Management System in place | AB38: =VLOOKUP($W38,QADATA!$D$9:$K$83,8,FALSE) -> 0
C39: MGMTSYS | D39: 14 | F39: =VLOOKUP($D39,QADATA!$D$8:$K$83,3,FALSE) -> Does your company have a certified formal, documented Health and Safety Management System? | G39: =VLOOKUP(D39,QUESTIONNAIRE!$C$7:$H$81,5,FALSE) -> 0 | H39: =IF(G39=X39, $X$22, IF(G39=Y39, $Y$22, IF(G39=Z39,$Z$22, IF(G39=AA39,$AA$22, $AB$22)))) -> 4 | I39: =IF(G39=X39, $X$21, IF(G39=Y39, $Y$21, IF(G39=Z39,$Z$21, IF(G39=AA39,$AA$21, $AB$21)))) -> Not selected | J39: =IF(VLOOKUP(D39,QUESTIONNAIRE!$C$7:$H$81,6,FALSE)="","",VLOOKUP(D39,QUESTIONNAIRE!$C$7:$H$81,6,FALSE)) | M39: {=IF(I39="Not selected","Question left blank",INDEX(ACTION!$A$7:$E100,MATCH($D39,ACTION!$A$7:$A100),MATCH($H39,ACTION!$A$5:$E$5)))} -> Question left blank | W39: =D39 -> 14 | X39: =VLOOKUP($W39,QADATA!$D$9:$K$83,4,FALSE) -> Yes - such as ISO or similar and certified by a independent third party | Y39: =VLOOKUP($W39,QADATA!$D$9:$K$83,5,FALSE) -> Yes - Documented but not certified | Z39: =VLOOKUP($W39,QADATA!$D$9:$K$83,6,FALSE) -> Informal (undocumented) process | AA39: =VLOOKUP($W39,QADATA!$D$9:$K$83,7,FALSE) -> No Health & Safety Management System in place | AB39: =VLOOKUP($W39,QADATA!$D$9:$K$83,8,FALSE) -> 0
D40: C | F40: =VLOOKUP($D40,QADATA!$D$8:$K$83,3,FALSE) -> HUMAN RIGHTS | W40: =D40 -> C | X40: =VLOOKUP($W40,QADATA!$D$9:$K$83,4,FALSE) -> 0 | Y40: =VLOOKUP($W40,QADATA!$D$9:$K$83,5,FALSE) -> 0 | Z40: =VLOOKUP($W40,QADATA!$D$9:$K$83,6,FALSE) -> 0 | AA40: =VLOOKUP($W40,QADATA!$D$9:$K$83,7,FALSE) -> 0 | AB40: =VLOOKUP($W40,QADATA!$D$9:$K$83,8,FALSE) -> 0
C41: HUMRHGTS | D41: 15 | F41: =VLOOKUP($D41,QADATA!$D$8:$K$83,3,FALSE) -> Does your company have a framework / procedures in place to commit to the UN Guiding principles for Business & Human Rights? | G41: =VLOOKUP(D41,QUESTIONNAIRE!$C$7:$H$81,5,FALSE) -> 0 | H41: =IF(G41=X41, $X$22, IF(G41=Y41, $Y$22, IF(G41=Z41,$Z$22, IF(G41=AA41,$AA$22, $AB$22)))) -> 4 | I41: =IF(G41=X41, $X$21, IF(G41=Y41, $Y$21, IF(G41=Z41,$Z$21, IF(G41=AA41,$AA$21, $AB$21)))) -> Not selected | J41: =IF(VLOOKUP(D41,QUESTIONNAIRE!$C$7:$H$81,6,FALSE)="","",VLOOKUP(D41,QUESTIONNAIRE!$C$7:$H$81,6,FALSE)) | M41: {=IF(I41="Not selected","Question left blank",INDEX(ACTION!$A$7:$E100,MATCH($D41,ACTION!$A$7:$A100),MATCH($H41,ACTION!$A$5:$E$5)))} -> Question left blank | W41: =D41 -> 15 | X41: =VLOOKUP($W41,QADATA!$D$9:$K$83,4,FALSE) -> Yes - We have a documented procedure in place that is implemented, reported & reviewed | Y41: =VLOOKUP($W41,QADATA!$D$9:$K$83,5,FALSE) -> Yes - We have a documented procedure in place. But it is not reported upon | Z41: =VLOOKUP($W41,QADATA!$D$9:$K$83,6,FALSE) -> We have informal procedures, with no or limited documentation | AA41: =VLOOKUP($W41,QADATA!$D$9:$K$83,7,FALSE) -> No we do not | AB41: =VLOOKUP($W41,QADATA!$D$9:$K$83,8,FALSE) -> 0
C42: HUMRHGTS | D42: 16 | F42: =VLOOKUP($D42,QADATA!$D$8:$K$83,3,FALSE) -> Does your company have a mechanism for preventing, reporting and investigating cases of Human Rights abuses? | G42: =VLOOKUP(D42,QUESTIONNAIRE!$C$7:$H$81,5,FALSE) -> 0 | H42: =IF(G42=X42, $X$22, IF(G42=Y42, $Y$22, IF(G42=Z42,$Z$22, IF(G42=AA42,$AA$22, $AB$22)))) -> 4 | I42: =IF(G42=X42, $X$21, IF(G42=Y42, $Y$21, IF(G42=Z42,$Z$21, IF(G42=AA42,$AA$21, $AB$21)))) -> Not selected | J42: =IF(VLOOKUP(D42,QUESTIONNAIRE!$C$7:$H$81,6,FALSE)="","",VLOOKUP(D42,QUESTIONNAIRE!$C$7:$H$81,6,FALSE)) | M42: {=IF(I42="Not selected","Question left blank",INDEX(ACTION!$A$7:$E100,MATCH($D42,ACTION!$A$7:$A100),MATCH($H42,ACTION!$A$5:$E$5)))} -> Question left blank | W42: =D42 -> 16 | X42: =VLOOKUP($W42,QADATA!$D$9:$K$83,4,FALSE) -> A formal documented procedure (including 3rd party involvement) | Y42: =VLOOKUP($W42,QADATA!$D$9:$K$83,5,FALSE) -> A formal documented procedure | Z42: =VLOOKUP($W42,QADATA!$D$9:$K$83,6,FALSE) -> An informal procedure | AA42: =VLOOKUP($W42,QADATA!$D$9:$K$83,7,FALSE) -> No procedure in place | AB42: =VLOOKUP($W42,QADATA!$D$9:$K$83,8,FALSE) -> 0
C43: HUMRHGTS | D43: 17 | F43: =VLOOKUP($D43,QADATA!$D$8:$K$83,3,FALSE) -> Does your company have a mechanism for preventing, reporting and investigating cases of Sexual Exploitation and Abuse? | G43: =VLOOKUP(D43,QUESTIONNAIRE!$C$7:$H$81,5,FALSE) -> 0 | H43: =IF(G43=X43, $X$22, IF(G43=Y43, $Y$22, IF(G43=Z43,$Z$22, IF(G43=AA43,$AA$22, $AB$22)))) -> 4 | I43: =IF(G43=X43, $X$21, IF(G43=Y43, $Y$21, IF(G43=Z43,$Z$21, IF(G43=AA43,$AA$21, $AB$21)))) -> Not selected | J43: =IF(VLOOKUP(D43,QUESTIONNAIRE!$C$7:$H$81,6,FALSE)="","",VLOOKUP(D43,QUESTIONNAIRE!$C$7:$H$81,6,FALSE)) | M43: {=IF(I43="Not selected","Question left blank",INDEX(ACTION!$A$7:$E100,MATCH($D43,ACTION!$A$7:$A100),MATCH($H43,ACTION!$A$5:$E$5)))} -> Question left blank | W43: =D43 -> 17 | X43: =VLOOKUP($W43,QADATA!$D$9:$K$83,4,FALSE) -> A formal documented procedure (including 3rd party involvement) | Y43: =VLOOKUP($W43,QADATA!$D$9:$K$83,5,FALSE) -> A formal documented procedure | Z43: =VLOOKUP($W43,QADATA!$D$9:$K$83,6,FALSE) -> An informal procedure | AA43: =VLOOKUP($W43,QADATA!$D$9:$K$83,7,FALSE) -> No procedure in place | AB43: =VLOOKUP($W43,QADATA!$D$9:$K$83,8,FALSE) -> 0
D44: D | F44: =VLOOKUP($D44,QADATA!$D$8:$K$83,3,FALSE) -> LABOUR STANDARDS | W44: =D44 -> D | X44: =VLOOKUP($W44,QADATA!$D$9:$K$83,4,FALSE) -> 0 | Y44: =VLOOKUP($W44,QADATA!$D$9:$K$83,5,FALSE) -> 0 | Z44: =VLOOKUP($W44,QADATA!$D$9:$K$83,6,FALSE) -> 0 | AA44: =VLOOKUP($W44,QADATA!$D$9:$K$83,7,FALSE) -> 0 | AB44: =VLOOKUP($W44,QADATA!$D$9:$K$83,8,FALSE) -> 0
C45: LABSTDS | D45: 18 | F45: =VLOOKUP($D45,QADATA!$D$8:$K$83,3,FALSE) -> How does your company ensure that you pay minimum wage to your employees? | G45: =VLOOKUP(D45,QUESTIONNAIRE!$C$7:$H$81,5,FALSE) -> 0 | H45: =IF(G45=X45, $X$22, IF(G45=Y45, $Y$22, IF(G45=Z45,$Z$22, IF(G45=AA45,$AA$22, $AB$22)))) -> 4 | I45: =IF(G45=X45, $X$21, IF(G45=Y45, $Y$21, IF(G45=Z45,$Z$21, IF(G45=AA45,$AA$21, $AB$21)))) -> Not selected | J45: =IF(VLOOKUP(D45,QUESTIONNAIRE!$C$7:$H$81,6,FALSE)="","",VLOOKUP(D45,QUESTIONNAIRE!$C$7:$H$81,6,FALSE)) | M45: {=IF(I45="Not selected","Question left blank",INDEX(ACTION!$A$7:$E100,MATCH($D45,ACTION!$A$7:$A100),MATCH($H45,ACTION!$A$5:$E$5)))} -> Question left blank | W45: =D45 -> 18 | X45: =VLOOKUP($W45,QADATA!$D$9:$K$83,4,FALSE) -> The company has a written policy in place as well as documented procedures that are followed. | Y45: =VLOOKUP($W45,QADATA!$D$9:$K$83,5,FALSE) -> The company has a written policy in place an follows (undocumented) procedures. | Z45: =VLOOKUP($W45,QADATA!$D$9:$K$83,6,FALSE) -> The company does not have a written policy in place but follows (undocumented) procedures | AA45: =VLOOKUP($W45,QADATA!$D$9:$K$83,7,FALSE) -> There are some cases that minimum wages are not paid | AB45: =VLOOKUP($W45,QADATA!$D$9:$K$83,8,FALSE) -> 0
C46: LABSTDS | D46: 19 | F46: =VLOOKUP($D46,QADATA!$D$8:$K$83,3,FALSE) -> How does your company ensure it pay its employees in a non-discriminatory manner (e.g. paying different working groups such as women, people with disabilities, etc… different pay for the same tasks)? | G46: =VLOOKUP(D46,QUESTIONNAIRE!$C$7:$H$81,5,FALSE) -> 0 | H46: =IF(G46=X46, $X$22, IF(G46=Y46, $Y$22, IF(G46=Z46,$Z$22, IF(G46=AA46,$AA$22, $AB$22)))) -> 4 | I46: =IF(G46=X46, $X$21, IF(G46=Y46, $Y$21, IF(G46=Z46,$Z$21, IF(G46=AA46,$AA$21, $AB$21)))) -> Not selected | J46: =IF(VLOOKUP(D46,QUESTIONNAIRE!$C$7:$H$81,6,FALSE)="","",VLOOKUP(D46,QUESTIONNAIRE!$C$7:$H$81,6,FALSE)) | M46: {=IF(I46="Not selected","Question left blank",INDEX(ACTION!$A$7:$E100,MATCH($D46,ACTION!$A$7:$A100),MATCH($H46,ACTION!$A$5:$E$5)))} -> Question left blank | W46: =D46 -> 19 | X46: =VLOOKUP($W46,QADATA!$D$9:$K$83,4,FALSE) -> The company has a written policy in place as well as documented procedures that are followed. | Y46: =VLOOKUP($W46,QADATA!$D$9:$K$83,5,FALSE) -> The company has a written policy in place an follows (undocumented) procedures. | Z46: =VLOOKUP($W46,QADATA!$D$9:$K$83,6,FALSE) -> The company does not have a written policy in place but follows (undocumented) procedures | AA46: =VLOOKUP($W46,QADATA!$D$9:$K$83,7,FALSE) -> There are some cases that different groups are paid differently for the same tasks. | AB46: =VLOOKUP($W46,QADATA!$D$9:$K$83,8,FALSE) -> 0
C47: LABSTDS | D47: 20 | F47: =VLOOKUP($D47,QADATA!$D$8:$K$83,3,FALSE) -> Does your company have a complaints system in place to address concerns or issues from employees / workers / others? | G47: =VLOOKUP(D47,QUESTIONNAIRE!$C$7:$H$81,5,FALSE) -> 0 | H47: =IF(G47=X47, $X$22, IF(G47=Y47, $Y$22, IF(G47=Z47,$Z$22, IF(G47=AA47,$AA$22, $AB$22)))) -> 4 | I47: =IF(G47=X47, $X$21, IF(G47=Y47, $Y$21, IF(G47=Z47,$Z$21, IF(G47=AA47,$AA$21, $AB$21)))) -> Not selected | J47: =IF(VLOOKUP(D47,QUESTIONNAIRE!$C$7:$H$81,6,FALSE)="","",VLOOKUP(D47,QUESTIONNAIRE!$C$7:$H$81,6,FALSE)) | M47: {=IF(I47="Not selected","Question left blank",INDEX(ACTION!$A$7:$E100,MATCH($D47,ACTION!$A$7:$A100),MATCH($H47,ACTION!$A$5:$E$5)))} -> Question left blank | W47: =D47 -> 20 | X47: =VLOOKUP($W47,QADATA!$D$9:$K$83,4,FALSE) -> Yes - documented procedure including anonymous whistle-blower protection | Y47: =VLOOKUP($W47,QADATA!$D$9:$K$83,5,FALSE) -> Yes - there are guidelines, but no formal documented procedure | Z47: =VLOOKUP($W47,QADATA!$D$9:$K$83,6,FALSE) -> Although no formal procedure is in place, management treat such incidents seriously | AA47: =VLOOKUP($W47,QADATA!$D$9:$K$83,7,FALSE) -> No this is not needed in our company | AB47: =VLOOKUP($W47,QADATA!$D$9:$K$83,8,FALSE) -> 0
C48: LABSTDS | D48: 21 | F48: =VLOOKUP($D48,QADATA!$D$8:$K$83,3,FALSE) -> Does your company have an Overtime work policy in place or staff are not allowed to work overtime? | G48: =VLOOKUP(D48,QUESTIONNAIRE!$C$7:$H$81,5,FALSE) -> 0 | H48: =IF(G48=X48, $X$22, IF(G48=Y48, $Y$22, IF(G48=Z48,$Z$22, IF(G48=AA48,$AA$22, $AB$22)))) -> 4 | I48: =IF(G48=X48, $X$21, IF(G48=Y48, $Y$21, IF(G48=Z48,$Z$21, IF(G48=AA48,$AA$21, $AB$21)))) -> Not selected | J48: =IF(VLOOKUP(D48,QUESTIONNAIRE!$C$7:$H$81,6,FALSE)="","",VLOOKUP(D48,QUESTIONNAIRE!$C$7:$H$81,6,FALSE)) | M48: {=IF(I48="Not selected","Question left blank",INDEX(ACTION!$A$7:$E100,MATCH($D48,ACTION!$A$7:$A100),MATCH($H48,ACTION!$A$5:$E$5)))} -> Question left blank | W48: =D48 -> 21 | X48: =VLOOKUP($W48,QADATA!$D$9:$K$83,4,FALSE) -> Overtime is voluntary and procedure and payments documented (staff are not allowed to work overtime) | Y48: =VLOOKUP($W48,QADATA!$D$9:$K$83,5,FALSE) -> Overtime is voluntary there is no documented procedure, but payments are recorded. | Z48: =VLOOKUP($W48,QADATA!$D$9:$K$83,6,FALSE) -> Over time is compensated but not recorded | AA48: =VLOOKUP($W48,QADATA!$D$9:$K$83,7,FALSE) -> Overtime is not recorded or compensated | AB48: =VLOOKUP($W48,QADATA!$D$9:$K$83,8,FALSE) -> 0
C49: LABSTDS | D49: 22 | F49: =VLOOKUP($D49,QADATA!$D$8:$K$83,3,FALSE) -> What is the approach of your company regarding keeping original identification documents of your workers / employees? | G49: =VLOOKUP(D49,QUESTIONNAIRE!$C$7:$H$81,5,FALSE) -> 0 | H49: =IF(G49=X49, $X$22, IF(G49=Y49, $Y$22, IF(G49=Z49,$Z$22, IF(G49=AA49,$AA$22, $AB$22)))) -> 4 | I49: =IF(G49=X49, $X$21, IF(G49=Y49, $Y$21, IF(G49=Z49,$Z$21, IF(G49=AA49,$AA$21, $AB$21)))) -> Not selected | J49: =IF(VLOOKUP(D49,QUESTIONNAIRE!$C$7:$H$81,6,FALSE)="","",VLOOKUP(D49,QUESTIONNAIRE!$C$7:$H$81,6,FALSE)) | M49: {=IF(I49="Not selected","Question left blank",INDEX(ACTION!$A$7:$E100,MATCH($D49,ACTION!$A$7:$A100),MATCH($H49,ACTION!$A$5:$E$5)))} -> Question left blank | W49: =D49 -> 22 | X49: =VLOOKUP($W49,QADATA!$D$9:$K$83,4,FALSE) -> No original ID documentation is ever kept by the company | Y49: =VLOOKUP($W49,QADATA!$D$9:$K$83,5,FALSE) -> Original ID documentation is kept by the company (by request of employee) | Z49: =VLOOKUP($W49,QADATA!$D$9:$K$83,6,FALSE) -> They are kept but only on a selective manner when management deem it necessary | AA49: =VLOOKUP($W49,QADATA!$D$9:$K$83,7,FALSE) -> Keeping the original identification documents is a common practice | AB49: =VLOOKUP($W49,QADATA!$D$9:$K$83,8,FALSE) -> 0
C50: LABSTDS | D50: 23 | F50: =VLOOKUP($D50,QADATA!$D$8:$K$83,3,FALSE) -> Do you have a procedure in place at time of employment to verify age of prospective employees? | G50: =VLOOKUP(D50,QUESTIONNAIRE!$C$7:$H$81,5,FALSE) -> 0 | H50: =IF(G50=X50, $X$22, IF(G50=Y50, $Y$22, IF(G50=Z50,$Z$22, IF(G50=AA50,$AA$22, $AB$22)))) -> 4 | I50: =IF(G50=X50, $X$21, IF(G50=Y50, $Y$21, IF(G50=Z50,$Z$21, IF(G50=AA50,$AA$21, $AB$21)))) -> Not selected | J50: =IF(VLOOKUP(D50,QUESTIONNAIRE!$C$7:$H$81,6,FALSE)="","",VLOOKUP(D50,QUESTIONNAIRE!$C$7:$H$81,6,FALSE)) | M50: {=IF(I50="Not selected","Question left blank",INDEX(ACTION!$A$7:$E100,MATCH($D50,ACTION!$A$7:$A100),MATCH($H50,ACTION!$A$5:$E$5)))} -> Question left blank | W50: =D50 -> 23 | X50: =VLOOKUP($W50,QADATA!$D$9:$K$83,4,FALSE) -> Yes - A documented procedure is in place | Y50: =VLOOKUP($W50,QADATA!$D$9:$K$83,5,FALSE) -> A procedure is in place but not documented | Z50: =VLOOKUP($W50,QADATA!$D$9:$K$83,6,FALSE) -> This is not a common practice to verify age | AA50: =VLOOKUP($W50,QADATA!$D$9:$K$83,7,FALSE) -> Age is not verified | AB50: =VLOOKUP($W50,QADATA!$D$9:$K$83,8,FALSE) -> 0
C51: LABSTDS | D51: 24 | F51: =VLOOKUP($D51,QADATA!$D$8:$K$83,3,FALSE) -> Are your employees selected based on gender, ethnicity, sexual orientation or political belief? | G51: =VLOOKUP(D51,QUESTIONNAIRE!$C$7:$H$81,5,FALSE) -> 0 | H51: =IF(G51=X51, $X$22, IF(G51=Y51, $Y$22, IF(G51=Z51,$Z$22, IF(G51=AA51,$AA$22, $AB$22)))) -> 4 | I51: =IF(G51=X51, $X$21, IF(G51=Y51, $Y$21, IF(G51=Z51,$Z$21, IF(G51=AA51,$AA$21, $AB$21)))) -> Not selected | J51: =IF(VLOOKUP(D51,QUESTIONNAIRE!$C$7:$H$81,6,FALSE)="","",VLOOKUP(D51,QUESTIONNAIRE!$C$7:$H$81,6,FALSE)) | M51: {=IF(I51="Not selected","Question left blank",INDEX(ACTION!$A$7:$E100,MATCH($D51,ACTION!$A$7:$A100),MATCH($H51,ACTION!$A$5:$E$5)))} -> Question left blank | W51: =D51 -> 24 | X51: =VLOOKUP($W51,QADATA!$D$9:$K$83,4,FALSE) -> No - all employees are selected based on merit as per documented procedure in place | Y51: =VLOOKUP($W51,QADATA!$D$9:$K$83,5,FALSE) -> No - all employees are selected based on merit but no documented procedure in place | Z51: =VLOOKUP($W51,QADATA!$D$9:$K$83,6,FALSE) -> Yes - to a certain extent | AA51: =VLOOKUP($W51,QADATA!$D$9:$K$83,7,FALSE) -> Yes - in most cases | AB51: =VLOOKUP($W51,QADATA!$D$9:$K$83,8,FALSE) -> 0
C52: LABSTDS | D52: 25 | F52: =VLOOKUP($D52,QADATA!$D$8:$K$83,3,FALSE) -> Are terms of employment communicated and agreed upon with an employee, written and in a local language? | G52: =VLOOKUP(D52,QUESTIONNAIRE!$C$7:$H$81,5,FALSE) -> 0 | H52: =IF(G52=X52, $X$22, IF(G52=Y52, $Y$22, IF(G52=Z52,$Z$22, IF(G52=AA52,$AA$22, $AB$22)))) -> 4 | I52: =IF(G52=X52, $X$21, IF(G52=Y52, $Y$21, IF(G52=Z52,$Z$21, IF(G52=AA52,$AA$21, $AB$21)))) -> Not selected | J52: =IF(VLOOKUP(D52,QUESTIONNAIRE!$C$7:$H$81,6,FALSE)="","",VLOOKUP(D52,QUESTIONNAIRE!$C$7:$H$81,6,FALSE)) | M52: {=IF(I52="Not selected","Question left blank",INDEX(ACTION!$A$7:$E100,MATCH($D52,ACTION!$A$7:$A100),MATCH($H52,ACTION!$A$5:$E$5)))} -> Question left blank | W52: =D52 -> 25 | X52: =VLOOKUP($W52,QADATA!$D$9:$K$83,4,FALSE) -> Terms of employment are written and are signed by both employer and employee | Y52: =VLOOKUP($W52,QADATA!$D$9:$K$83,5,FALSE) -> Terms of employment are written and signed by employee only | Z52: =VLOOKUP($W52,QADATA!$D$9:$K$83,6,FALSE) -> Terms of employment are communicated but not written or signed | AA52: =VLOOKUP($W52,QADATA!$D$9:$K$83,7,FALSE) -> There are no terms of employment - only pay to work | AB52: =VLOOKUP($W52,QADATA!$D$9:$K$83,8,FALSE) -> 0
C53: LABSTDS | D53: 26 | F53: =VLOOKUP($D53,QADATA!$D$8:$K$83,3,FALSE) -> Are payments of salary made according to the contract, directly to the employee and on a regular basis? | G53: =VLOOKUP(D53,QUESTIONNAIRE!$C$7:$H$81,5,FALSE) -> 0 | H53: =IF(G53=X53, $X$22, IF(G53=Y53, $Y$22, IF(G53=Z53,$Z$22, IF(G53=AA53,$AA$22, $AB$22)))) -> 4 | I53: =IF(G53=X53, $X$21, IF(G53=Y53, $Y$21, IF(G53=Z53,$Z$21, IF(G53=AA53,$AA$21, $AB$21)))) -> Not selected | J53: =IF(VLOOKUP(D53,QUESTIONNAIRE!$C$7:$H$81,6,FALSE)="","",VLOOKUP(D53,QUESTIONNAIRE!$C$7:$H$81,6,FALSE)) | M53: {=IF(I53="Not selected","Question left blank",INDEX(ACTION!$A$7:$E100,MATCH($D53,ACTION!$A$7:$A100),MATCH($H53,ACTION!$A$5:$E$5)))} -> Question left blank | W53: =D53 -> 26 | X53: =VLOOKUP($W53,QADATA!$D$9:$K$83,4,FALSE) -> Yes | Y53: =VLOOKUP($W53,QADATA!$D$9:$K$83,5,FALSE) -> Yes - but not regularly | Z53: =VLOOKUP($W53,QADATA!$D$9:$K$83,6,FALSE) -> Non-regular cash payments are a common practice here | AA53: =VLOOKUP($W53,QADATA!$D$9:$K$83,7,FALSE) -> Salary / wages are paid directly to an intermediary to distribute | AB53: =VLOOKUP($W53,QADATA!$D$9:$K$83,8,FALSE) -> 0
C54: LABSTDS | D54: 27 | F54: =VLOOKUP($D54,QADATA!$D$8:$K$83,3,FALSE) -> Are employees made aware of deductions (e.g. welfare, tax, accommodation etc..) and agree to them? | G54: =VLOOKUP(D54,QUESTIONNAIRE!$C$7:$H$81,5,FALSE) -> 0 | H54: =IF(G54=X54, $X$22, IF(G54=Y54, $Y$22, IF(G54=Z54,$Z$22, IF(G54=AA54,$AA$22, $AB$22)))) -> 4 | I54: =IF(G54=X54, $X$21, IF(G54=Y54, $Y$21, IF(G54=Z54,$Z$21, IF(G54=AA54,$AA$21, $AB$21)))) -> Not selected | J54: =IF(VLOOKUP(D54,QUESTIONNAIRE!$C$7:$H$81,6,FALSE)="","",VLOOKUP(D54,QUESTIONNAIRE!$C$7:$H$81,6,FALSE)) | M54: {=IF(I54="Not selected","Question left blank",INDEX(ACTION!$A$7:$E100,MATCH($D54,ACTION!$A$7:$A100),MATCH($H54,ACTION!$A$5:$E$5)))} -> Question left blank | W54: =D54 -> 27 | X54: =VLOOKUP($W54,QADATA!$D$9:$K$83,4,FALSE) -> Yes - all deduction are agreed in advance and documented in the contract | Y54: =VLOOKUP($W54,QADATA!$D$9:$K$83,5,FALSE) -> Employees are made aware of deductions but they are not documented in the contract | Z54: =VLOOKUP($W54,QADATA!$D$9:$K$83,6,FALSE) -> Employees are not made aware of deductions until time of payment | AA54: =VLOOKUP($W54,QADATA!$D$9:$K$83,7,FALSE) -> Deductions are made as they occur - without prior information to employee | AB54: =VLOOKUP($W54,QADATA!$D$9:$K$83,8,FALSE) -> 0
C55: LABSTDS | D55: 28 | F55: =VLOOKUP($D55,QADATA!$D$8:$K$83,3,FALSE) -> Are employee payments properly documented? | G55: =VLOOKUP(D55,QUESTIONNAIRE!$C$7:$H$81,5,FALSE) -> 0 | H55: =IF(G55=X55, $X$22, IF(G55=Y55, $Y$22, IF(G55=Z55,$Z$22, IF(G55=AA55,$AA$22, $AB$22)))) -> 4 | I55: =IF(G55=X55, $X$21, IF(G55=Y55, $Y$21, IF(G55=Z55,$Z$21, IF(G55=AA55,$AA$21, $AB$21)))) -> Not selected | J55: =IF(VLOOKUP(D55,QUESTIONNAIRE!$C$7:$H$81,6,FALSE)="","",VLOOKUP(D55,QUESTIONNAIRE!$C$7:$H$81,6,FALSE)) | M55: {=IF(I55="Not selected","Question left blank",INDEX(ACTION!$A$7:$E100,MATCH($D55,ACTION!$A$7:$A100),MATCH($H55,ACTION!$A$5:$E$5)))} -> Question left blank | W55: =D55 -> 28 | X55: =VLOOKUP($W55,QADATA!$D$9:$K$83,4,FALSE) -> Yes - Detailed pay-slips are provided, signed for and include details of deductions, if any | Y55: =VLOOKUP($W55,QADATA!$D$9:$K$83,5,FALSE) -> Yes - Employees sign that they have received salary but no pay-slip provided | Z55: =VLOOKUP($W55,QADATA!$D$9:$K$83,6,FALSE) -> No formal procedure in place, but employees are notified that payment has been made | AA55: =VLOOKUP($W55,QADATA!$D$9:$K$83,7,FALSE) -> No formal procedure in place | AB55: =VLOOKUP($W55,QADATA!$D$9:$K$83,8,FALSE) -> 0
D56: E | F56: =VLOOKUP($D56,QADATA!$D$8:$K$83,3,FALSE) -> EQUAL OPPORTUNITY | W56: =D56 -> E | X56: =VLOOKUP($W56,QADATA!$D$9:$K$83,4,FALSE) -> 0 | Y56: =VLOOKUP($W56,QADATA!$D$9:$K$83,5,FALSE) -> 0 | Z56: =VLOOKUP($W56,QADATA!$D$9:$K$83,6,FALSE) -> 0 | AA56: =VLOOKUP($W56,QADATA!$D$9:$K$83,7,FALSE) -> 0 | AB56: =VLOOKUP($W56,QADATA!$D$9:$K$83,8,FALSE) -> 0
C57: EQOPP | D57: 29 | F57: =VLOOKUP($D57,QADATA!$D$8:$K$83,3,FALSE) -> Does your company have a mechanism in place for reporting, investigating and addressing harassment | G57: =VLOOKUP(D57,QUESTIONNAIRE!$C$7:$H$81,5,FALSE) -> 0 | H57: =IF(G57=X57, $X$22, IF(G57=Y57, $Y$22, IF(G57=Z57,$Z$22, IF(G57=AA57,$AA$22, $AB$22)))) -> 4 | I57: =IF(G57=X57, $X$21, IF(G57=Y57, $Y$21, IF(G57=Z57,$Z$21, IF(G57=AA57,$AA$21, $AB$21)))) -> Not selected | J57: =IF(VLOOKUP(D57,QUESTIONNAIRE!$C$7:$H$81,6,FALSE)="","",VLOOKUP(D57,QUESTIONNAIRE!$C$7:$H$81,6,FALSE)) | M57: {=IF(I57="Not selected","Question left blank",INDEX(ACTION!$A$7:$E100,MATCH($D57,ACTION!$A$7:$A100),MATCH($H57,ACTION!$A$5:$E$5)))} -> Question left blank | W57: =D57 -> 29 | X57: =VLOOKUP($W57,QADATA!$D$9:$K$83,4,FALSE) -> Yes- A formal documented procedure is in place; data about cases is available and tracked | Y57: =VLOOKUP($W57,QADATA!$D$9:$K$83,5,FALSE) -> Yes - a documented procedure | Z57: =VLOOKUP($W57,QADATA!$D$9:$K$83,6,FALSE) -> An informal procedure | AA57: =VLOOKUP($W57,QADATA!$D$9:$K$83,7,FALSE) -> No procedure | AB57: =VLOOKUP($W57,QADATA!$D$9:$K$83,8,FALSE) -> 0
C58: EQOPP | D58: 30 | F58: =VLOOKUP($D58,QADATA!$D$8:$K$83,3,FALSE) -> Does your company encourage diversity and inclusion in the workplace? | G58: =VLOOKUP(D58,QUESTIONNAIRE!$C$7:$H$81,5,FALSE) -> 0 | H58: =IF(G58=X58, $X$22, IF(G58=Y58, $Y$22, IF(G58=Z58,$Z$22, IF(G58=AA58,$AA$22, $AB$22)))) -> 4 | I58: =IF(G58=X58, $X$21, IF(G58=Y58, $Y$21, IF(G58=Z58,$Z$21, IF(G58=AA58,$AA$21, $AB$21)))) -> Not selected | J58: =IF(VLOOKUP(D58,QUESTIONNAIRE!$C$7:$H$81,6,FALSE)="","",VLOOKUP(D58,QUESTIONNAIRE!$C$7:$H$81,6,FALSE)) | M58: {=IF(I58="Not selected","Question left blank",INDEX(ACTION!$A$7:$E100,MATCH($D58,ACTION!$A$7:$A100),MATCH($H58,ACTION!$A$5:$E$5)))} -> Question left blank | W58: =D58 -> 30 | X58: =VLOOKUP($W58,QADATA!$D$9:$K$83,4,FALSE) -> Yes we have a diversity and inclusion policy and action plan that is well implemented | Y58: =VLOOKUP($W58,QADATA!$D$9:$K$83,5,FALSE) -> Yes we have a policy but no action plan yet | Z58: =VLOOKUP($W58,QADATA!$D$9:$K$83,6,FALSE) -> We encourage diversity informally | AA58: =VLOOKUP($W58,QADATA!$D$9:$K$83,7,FALSE) -> We don't have any initiative around diversity and inclusion | AB58: =VLOOKUP($W58,QADATA!$D$9:$K$83,8,FALSE) -> 0
C59: EQOPP | D59: 31 | F59: =VLOOKUP($D59,QADATA!$D$8:$K$83,3,FALSE) -> What percentage (%) of current total staff are women? Please provide your best estimate. | G59: =VLOOKUP(D59,QUESTIONNAIRE!$C$7:$H$81,5,FALSE) -> 0 | H59: =IF(G59=X59, $X$22, IF(G59=Y59, $Y$22, IF(G59=Z59,$Z$22, IF(G59=AA59,$AA$22, $AB$22)))) -> 4 | I59: =IF(G59=X59, $X$21, IF(G59=Y59, $Y$21, IF(G59=Z59,$Z$21, IF(G59=AA59,$AA$21, $AB$21)))) -> Not selected | J59: =IF(VLOOKUP(D59,QUESTIONNAIRE!$C$7:$H$81,6,FALSE)="","",VLOOKUP(D59,QUESTIONNAIRE!$C$7:$H$81,6,FALSE)) | M59: {=IF(I59="Not selected","Question left blank",INDEX(ACTION!$A$7:$E100,MATCH($D59,ACTION!$A$7:$A100),MATCH($H59,ACTION!$A$5:$E$5)))} -> Question left blank | W59: =D59 -> 31 | X59: =VLOOKUP($W59,QADATA!$D$9:$K$83,4,FALSE) -> More than 60% | Y59: =VLOOKUP($W59,QADATA!$D$9:$K$83,5,FALSE) -> Between 30% - 60% | Z59: =VLOOKUP($W59,QADATA!$D$9:$K$83,6,FALSE) -> Between 10% - 30% | AA59: =VLOOKUP($W59,QADATA!$D$9:$K$83,7,FALSE) -> Less than 10% | AB59: =VLOOKUP($W59,QADATA!$D$9:$K$83,8,FALSE) -> 0
C60: EQOPP | D60: 32 | F60: =VLOOKUP($D60,QADATA!$D$8:$K$83,3,FALSE) -> What percentage (%) of current key staff (leadership) are women? Please provide your best estimate. | G60: =VLOOKUP(D60,QUESTIONNAIRE!$C$7:$H$81,5,FALSE) -> 0 | H60: =IF(G60=X60, $X$22, IF(G60=Y60, $Y$22, IF(G60=Z60,$Z$22, IF(G60=AA60,$AA$22, $AB$22)))) -> 4 | I60: =IF(G60=X60, $X$21, IF(G60=Y60, $Y$21, IF(G60=Z60,$Z$21, IF(G60=AA60,$AA$21, $AB$21)))) -> Not selected | J60: =IF(VLOOKUP(D60,QUESTIONNAIRE!$C$7:$H$81,6,FALSE)="","",VLOOKUP(D60,QUESTIONNAIRE!$C$7:$H$81,6,FALSE)) | M60: {=IF(I60="Not selected","Question left blank",INDEX(ACTION!$A$7:$E100,MATCH($D60,ACTION!$A$7:$A100),MATCH($H60,ACTION!$A$5:$E$5)))} -> Question left blank | W60: =D60 -> 32 | X60: =VLOOKUP($W60,QADATA!$D$9:$K$83,4,FALSE) -> More than 60% | Y60: =VLOOKUP($W60,QADATA!$D$9:$K$83,5,FALSE) -> Between 30% - 60% | Z60: =VLOOKUP($W60,QADATA!$D$9:$K$83,6,FALSE) -> Between 10% - 30% | AA60: =VLOOKUP($W60,QADATA!$D$9:$K$83,7,FALSE) -> Less than 10% | AB60: =VLOOKUP($W60,QADATA!$D$9:$K$83,8,FALSE) -> 0
C61: EQOPP | D61: 33 | F61: =VLOOKUP($D61,QADATA!$D$8:$K$83,3,FALSE) -> What percentage (%) of staff have a disability? Please provide your best estimate. | G61: =VLOOKUP(D61,QUESTIONNAIRE!$C$7:$H$81,5,FALSE) -> 0 | H61: =IF(G61=X61, $X$22, IF(G61=Y61, $Y$22, IF(G61=Z61,$Z$22, IF(G61=AA61,$AA$22, $AB$22)))) -> 4 | I61: =IF(G61=X61, $X$21, IF(G61=Y61, $Y$21, IF(G61=Z61,$Z$21, IF(G61=AA61,$AA$21, $AB$21)))) -> Not selected | J61: =IF(VLOOKUP(D61,QUESTIONNAIRE!$C$7:$H$81,6,FALSE)="","",VLOOKUP(D61,QUESTIONNAIRE!$C$7:$H$81,6,FALSE)) | M61: {=IF(I61="Not selected","Question left blank",INDEX(ACTION!$A$7:$E100,MATCH($D61,ACTION!$A$7:$A100),MATCH($H61,ACTION!$A$5:$E$5)))} -> Question left blank | W61: =D61 -> 33 | X61: =VLOOKUP($W61,QADATA!$D$9:$K$83,4,FALSE) -> We have more than 10% people with disability in our workforce | Y61: =VLOOKUP($W61,QADATA!$D$9:$K$83,5,FALSE) -> We have less than 10% people with disability in our workforce | Z61: =VLOOKUP($W61,QADATA!$D$9:$K$83,6,FALSE) -> We have people with disability in our workforce but we don't know how many | AA61: =VLOOKUP($W61,QADATA!$D$9:$K$83,7,FALSE) -> We don't employ people with disability | AB61: =VLOOKUP($W61,QADATA!$D$9:$K$83,8,FALSE) -> 0
D62: F | F62: =VLOOKUP($D62,QADATA!$D$8:$K$83,3,FALSE) -> QUALITY MANAGEMENT | W62: =D62 -> F | X62: =VLOOKUP($W62,QADATA!$D$9:$K$83,4,FALSE) -> 0 | Y62: =VLOOKUP($W62,QADATA!$D$9:$K$83,5,FALSE) -> 0 | Z62: =VLOOKUP($W62,QADATA!$D$9:$K$83,6,FALSE) -> 0 | AA62: =VLOOKUP($W62,QADATA!$D$9:$K$83,7,FALSE) -> 0 | AB62: =VLOOKUP($W62,QADATA!$D$9:$K$83,8,FALSE) -> 0
C63: QUMGMT | D63: 34 | F63: =VLOOKUP($D63,QADATA!$D$8:$K$83,3,FALSE) -> Are quality inspections carried out on products / goods / services that your company provides? | G63: =VLOOKUP(D63,QUESTIONNAIRE!$C$7:$H$81,5,FALSE) -> 0 | H63: =IF(G63=X63, $X$22, IF(G63=Y63, $Y$22, IF(G63=Z63,$Z$22, IF(G63=AA63,$AA$22, $AB$22)))) -> 4 | I63: =IF(G63=X63, $X$21, IF(G63=Y63, $Y$21, IF(G63=Z63,$Z$21, IF(G63=AA63,$AA$21, $AB$21)))) -> Not selected | J63: =IF(VLOOKUP(D63,QUESTIONNAIRE!$C$7:$H$81,6,FALSE)="","",VLOOKUP(D63,QUESTIONNAIRE!$C$7:$H$81,6,FALSE)) | M63: {=IF(I63="Not selected","Question left blank",INDEX(ACTION!$A$7:$E100,MATCH($D63,ACTION!$A$7:$A100),MATCH($H63,ACTION!$A$5:$E$5)))} -> Question left blank | W63: =D63 -> 34 | X63: =VLOOKUP($W63,QADATA!$D$9:$K$83,4,FALSE) -> Yes - this is part of the certified formal process (e.g. ISO or similar) | Y63: =VLOOKUP($W63,QADATA!$D$9:$K$83,5,FALSE) -> Yes - this is part of the formal process (documented but not ISO or similar) | Z63: =VLOOKUP($W63,QADATA!$D$9:$K$83,6,FALSE) -> Yes - this is part of the informal process but undocumented | AA63: =VLOOKUP($W63,QADATA!$D$9:$K$83,7,FALSE) -> No inspections carried out | AB63: =VLOOKUP($W63,QADATA!$D$9:$K$83,8,FALSE) -> 0
C64: QUMGMT | D64: 35 | F64: =VLOOKUP($D64,QADATA!$D$8:$K$83,3,FALSE) -> Is quality control reporting made on products / goods / services that your company provides? | G64: =VLOOKUP(D64,QUESTIONNAIRE!$C$7:$H$81,5,FALSE) -> 0 | H64: =IF(G64=X64, $X$22, IF(G64=Y64, $Y$22, IF(G64=Z64,$Z$22, IF(G64=AA64,$AA$22, $AB$22)))) -> 4 | I64: =IF(G64=X64, $X$21, IF(G64=Y64, $Y$21, IF(G64=Z64,$Z$21, IF(G64=AA64,$AA$21, $AB$21)))) -> Not selected | J64: =IF(VLOOKUP(D64,QUESTIONNAIRE!$C$7:$H$81,6,FALSE)="","",VLOOKUP(D64,QUESTIONNAIRE!$C$7:$H$81,6,FALSE)) | M64: {=IF(I64="Not selected","Question left blank",INDEX(ACTION!$A$7:$E100,MATCH($D64,ACTION!$A$7:$A100),MATCH($H64,ACTION!$A$5:$E$5)))} -> Question left blank | W64: =D64 -> 35 | X64: =VLOOKUP($W64,QADATA!$D$9:$K$83,4,FALSE) -> Yes - this is part of the certified formal process (e.g. ISO or similar) | Y64: =VLOOKUP($W64,QADATA!$D$9:$K$83,5,FALSE) -> Yes - this is part of the formal process (documented but not ISO or similar) | Z64: =VLOOKUP($W64,QADATA!$D$9:$K$83,6,FALSE) -> Yes - this is part of the informal process but undocumented | AA64: =VLOOKUP($W64,QADATA!$D$9:$K$83,7,FALSE) -> No reporting done | AB64: =VLOOKUP($W64,QADATA!$D$9:$K$83,8,FALSE) -> 0
C65: QUMGMT | D65: 36 | F65: =VLOOKUP($D65,QADATA!$D$8:$K$83,3,FALSE) -> Does your company evaluate and improve the quality of your output (products / goods / service) towards continuous improvement? | G65: =VLOOKUP(D65,QUESTIONNAIRE!$C$7:$H$81,5,FALSE) -> 0 | H65: =IF(G65=X65, $X$22, IF(G65=Y65, $Y$22, IF(G65=Z65,$Z$22, IF(G65=AA65,$AA$22, $AB$22)))) -> 4 | I65: =IF(G65=X65, $X$21, IF(G65=Y65, $Y$21, IF(G65=Z65,$Z$21, IF(G65=AA65,$AA$21, $AB$21)))) -> Not selected | J65: =IF(VLOOKUP(D65,QUESTIONNAIRE!$C$7:$H$81,6,FALSE)="","",VLOOKUP(D65,QUESTIONNAIRE!$C$7:$H$81,6,FALSE)) | M65: {=IF(I65="Not selected","Question left blank",INDEX(ACTION!$A$7:$E100,MATCH($D65,ACTION!$A$7:$A100),MATCH($H65,ACTION!$A$5:$E$5)))} -> Question left blank | W65: =D65 -> 36 | X65: =VLOOKUP($W65,QADATA!$D$9:$K$83,4,FALSE) -> Yes - this is part of the certified formal process (e.g. ISO or similar) | Y65: =VLOOKUP($W65,QADATA!$D$9:$K$83,5,FALSE) -> Yes - this is part of the formal process (documented but not ISO or similar) | Z65: =VLOOKUP($W65,QADATA!$D$9:$K$83,6,FALSE) -> Yes - this is part of the informal process but undocumented | AA65: =VLOOKUP($W65,QADATA!$D$9:$K$83,7,FALSE) -> No evaluations made | AB65: =VLOOKUP($W65,QADATA!$D$9:$K$83,8,FALSE) -> 0
D66: G | F66: =VLOOKUP($D66,QADATA!$D$8:$K$83,3,FALSE) -> ENVIRONMENTAL MANAGEMENT | W66: =D66 -> G | X66: =VLOOKUP($W66,QADATA!$D$9:$K$83,4,FALSE) -> 0 | Y66: =VLOOKUP($W66,QADATA!$D$9:$K$83,5,FALSE) -> 0 | Z66: =VLOOKUP($W66,QADATA!$D$9:$K$83,6,FALSE) -> 0 | AA66: =VLOOKUP($W66,QADATA!$D$9:$K$83,7,FALSE) -> 0 | AB66: =VLOOKUP($W66,QADATA!$D$9:$K$83,8,FALSE) -> 0
C67: ENVMGMT | D67: 37 | F67: =VLOOKUP($D67,QADATA!$D$8:$K$83,3,FALSE) -> Are inspections (and or assessments) carried out on the impact that the company products / goods / services have on the environment? | G67: =VLOOKUP(D67,QUESTIONNAIRE!$C$7:$H$81,5,FALSE) -> 0 | H67: =IF(G67=X67, $X$22, IF(G67=Y67, $Y$22, IF(G67=Z67,$Z$22, IF(G67=AA67,$AA$22, $AB$22)))) -> 4 | I67: =IF(G67=X67, $X$21, IF(G67=Y67, $Y$21, IF(G67=Z67,$Z$21, IF(G67=AA67,$AA$21, $AB$21)))) -> Not selected | J67: =IF(VLOOKUP(D67,QUESTIONNAIRE!$C$7:$H$81,6,FALSE)="","",VLOOKUP(D67,QUESTIONNAIRE!$C$7:$H$81,6,FALSE)) | M67: {=IF(I67="Not selected","Question left blank",INDEX(ACTION!$A$7:$E100,MATCH($D67,ACTION!$A$7:$A100),MATCH($H67,ACTION!$A$5:$E$5)))} -> Question left blank | W67: =D67 -> 37 | X67: =VLOOKUP($W67,QADATA!$D$9:$K$83,4,FALSE) -> Yes - this is part of the certified formal process (e.g. ISO or similar) | Y67: =VLOOKUP($W67,QADATA!$D$9:$K$83,5,FALSE) -> Yes - this is part of the formal process (documented but not ISO or similar) | Z67: =VLOOKUP($W67,QADATA!$D$9:$K$83,6,FALSE) -> Yes - this is part of the informal process but undocumented | AA67: =VLOOKUP($W67,QADATA!$D$9:$K$83,7,FALSE) -> No inspections carried out | AB67: =VLOOKUP($W67,QADATA!$D$9:$K$83,8,FALSE) -> 0
C68: ENVMGMT | D68: 38 | F68: =VLOOKUP($D68,QADATA!$D$8:$K$83,3,FALSE) -> Is reporting done on the impact of your company's products / goods / services on the environment? | G68: =VLOOKUP(D68,QUESTIONNAIRE!$C$7:$H$81,5,FALSE) -> 0 | H68: =IF(G68=X68, $X$22, IF(G68=Y68, $Y$22, IF(G68=Z68,$Z$22, IF(G68=AA68,$AA$22, $AB$22)))) -> 4 | I68: =IF(G68=X68, $X$21, IF(G68=Y68, $Y$21, IF(G68=Z68,$Z$21, IF(G68=AA68,$AA$21, $AB$21)))) -> Not selected | J68: =IF(VLOOKUP(D68,QUESTIONNAIRE!$C$7:$H$81,6,FALSE)="","",VLOOKUP(D68,QUESTIONNAIRE!$C$7:$H$81,6,FALSE)) | M68: {=IF(I68="Not selected","Question left blank",INDEX(ACTION!$A$7:$E100,MATCH($D68,ACTION!$A$7:$A100),MATCH($H68,ACTION!$A$5:$E$5)))} -> Question left blank | W68: =D68 -> 38 | X68: =VLOOKUP($W68,QADATA!$D$9:$K$83,4,FALSE) -> Yes - this is part of the certified formal process (e.g. ISO or similar) | Y68: =VLOOKUP($W68,QADATA!$D$9:$K$83,5,FALSE) -> Yes - this is part of the formal process (documented but not ISO or similar) | Z68: =VLOOKUP($W68,QADATA!$D$9:$K$83,6,FALSE) -> Yes - this is part of the informal process but undocumented | AA68: =VLOOKUP($W68,QADATA!$D$9:$K$83,7,FALSE) -> No reporting done | AB68: =VLOOKUP($W68,QADATA!$D$9:$K$83,8,FALSE) -> 0
C69: ENVMGMT | D69: 39 | F69: =VLOOKUP($D69,QADATA!$D$8:$K$83,3,FALSE) -> Is recycling (and or re-use) regularly practised by your company? | G69: =VLOOKUP(D69,QUESTIONNAIRE!$C$7:$H$81,5,FALSE) -> 0 | H69: =IF(G69=X69, $X$22, IF(G69=Y69, $Y$22, IF(G69=Z69,$Z$22, IF(G69=AA69,$AA$22, $AB$22)))) -> 4 | I69: =IF(G69=X69, $X$21, IF(G69=Y69, $Y$21, IF(G69=Z69,$Z$21, IF(G69=AA69,$AA$21, $AB$21)))) -> Not selected | J69: =IF(VLOOKUP(D69,QUESTIONNAIRE!$C$7:$H$81,6,FALSE)="","",VLOOKUP(D69,QUESTIONNAIRE!$C$7:$H$81,6,FALSE)) | M69: {=IF(I69="Not selected","Question left blank",INDEX(ACTION!$A$7:$E100,MATCH($D69,ACTION!$A$7:$A100),MATCH($H69,ACTION!$A$5:$E$5)))} -> Question left blank | W69: =D69 -> 39 | X69: =VLOOKUP($W69,QADATA!$D$9:$K$83,4,FALSE) -> Regularly practiced. Waste is measured and monitored | Y69: =VLOOKUP($W69,QADATA!$D$9:$K$83,5,FALSE) -> Practiced but waste is not measured and monitored | Z69: =VLOOKUP($W69,QADATA!$D$9:$K$83,6,FALSE) -> Some waste is recycled (re-used) | AA69: =VLOOKUP($W69,QADATA!$D$9:$K$83,7,FALSE) -> Recycling not practiced | AB69: =VLOOKUP($W69,QADATA!$D$9:$K$83,8,FALSE) -> 0
C70: ENVMGMT | D70: 40 | F70: =VLOOKUP($D70,QADATA!$D$8:$K$83,3,FALSE) -> Are hazardous materials and chemicals managed (monitored, handled, transported, stored, recycled, reused and/ or disposed appropriately)? | G70: =VLOOKUP(D70,QUESTIONNAIRE!$C$7:$H$81,5,FALSE) -> 0 | H70: =IF(G70=X70, $X$22, IF(G70=Y70, $Y$22, IF(G70=Z70,$Z$22, IF(G70=AA70,$AA$22, $AB$22)))) -> 4 | I70: =IF(G70=X70, $X$21, IF(G70=Y70, $Y$21, IF(G70=Z70,$Z$21, IF(G70=AA70,$AA$21, $AB$21)))) -> Not selected | J70: =IF(VLOOKUP(D70,QUESTIONNAIRE!$C$7:$H$81,6,FALSE)="","",VLOOKUP(D70,QUESTIONNAIRE!$C$7:$H$81,6,FALSE)) | M70: {=IF(I70="Not selected","Question left blank",INDEX(ACTION!$A$7:$E100,MATCH($D70,ACTION!$A$7:$A100),MATCH($H70,ACTION!$A$5:$E$5)))} -> Question left blank | W70: =D70 -> 40 | X70: =VLOOKUP($W70,QADATA!$D$9:$K$83,4,FALSE) -> Yes - this is part of the certified formal process (e.g. ISO or similar) or Not Applicable | Y70: =VLOOKUP($W70,QADATA!$D$9:$K$83,5,FALSE) -> Yes - this is part of the formal process (documented but not ISO or similar) | Z70: =VLOOKUP($W70,QADATA!$D$9:$K$83,6,FALSE) -> Yes - this is part of the informal process but undocumented | AA70: =VLOOKUP($W70,QADATA!$D$9:$K$83,7,FALSE) -> There are no guidance for managing hazardous materials. | AB70: =VLOOKUP($W70,QADATA!$D$9:$K$83,8,FALSE) -> 0
C71: ENVMGMT | D71: 41 | F71: =VLOOKUP($D71,QADATA!$D$8:$K$83,3,FALSE) -> Is solid waste (non-hazardous) monitored, handled, transported, stored, recycled, reused and/ or disposed appropriately? | G71: =VLOOKUP(D71,QUESTIONNAIRE!$C$7:$H$81,5,FALSE) -> 0 | H71: =IF(G71=X71, $X$22, IF(G71=Y71, $Y$22, IF(G71=Z71,$Z$22, IF(G71=AA71,$AA$22, $AB$22)))) -> 4 | I71: =IF(G71=X71, $X$21, IF(G71=Y71, $Y$21, IF(G71=Z71,$Z$21, IF(G71=AA71,$AA$21, $AB$21)))) -> Not selected | J71: =IF(VLOOKUP(D71,QUESTIONNAIRE!$C$7:$H$81,6,FALSE)="","",VLOOKUP(D71,QUESTIONNAIRE!$C$7:$H$81,6,FALSE)) | M71: {=IF(I71="Not selected","Question left blank",INDEX(ACTION!$A$7:$E100,MATCH($D71,ACTION!$A$7:$A100),MATCH($H71,ACTION!$A$5:$E$5)))} -> Question left blank | W71: =D71 -> 41 | X71: =VLOOKUP($W71,QADATA!$D$9:$K$83,4,FALSE) -> Yes - this is part of the certified formal process (e.g. ISO or similar) | Y71: =VLOOKUP($W71,QADATA!$D$9:$K$83,5,FALSE) -> Yes - this is part of the formal process (documented but not ISO or similar) | Z71: =VLOOKUP($W71,QADATA!$D$9:$K$83,6,FALSE) -> Yes - this is part of the informal process but undocumented | AA71: =VLOOKUP($W71,QADATA!$D$9:$K$83,7,FALSE) -> There are no guidance for managing solid waste. | AB71: =VLOOKUP($W71,QADATA!$D$9:$K$83,8,FALSE) -> 0
C72: ENVMGMT | D72: 42 | F72: =VLOOKUP($D72,QADATA!$D$8:$K$83,3,FALSE) -> Is wastewater monitored, handled, transported and/ or treated for disposal or discharge appropriately? | G72: =VLOOKUP(D72,QUESTIONNAIRE!$C$7:$H$81,5,FALSE) -> 0 | H72: =IF(G72=X72, $X$22, IF(G72=Y72, $Y$22, IF(G72=Z72,$Z$22, IF(G72=AA72,$AA$22, $AB$22)))) -> 4 | I72: =IF(G72=X72, $X$21, IF(G72=Y72, $Y$21, IF(G72=Z72,$Z$21, IF(G72=AA72,$AA$21, $AB$21)))) -> Not selected | J72: =IF(VLOOKUP(D72,QUESTIONNAIRE!$C$7:$H$81,6,FALSE)="","",VLOOKUP(D72,QUESTIONNAIRE!$C$7:$H$81,6,FALSE)) | M72: {=IF(I72="Not selected","Question left blank",INDEX(ACTION!$A$7:$E100,MATCH($D72,ACTION!$A$7:$A100),MATCH($H72,ACTION!$A$5:$E$5)))} -> Question left blank | W72: =D72 -> 42 | X72: =VLOOKUP($W72,QADATA!$D$9:$K$83,4,FALSE) -> Yes - this is part of the certified formal process (e.g. ISO or similar) | Y72: =VLOOKUP($W72,QADATA!$D$9:$K$83,5,FALSE) -> Yes - this is part of the formal process (documented but not ISO or similar) | Z72: =VLOOKUP($W72,QADATA!$D$9:$K$83,6,FALSE) -> Yes - this is part of the informal process but undocumented | AA72: =VLOOKUP($W72,QADATA!$D$9:$K$83,7,FALSE) -> No we do not | AB72: =VLOOKUP($W72,QADATA!$D$9:$K$83,8,FALSE) -> 0
C73: ENVMGMT | D73: 43 | F73: =VLOOKUP($D73,QADATA!$D$8:$K$83,3,FALSE) -> Is water consumption monitored and controlled as a resource appropriately? | G73: =VLOOKUP(D73,QUESTIONNAIRE!$C$7:$H$81,5,FALSE) -> 0 | H73: =IF(G73=X73, $X$22, IF(G73=Y73, $Y$22, IF(G73=Z73,$Z$22, IF(G73=AA73,$AA$22, $AB$22)))) -> 4 | I73: =IF(G73=X73, $X$21, IF(G73=Y73, $Y$21, IF(G73=Z73,$Z$21, IF(G73=AA73,$AA$21, $AB$21)))) -> Not selected | J73: =IF(VLOOKUP(D73,QUESTIONNAIRE!$C$7:$H$81,6,FALSE)="","",VLOOKUP(D73,QUESTIONNAIRE!$C$7:$H$81,6,FALSE)) | M73: {=IF(I73="Not selected","Question left blank",INDEX(ACTION!$A$7:$E100,MATCH($D73,ACTION!$A$7:$A100),MATCH($H73,ACTION!$A$5:$E$5)))} -> Question left blank | W73: =D73 -> 43 | X73: =VLOOKUP($W73,QADATA!$D$9:$K$83,4,FALSE) -> Yes - this is part of the certified formal process (e.g. ISO or similar) | Y73: =VLOOKUP($W73,QADATA!$D$9:$K$83,5,FALSE) -> Yes - this is part of the formal process (documented but not ISO or similar) | Z73: =VLOOKUP($W73,QADATA!$D$9:$K$83,6,FALSE) -> Yes - this is part of the informal process but undocumented | AA73: =VLOOKUP($W73,QADATA!$D$9:$K$83,7,FALSE) -> No we do not | AB73: =VLOOKUP($W73,QADATA!$D$9:$K$83,8,FALSE) -> 0
C74: ENVMGMT | D74: 44 | F74: =VLOOKUP($D74,QADATA!$D$8:$K$83,3,FALSE) -> Is energy consumption recorded by your company? | G74: =VLOOKUP(D74,QUESTIONNAIRE!$C$7:$H$81,5,FALSE) -> 0 | H74: =IF(G74=X74, $X$22, IF(G74=Y74, $Y$22, IF(G74=Z74,$Z$22, IF(G74=AA74,$AA$22, $AB$22)))) -> 4 | I74: =IF(G74=X74, $X$21, IF(G74=Y74, $Y$21, IF(G74=Z74,$Z$21, IF(G74=AA74,$AA$21, $AB$21)))) -> Not selected | J74: =IF(VLOOKUP(D74,QUESTIONNAIRE!$C$7:$H$81,6,FALSE)="","",VLOOKUP(D74,QUESTIONNAIRE!$C$7:$H$81,6,FALSE)) | M74: {=IF(I74="Not selected","Question left blank",INDEX(ACTION!$A$7:$E100,MATCH($D74,ACTION!$A$7:$A100),MATCH($H74,ACTION!$A$5:$E$5)))} -> Question left blank | W74: =D74 -> 44 | X74: =VLOOKUP($W74,QADATA!$D$9:$K$83,4,FALSE) -> Yes - this is part of the certified formal process (e.g. ISO or similar) | Y74: =VLOOKUP($W74,QADATA!$D$9:$K$83,5,FALSE) -> Yes - this is part of the formal process (documented but not ISO or similar) | Z74: =VLOOKUP($W74,QADATA!$D$9:$K$83,6,FALSE) -> Yes - this is part of the informal process but undocumented | AA74: =VLOOKUP($W74,QADATA!$D$9:$K$83,7,FALSE) -> No we do not | AB74: =VLOOKUP($W74,QADATA!$D$9:$K$83,8,FALSE) -> 0
C75: ENVMGMT | D75: 45 | F75: =VLOOKUP($D75,QADATA!$D$8:$K$83,3,FALSE) -> Does your company have documented targets to reduce its impact on the environment (this includes for example emissions and energy consumption)? | G75: =VLOOKUP(D75,QUESTIONNAIRE!$C$7:$H$81,5,FALSE) -> 0 | H75: =IF(G75=X75, $X$22, IF(G75=Y75, $Y$22, IF(G75=Z75,$Z$22, IF(G75=AA75,$AA$22, $AB$22)))) -> 4 | I75: =IF(G75=X75, $X$21, IF(G75=Y75, $Y$21, IF(G75=Z75,$Z$21, IF(G75=AA75,$AA$21, $AB$21)))) -> Not selected | J75: =IF(VLOOKUP(D75,QUESTIONNAIRE!$C$7:$H$81,6,FALSE)="","",VLOOKUP(D75,QUESTIONNAIRE!$C$7:$H$81,6,FALSE)) | M75: {=IF(I75="Not selected","Question left blank",INDEX(ACTION!$A$7:$E100,MATCH($D75,ACTION!$A$7:$A100),MATCH($H75,ACTION!$A$5:$E$5)))} -> Question left blank | W75: =D75 -> 45 | X75: =VLOOKUP($W75,QADATA!$D$9:$K$83,4,FALSE) -> Yes - this is part of the certified formal process (e.g. ISO or similar) | Y75: =VLOOKUP($W75,QADATA!$D$9:$K$83,5,FALSE) -> Yes - this is part of the formal process (documented but not ISO or similar) | Z75: =VLOOKUP($W75,QADATA!$D$9:$K$83,6,FALSE) -> Yes - this is part of the informal process but undocumented | AA75: =VLOOKUP($W75,QADATA!$D$9:$K$83,7,FALSE) -> No we do not | AB75: =VLOOKUP($W75,QADATA!$D$9:$K$83,8,FALSE) -> 0
D76: H | F76: =VLOOKUP($D76,QADATA!$D$8:$K$83,3,FALSE) -> HEALTH & SAFETY | W76: =D76 -> H | X76: =VLOOKUP($W76,QADATA!$D$9:$K$83,4,FALSE) -> 0 | Y76: =VLOOKUP($W76,QADATA!$D$9:$K$83,5,FALSE) -> 0 | Z76: =VLOOKUP($W76,QADATA!$D$9:$K$83,6,FALSE) -> 0 | AA76: =VLOOKUP($W76,QADATA!$D$9:$K$83,7,FALSE) -> 0 | AB76: =VLOOKUP($W76,QADATA!$D$9:$K$83,8,FALSE) -> 0
C77: HS | D77: 46 | F77: =VLOOKUP($D77,QADATA!$D$8:$K$83,3,FALSE) -> Are Risk Assessments used by your company with regard to Health & Safety? | G77: =VLOOKUP(D77,QUESTIONNAIRE!$C$7:$H$81,5,FALSE) -> 0 | H77: =IF(G77=X77, $X$22, IF(G77=Y77, $Y$22, IF(G77=Z77,$Z$22, IF(G77=AA77,$AA$22, $AB$22)))) -> 4 | I77: =IF(G77=X77, $X$21, IF(G77=Y77, $Y$21, IF(G77=Z77,$Z$21, IF(G77=AA77,$AA$21, $AB$21)))) -> Not selected | J77: =IF(VLOOKUP(D77,QUESTIONNAIRE!$C$7:$H$81,6,FALSE)="","",VLOOKUP(D77,QUESTIONNAIRE!$C$7:$H$81,6,FALSE)) | M77: {=IF(I77="Not selected","Question left blank",INDEX(ACTION!$A$7:$E100,MATCH($D77,ACTION!$A$7:$A100),MATCH($H77,ACTION!$A$5:$E$5)))} -> Question left blank | W77: =D77 -> 46 | X77: =VLOOKUP($W77,QADATA!$D$9:$K$83,4,FALSE) -> Risk Assessments are used as part of formal procedures. They are used for action planning and implemented. | Y77: =VLOOKUP($W77,QADATA!$D$9:$K$83,5,FALSE) -> Risk Assessments are used as part of formal procedures. Implemented action only from time to time | Z77: =VLOOKUP($W77,QADATA!$D$9:$K$83,6,FALSE) -> Risk Assessments and resulting action planning is used from time to time | AA77: =VLOOKUP($W77,QADATA!$D$9:$K$83,7,FALSE) -> Risk Assessments are rarely used, if at all. | AB77: =VLOOKUP($W77,QADATA!$D$9:$K$83,8,FALSE) -> 0
C78: HS | D78: 47 | F78: =VLOOKUP($D78,QADATA!$D$8:$K$83,3,FALSE) -> Is Health & Safety training provided to your employees? | G78: =VLOOKUP(D78,QUESTIONNAIRE!$C$7:$H$81,5,FALSE) -> 0 | H78: =IF(G78=X78, $X$22, IF(G78=Y78, $Y$22, IF(G78=Z78,$Z$22, IF(G78=AA78,$AA$22, $AB$22)))) -> 4 | I78: =IF(G78=X78, $X$21, IF(G78=Y78, $Y$21, IF(G78=Z78,$Z$21, IF(G78=AA78,$AA$21, $AB$21)))) -> Not selected | J78: =IF(VLOOKUP(D78,QUESTIONNAIRE!$C$7:$H$81,6,FALSE)="","",VLOOKUP(D78,QUESTIONNAIRE!$C$7:$H$81,6,FALSE)) | M78: {=IF(I78="Not selected","Question left blank",INDEX(ACTION!$A$7:$E100,MATCH($D78,ACTION!$A$7:$A100),MATCH($H78,ACTION!$A$5:$E$5)))} -> Question left blank | W78: =D78 -> 47 | X78: =VLOOKUP($W78,QADATA!$D$9:$K$83,4,FALSE) -> This is part of the certified formal process (e.g. ISO or similar). Done on a regular basis, according to a schedule and is recorded. | Y78: =VLOOKUP($W78,QADATA!$D$9:$K$83,5,FALSE) -> This is part of the formal process (documented but not ISO or similar). Done on a regular basis, according to a schedule and is recorded. | Z78: =VLOOKUP($W78,QADATA!$D$9:$K$83,6,FALSE) -> Health & Safety training is done on an adhoc basis. | AA78: =VLOOKUP($W78,QADATA!$D$9:$K$83,7,FALSE) -> Health & Safety training is rarely done, if at all. | AB78: =VLOOKUP($W78,QADATA!$D$9:$K$83,8,FALSE) -> 0
C79: HS | D79: 48 | F79: =VLOOKUP($D79,QADATA!$D$8:$K$83,3,FALSE) -> Are internal inspection such as safety inspections / audits conducted by your company? This may include by a 3rd party. | G79: =VLOOKUP(D79,QUESTIONNAIRE!$C$7:$H$81,5,FALSE) -> 0 | H79: =IF(G79=X79, $X$22, IF(G79=Y79, $Y$22, IF(G79=Z79,$Z$22, IF(G79=AA79,$AA$22, $AB$22)))) -> 4 | I79: =IF(G79=X79, $X$21, IF(G79=Y79, $Y$21, IF(G79=Z79,$Z$21, IF(G79=AA79,$AA$21, $AB$21)))) -> Not selected | J79: =IF(VLOOKUP(D79,QUESTIONNAIRE!$C$7:$H$81,6,FALSE)="","",VLOOKUP(D79,QUESTIONNAIRE!$C$7:$H$81,6,FALSE)) | M79: {=IF(I79="Not selected","Question left blank",INDEX(ACTION!$A$7:$E100,MATCH($D79,ACTION!$A$7:$A100),MATCH($H79,ACTION!$A$5:$E$5)))} -> Question left blank | W79: =D79 -> 48 | X79: =VLOOKUP($W79,QADATA!$D$9:$K$83,4,FALSE) -> This is part of the certified formal process (e.g. ISO or similar). Done on a regular basis, according to a schedule and is recorded. | Y79: =VLOOKUP($W79,QADATA!$D$9:$K$83,5,FALSE) -> This is part of the formal process (documented but not ISO or similar). Done on a regular basis, according to a schedule and is recorded. | Z79: =VLOOKUP($W79,QADATA!$D$9:$K$83,6,FALSE) -> Internal inspection such as safety inspections / audits are conducted on an adhoc basis. | AA79: =VLOOKUP($W79,QADATA!$D$9:$K$83,7,FALSE) -> Internal inspection such as safety inspections / audits are rarely done, if at all. | AB79: =VLOOKUP($W79,QADATA!$D$9:$K$83,8,FALSE) -> 0
C80: HS | D80: 49 | F80: =VLOOKUP($D80,QADATA!$D$8:$K$83,3,FALSE) -> Does your company conduct accident / incident investigations? | G80: =VLOOKUP(D80,QUESTIONNAIRE!$C$7:$H$81,5,FALSE) -> 0 | H80: =IF(G80=X80, $X$22, IF(G80=Y80, $Y$22, IF(G80=Z80,$Z$22, IF(G80=AA80,$AA$22, $AB$22)))) -> 4 | I80: =IF(G80=X80, $X$21, IF(G80=Y80, $Y$21, IF(G80=Z80,$Z$21, IF(G80=AA80,$AA$21, $AB$21)))) -> Not selected | J80: =IF(VLOOKUP(D80,QUESTIONNAIRE!$C$7:$H$81,6,FALSE)="","",VLOOKUP(D80,QUESTIONNAIRE!$C$7:$H$81,6,FALSE)) | M80: {=IF(I80="Not selected","Question left blank",INDEX(ACTION!$A$7:$E100,MATCH($D80,ACTION!$A$7:$A100),MATCH($H80,ACTION!$A$5:$E$5)))} -> Question left blank | W80: =D80 -> 49 | X80: =VLOOKUP($W80,QADATA!$D$9:$K$83,4,FALSE) -> Yes - this is part of the certified formal process (e.g. ISO or similar). It is Documented and includes near miss reporting. | Y80: =VLOOKUP($W80,QADATA!$D$9:$K$83,5,FALSE) -> Yes - this is part of the formal process (documented but not ISO or similar) and includes near miss reporting. | Z80: =VLOOKUP($W80,QADATA!$D$9:$K$83,6,FALSE) -> Accident and incident investigations are conducted depending on the size or severity of the accident or incident. | AA80: =VLOOKUP($W80,QADATA!$D$9:$K$83,7,FALSE) -> Accident and incident investigations are rarely conducted, if at all. | AB80: =VLOOKUP($W80,QADATA!$D$9:$K$83,8,FALSE) -> 0
C81: HS | D81: 50 | F81: =VLOOKUP($D81,QADATA!$D$8:$K$83,3,FALSE) -> Is appropriate Personal Protective Equipment provided to employees (if applicable)? | G81: =VLOOKUP(D81,QUESTIONNAIRE!$C$7:$H$81,5,FALSE) -> 0 | H81: =IF(G81=X81, $X$22, IF(G81=Y81, $Y$22, IF(G81=Z81,$Z$22, IF(G81=AA81,$AA$22, $AB$22)))) -> 4 | I81: =IF(G81=X81, $X$21, IF(G81=Y81, $Y$21, IF(G81=Z81,$Z$21, IF(G81=AA81,$AA$21, $AB$21)))) -> Not selected | J81: =IF(VLOOKUP(D81,QUESTIONNAIRE!$C$7:$H$81,6,FALSE)="","",VLOOKUP(D81,QUESTIONNAIRE!$C$7:$H$81,6,FALSE)) | M81: {=IF(I81="Not selected","Question left blank",INDEX(ACTION!$A$7:$E100,MATCH($D81,ACTION!$A$7:$A100),MATCH($H81,ACTION!$A$5:$E$5)))} -> Question left blank | W81: =D81 -> 50 | X81: =VLOOKUP($W81,QADATA!$D$9:$K$83,4,FALSE) -> This is part of the certified formal process (e.g. ISO or similar) (or Not Applicable ) | Y81: =VLOOKUP($W81,QADATA!$D$9:$K$83,5,FALSE) -> This is part of the formal process (documented but not ISO or similar) | Z81: =VLOOKUP($W81,QADATA!$D$9:$K$83,6,FALSE) -> This is part of the informal process but undocumented | AA81: =VLOOKUP($W81,QADATA!$D$9:$K$83,7,FALSE) -> Personal Protective Equipment is rarely provided, if at all. | AB81: =VLOOKUP($W81,QADATA!$D$9:$K$83,8,FALSE) -> 0
C82: HS | D82: 51 | F82: =VLOOKUP($D82,QADATA!$D$8:$K$83,3,FALSE) -> Does your company have any First Aid trained employees? | G82: =VLOOKUP(D82,QUESTIONNAIRE!$C$7:$H$81,5,FALSE) -> 0 | H82: =IF(G82=X82, $X$22, IF(G82=Y82, $Y$22, IF(G82=Z82,$Z$22, IF(G82=AA82,$AA$22, $AB$22)))) -> 4 | I82: =IF(G82=X82, $X$21, IF(G82=Y82, $Y$21, IF(G82=Z82,$Z$21, IF(G82=AA82,$AA$21, $AB$21)))) -> Not selected | J82: =IF(VLOOKUP(D82,QUESTIONNAIRE!$C$7:$H$81,6,FALSE)="","",VLOOKUP(D82,QUESTIONNAIRE!$C$7:$H$81,6,FALSE)) | M82: {=IF(I82="Not selected","Question left blank",INDEX(ACTION!$A$7:$E100,MATCH($D82,ACTION!$A$7:$A100),MATCH($H82,ACTION!$A$5:$E$5)))} -> Question left blank | W82: =D82 -> 51 | X82: =VLOOKUP($W82,QADATA!$D$9:$K$83,4,FALSE) -> Yes - Employees are provided with first aid training and it is in line with the recommended number of first aiders to total employees and if necessary specific workplace hazards. Refresher courses included. | Y82: =VLOOKUP($W82,QADATA!$D$9:$K$83,5,FALSE) -> Employees have been provided with first aid training and it is in line with the recommended number of first aiders to total employees and if necessary specific workplace hazards. | Z82: =VLOOKUP($W82,QADATA!$D$9:$K$83,6,FALSE) -> Some employees have basic first aid training. | AA82: =VLOOKUP($W82,QADATA!$D$9:$K$83,7,FALSE) -> There are no First Aid trained staff. | AB82: =VLOOKUP($W82,QADATA!$D$9:$K$83,8,FALSE) -> 0
C83: HS | D83: 52 | F83: =VLOOKUP($D83,QADATA!$D$8:$K$83,3,FALSE) -> Are First Aid boxes (equipment) available at your company? | G83: =VLOOKUP(D83,QUESTIONNAIRE!$C$7:$H$81,5,FALSE) -> 0 | H83: =IF(G83=X83, $X$22, IF(G83=Y83, $Y$22, IF(G83=Z83,$Z$22, IF(G83=AA83,$AA$22, $AB$22)))) -> 4 | I83: =IF(G83=X83, $X$21, IF(G83=Y83, $Y$21, IF(G83=Z83,$Z$21, IF(G83=AA83,$AA$21, $AB$21)))) -> Not selected | J83: =IF(VLOOKUP(D83,QUESTIONNAIRE!$C$7:$H$81,6,FALSE)="","",VLOOKUP(D83,QUESTIONNAIRE!$C$7:$H$81,6,FALSE)) | M83: {=IF(I83="Not selected","Question left blank",INDEX(ACTION!$A$7:$E100,MATCH($D83,ACTION!$A$7:$A100),MATCH($H83,ACTION!$A$5:$E$5)))} -> Question left blank | W83: =D83 -> 52 | X83: =VLOOKUP($W83,QADATA!$D$9:$K$83,4,FALSE) -> First Aid boxes are available and are in line with the total number of employees and workplace hazards. | Y83: =VLOOKUP($W83,QADATA!$D$9:$K$83,5,FALSE) -> First Aid boxes are available and are in line with the total number of employees | Z83: =VLOOKUP($W83,QADATA!$D$9:$K$83,6,FALSE) -> Some First Aid boxes are available | AA83: =VLOOKUP($W83,QADATA!$D$9:$K$83,7,FALSE) -> There are no First Aid kits available. | AB83: =VLOOKUP($W83,QADATA!$D$9:$K$83,8,FALSE) -> 0
C84: HS | D84: 53 | F84: =VLOOKUP($D84,QADATA!$D$8:$K$83,3,FALSE) -> Are emergency evacuation drills and / or trainings conducted with all employees? | G84: =VLOOKUP(D84,QUESTIONNAIRE!$C$7:$H$81,5,FALSE) -> 0 | H84: =IF(G84=X84, $X$22, IF(G84=Y84, $Y$22, IF(G84=Z84,$Z$22, IF(G84=AA84,$AA$22, $AB$22)))) -> 4 | I84: =IF(G84=X84, $X$21, IF(G84=Y84, $Y$21, IF(G84=Z84,$Z$21, IF(G84=AA84,$AA$21, $AB$21)))) -> Not selected | J84: =IF(VLOOKUP(D84,QUESTIONNAIRE!$C$7:$H$81,6,FALSE)="","",VLOOKUP(D84,QUESTIONNAIRE!$C$7:$H$81,6,FALSE)) | M84: {=IF(I84="Not selected","Question left blank",INDEX(ACTION!$A$7:$E100,MATCH($D84,ACTION!$A$7:$A100),MATCH($H84,ACTION!$A$5:$E$5)))} -> Question left blank | W84: =D84 -> 53 | X84: =VLOOKUP($W84,QADATA!$D$9:$K$83,4,FALSE) -> This is part of the certified formal process (e.g. ISO or similar) | Y84: =VLOOKUP($W84,QADATA!$D$9:$K$83,5,FALSE) -> This is part of the formal process (documented but not ISO or similar) | Z84: =VLOOKUP($W84,QADATA!$D$9:$K$83,6,FALSE) -> This is part of the informal process but undocumented | AA84: =VLOOKUP($W84,QADATA!$D$9:$K$83,7,FALSE) -> No we do not | AB84: =VLOOKUP($W84,QADATA!$D$9:$K$83,8,FALSE) -> 0
C85: HS | D85: 54 | F85: =VLOOKUP($D85,QADATA!$D$8:$K$83,3,FALSE) -> Is fire fighting equipment available and maintained? | G85: =VLOOKUP(D85,QUESTIONNAIRE!$C$7:$H$81,5,FALSE) -> 0 | H85: =IF(G85=X85, $X$22, IF(G85=Y85, $Y$22, IF(G85=Z85,$Z$22, IF(G85=AA85,$AA$22, $AB$22)))) -> 4 | I85: =IF(G85=X85, $X$21, IF(G85=Y85, $Y$21, IF(G85=Z85,$Z$21, IF(G85=AA85,$AA$21, $AB$21)))) -> Not selected | J85: =IF(VLOOKUP(D85,QUESTIONNAIRE!$C$7:$H$81,6,FALSE)="","",VLOOKUP(D85,QUESTIONNAIRE!$C$7:$H$81,6,FALSE)) | M85: {=IF(I85="Not selected","Question left blank",INDEX(ACTION!$A$7:$E100,MATCH($D85,ACTION!$A$7:$A100),MATCH($H85,ACTION!$A$5:$E$5)))} -> Question left blank | W85: =D85 -> 54 | X85: =VLOOKUP($W85,QADATA!$D$9:$K$83,4,FALSE) -> Available and maintained regularly according to procedure and records are kept | Y85: =VLOOKUP($W85,QADATA!$D$9:$K$83,5,FALSE) -> Available and maintained but no records kept | Z85: =VLOOKUP($W85,QADATA!$D$9:$K$83,6,FALSE) -> Available but not regularly maintained | AA85: =VLOOKUP($W85,QADATA!$D$9:$K$83,7,FALSE) -> No fire fighting equipment available | AB85: =VLOOKUP($W85,QADATA!$D$9:$K$83,8,FALSE) -> 0
D86: I | F86: =VLOOKUP($D86,QADATA!$D$8:$K$83,3,FALSE) -> CONTRACTORS / SUBCONTRACTORS | W86: =D86 -> I | X86: =VLOOKUP($W86,QADATA!$D$9:$K$83,4,FALSE) -> 0 | Y86: =VLOOKUP($W86,QADATA!$D$9:$K$83,5,FALSE) -> 0 | Z86: =VLOOKUP($W86,QADATA!$D$9:$K$83,6,FALSE) -> 0 | AA86: =VLOOKUP($W86,QADATA!$D$9:$K$83,7,FALSE) -> 0 | AB86: =VLOOKUP($W86,QADATA!$D$9:$K$83,8,FALSE) -> 0
C87: CONT | D87: 55 | F87: =VLOOKUP($D87,QADATA!$D$8:$K$83,3,FALSE) -> To what extent does your company use contractors / subcontractors / 3rd party contractors / outsourced work (e.g. component suppliers, cleaning, security, etc. services)? | G87: =VLOOKUP(D87,QUESTIONNAIRE!$C$7:$H$81,5,FALSE) -> 0 | H87: =IF(G87=X87, $X$22, IF(G87=Y87, $Y$22, IF(G87=Z87,$Z$22, IF(G87=AA87,$AA$22, $AB$22)))) -> 4 | I87: =IF(G87=X87, $X$21, IF(G87=Y87, $Y$21, IF(G87=Z87,$Z$21, IF(G87=AA87,$AA$21, $AB$21)))) -> Not selected | J87: =IF(VLOOKUP(D87,QUESTIONNAIRE!$C$7:$H$81,6,FALSE)="","",VLOOKUP(D87,QUESTIONNAIRE!$C$7:$H$81,6,FALSE)) | M87: {=IF(I87="Not selected","Question left blank",INDEX(ACTION!$A$7:$E100,MATCH($D87,ACTION!$A$7:$A100),MATCH($H87,ACTION!$A$5:$E$5)))} -> Question left blank | W87: =D87 -> 55 | X87: =VLOOKUP($W87,QADATA!$D$9:$K$83,4,FALSE) -> Rarely - very few cases and not critical for our core product / services | Y87: =VLOOKUP($W87,QADATA!$D$9:$K$83,5,FALSE) -> Sometimes - from time to time for low value non-critical products/services to core product / services | Z87: =VLOOKUP($W87,QADATA!$D$9:$K$83,6,FALSE) -> Often - many complementary (non-core) functions / products / services are outsourced | AA87: =VLOOKUP($W87,QADATA!$D$9:$K$83,7,FALSE) -> Often - many complementary and some core functions / components / products / services are outsourced | AB87: =VLOOKUP($W87,QADATA!$D$9:$K$83,8,FALSE) -> 0
C88: CONT | D88: 56 | F88: =VLOOKUP($D88,QADATA!$D$8:$K$83,3,FALSE) -> Does your company do any form of supply chain mapping? | G88: =VLOOKUP(D88,QUESTIONNAIRE!$C$7:$H$81,5,FALSE) -> 0 | H88: =IF(G88=X88, $X$22, IF(G88=Y88, $Y$22, IF(G88=Z88,$Z$22, IF(G88=AA88,$AA$22, $AB$22)))) -> 4 | I88: =IF(G88=X88, $X$21, IF(G88=Y88, $Y$21, IF(G88=Z88,$Z$21, IF(G88=AA88,$AA$21, $AB$21)))) -> Not selected | J88: =IF(VLOOKUP(D88,QUESTIONNAIRE!$C$7:$H$81,6,FALSE)="","",VLOOKUP(D88,QUESTIONNAIRE!$C$7:$H$81,6,FALSE)) | M88: {=IF(I88="Not selected","Question left blank",INDEX(ACTION!$A$7:$E100,MATCH($D88,ACTION!$A$7:$A100),MATCH($H88,ACTION!$A$5:$E$5)))} -> Question left blank | W88: =D88 -> 56 | X88: =VLOOKUP($W88,QADATA!$D$9:$K$83,4,FALSE) -> Detailed supply chain mapping carried out, that identifies possible risks and compliance issues. Includes engagement with supply chain stakeholders. Reviewed and updated as necessary. | Y88: =VLOOKUP($W88,QADATA!$D$9:$K$83,5,FALSE) -> Detailed supply chain mapping carried out, that identifies possible risks and compliance issues. Reviewed and updated as necessary. | Z88: =VLOOKUP($W88,QADATA!$D$9:$K$83,6,FALSE) -> Some supply chain mapping carried out. | AA88: =VLOOKUP($W88,QADATA!$D$9:$K$83,7,FALSE) -> No supply chain mapping done | AB88: =VLOOKUP($W88,QADATA!$D$9:$K$83,8,FALSE) -> 0
C89: CONT | D89: 57 | F89: =VLOOKUP($D89,QADATA!$D$8:$K$83,3,FALSE) -> Does your company have a documented procedure for the selection of contractors / subcontractors / 3rd party contractors / outsourced work? | G89: =VLOOKUP(D89,QUESTIONNAIRE!$C$7:$H$81,5,FALSE) -> 0 | H89: =IF(G89=X89, $X$22, IF(G89=Y89, $Y$22, IF(G89=Z89,$Z$22, IF(G89=AA89,$AA$22, $AB$22)))) -> 4 | I89: =IF(G89=X89, $X$21, IF(G89=Y89, $Y$21, IF(G89=Z89,$Z$21, IF(G89=AA89,$AA$21, $AB$21)))) -> Not selected | J89: =IF(VLOOKUP(D89,QUESTIONNAIRE!$C$7:$H$81,6,FALSE)="","",VLOOKUP(D89,QUESTIONNAIRE!$C$7:$H$81,6,FALSE)) | M89: {=IF(I89="Not selected","Question left blank",INDEX(ACTION!$A$7:$E100,MATCH($D89,ACTION!$A$7:$A100),MATCH($H89,ACTION!$A$5:$E$5)))} -> Question left blank | W89: =D89 -> 57 | X89: =VLOOKUP($W89,QADATA!$D$9:$K$83,4,FALSE) -> Yes - a formal documented procedure | Y89: =VLOOKUP($W89,QADATA!$D$9:$K$83,5,FALSE) -> Yes - but acts more as a guideline not fully enforced | Z89: =VLOOKUP($W89,QADATA!$D$9:$K$83,6,FALSE) -> An informal procedure | AA89: =VLOOKUP($W89,QADATA!$D$9:$K$83,7,FALSE) -> No guiding procedure in place | AB89: =VLOOKUP($W89,QADATA!$D$9:$K$83,8,FALSE) -> 0
C90: CONT | D90: 58 | F90: =VLOOKUP($D90,QADATA!$D$8:$K$83,3,FALSE) -> Does your company usually sign written contracts with contractors / subcontractor / third party providers? | G90: =VLOOKUP(D90,QUESTIONNAIRE!$C$7:$H$81,5,FALSE) -> 0 | H90: =IF(G90=X90, $X$22, IF(G90=Y90, $Y$22, IF(G90=Z90,$Z$22, IF(G90=AA90,$AA$22, $AB$22)))) -> 4 | I90: =IF(G90=X90, $X$21, IF(G90=Y90, $Y$21, IF(G90=Z90,$Z$21, IF(G90=AA90,$AA$21, $AB$21)))) -> Not selected | J90: =IF(VLOOKUP(D90,QUESTIONNAIRE!$C$7:$H$81,6,FALSE)="","",VLOOKUP(D90,QUESTIONNAIRE!$C$7:$H$81,6,FALSE)) | M90: {=IF(I90="Not selected","Question left blank",INDEX(ACTION!$A$7:$E100,MATCH($D90,ACTION!$A$7:$A100),MATCH($H90,ACTION!$A$5:$E$5)))} -> Question left blank | W90: =D90 -> 58 | X90: =VLOOKUP($W90,QADATA!$D$9:$K$83,4,FALSE) -> Yes - this is always the case as per written procedures | Y90: =VLOOKUP($W90,QADATA!$D$9:$K$83,5,FALSE) -> Yes - only when it is a legal / stipulated requirement | Z90: =VLOOKUP($W90,QADATA!$D$9:$K$83,6,FALSE) -> Only when the other party demands it | AA90: =VLOOKUP($W90,QADATA!$D$9:$K$83,7,FALSE) -> It is preferred to not have written contracts | AB90: =VLOOKUP($W90,QADATA!$D$9:$K$83,8,FALSE) -> 0
C91: CONT | D91: 59 | F91: =VLOOKUP($D91,QADATA!$D$8:$K$83,3,FALSE) -> Does your company have a method to validate and verify contractors / subcontractors own policies, or the adoption of your policies? | G91: =VLOOKUP(D91,QUESTIONNAIRE!$C$7:$H$81,5,FALSE) -> 0 | H91: =IF(G91=X91, $X$22, IF(G91=Y91, $Y$22, IF(G91=Z91,$Z$22, IF(G91=AA91,$AA$22, $AB$22)))) -> 4 | I91: =IF(G91=X91, $X$21, IF(G91=Y91, $Y$21, IF(G91=Z91,$Z$21, IF(G91=AA91,$AA$21, $AB$21)))) -> Not selected | J91: =IF(VLOOKUP(D91,QUESTIONNAIRE!$C$7:$H$81,6,FALSE)="","",VLOOKUP(D91,QUESTIONNAIRE!$C$7:$H$81,6,FALSE)) | M91: {=IF(I91="Not selected","Question left blank",INDEX(ACTION!$A$7:$E100,MATCH($D91,ACTION!$A$7:$A100),MATCH($H91,ACTION!$A$5:$E$5)))} -> Question left blank | W91: =D91 -> 59 | X91: =VLOOKUP($W91,QADATA!$D$9:$K$83,4,FALSE) -> Yes - there is a written documented procedure to facilitate this | Y91: =VLOOKUP($W91,QADATA!$D$9:$K$83,5,FALSE) -> Yes - this is done but it is not according to a documented procedure | Z91: =VLOOKUP($W91,QADATA!$D$9:$K$83,6,FALSE) -> Only when the other party demands it | AA91: =VLOOKUP($W91,QADATA!$D$9:$K$83,7,FALSE) -> This is not done | AB91: =VLOOKUP($W91,QADATA!$D$9:$K$83,8,FALSE) -> 0
C92: CONT | D92: 60 | F92: =VLOOKUP($D92,QADATA!$D$8:$K$83,3,FALSE) -> Do you require your subcontractors / third party providers to provide copies of relevant certificates or licenses for the contracted products / services? | G92: =VLOOKUP(D92,QUESTIONNAIRE!$C$7:$H$81,5,FALSE) -> 0 | H92: =IF(G92=X92, $X$22, IF(G92=Y92, $Y$22, IF(G92=Z92,$Z$22, IF(G92=AA92,$AA$22, $AB$22)))) -> 4 | I92: =IF(G92=X92, $X$21, IF(G92=Y92, $Y$21, IF(G92=Z92,$Z$21, IF(G92=AA92,$AA$21, $AB$21)))) -> Not selected | J92: =IF(VLOOKUP(D92,QUESTIONNAIRE!$C$7:$H$81,6,FALSE)="","",VLOOKUP(D92,QUESTIONNAIRE!$C$7:$H$81,6,FALSE)) | M92: {=IF(I92="Not selected","Question left blank",INDEX(ACTION!$A$7:$E100,MATCH($D92,ACTION!$A$7:$A100),MATCH($H92,ACTION!$A$5:$E$5)))} -> Question left blank | W92: =D92 -> 60 | X92: =VLOOKUP($W92,QADATA!$D$9:$K$83,4,FALSE) -> Yes - as a common and necessary practice | Y92: =VLOOKUP($W92,QADATA!$D$9:$K$83,5,FALSE) -> Yes - but only if requested | Z92: =VLOOKUP($W92,QADATA!$D$9:$K$83,6,FALSE) -> This is done from time to time if necessary | AA92: =VLOOKUP($W92,QADATA!$D$9:$K$83,7,FALSE) -> This is not common practice | AB92: =VLOOKUP($W92,QADATA!$D$9:$K$83,8,FALSE) -> 0
D93: J | F93: =VLOOKUP($D93,QADATA!$D$8:$K$83,3,FALSE) -> COMPANY CONDUCT | W93: =D93 -> J | X93: =VLOOKUP($W93,QADATA!$D$9:$K$83,4,FALSE) -> 0 | Y93: =VLOOKUP($W93,QADATA!$D$9:$K$83,5,FALSE) -> 0 | Z93: =VLOOKUP($W93,QADATA!$D$9:$K$83,6,FALSE) -> 0 | AA93: =VLOOKUP($W93,QADATA!$D$9:$K$83,7,FALSE) -> 0 | AB93: =VLOOKUP($W93,QADATA!$D$9:$K$83,8,FALSE) -> 0
C94: CONDUCT | D94: 61 | F94: =VLOOKUP($D94,QADATA!$D$8:$K$83,3,FALSE) -> Does your company participate in Corporate Social Responsibility initiatives / activities? | G94: =VLOOKUP(D94,QUESTIONNAIRE!$C$7:$H$81,5,FALSE) -> 0 | H94: =IF(G94=X94, $X$22, IF(G94=Y94, $Y$22, IF(G94=Z94,$Z$22, IF(G94=AA94,$AA$22, $AB$22)))) -> 4 | I94: =IF(G94=X94, $X$21, IF(G94=Y94, $Y$21, IF(G94=Z94,$Z$21, IF(G94=AA94,$AA$21, $AB$21)))) -> Not selected | J94: =IF(VLOOKUP(D94,QUESTIONNAIRE!$C$7:$H$81,6,FALSE)="","",VLOOKUP(D94,QUESTIONNAIRE!$C$7:$H$81,6,FALSE)) | M94: {=IF(I94="Not selected","Question left blank",INDEX(ACTION!$A$7:$E100,MATCH($D94,ACTION!$A$7:$A100),MATCH($H94,ACTION!$A$5:$E$5)))} -> Question left blank | W94: =D94 -> 61 | X94: =VLOOKUP($W94,QADATA!$D$9:$K$83,4,FALSE) -> Yes - with documented procedure and guidelines as well as impact analysis | Y94: =VLOOKUP($W94,QADATA!$D$9:$K$83,5,FALSE) -> Yes - with documented procedure and guidelines without impact analysis | Z94: =VLOOKUP($W94,QADATA!$D$9:$K$83,6,FALSE) -> Yes - but not documented procedure and guidelines | AA94: =VLOOKUP($W94,QADATA!$D$9:$K$83,7,FALSE) -> No | AB94: =VLOOKUP($W94,QADATA!$D$9:$K$83,8,FALSE) -> 0
C95: CONDUCT | D95: 62 | F95: =VLOOKUP($D95,QADATA!$D$8:$K$83,3,FALSE) -> Does your company use gifts or hospitality as an accepted practice? | G95: =VLOOKUP(D95,QUESTIONNAIRE!$C$7:$H$81,5,FALSE) -> 0 | H95: =IF(G95=X95, $X$22, IF(G95=Y95, $Y$22, IF(G95=Z95,$Z$22, IF(G95=AA95,$AA$22, $AB$22)))) -> 4 | I95: =IF(G95=X95, $X$21, IF(G95=Y95, $Y$21, IF(G95=Z95,$Z$21, IF(G95=AA95,$AA$21, $AB$21)))) -> Not selected | J95: =IF(VLOOKUP(D95,QUESTIONNAIRE!$C$7:$H$81,6,FALSE)="","",VLOOKUP(D95,QUESTIONNAIRE!$C$7:$H$81,6,FALSE)) | M95: {=IF(I95="Not selected","Question left blank",INDEX(ACTION!$A$7:$E100,MATCH($D95,ACTION!$A$7:$A100),MATCH($H95,ACTION!$A$5:$E$5)))} -> Question left blank | W95: =D95 -> 62 | X95: =VLOOKUP($W95,QADATA!$D$9:$K$83,4,FALSE) -> This is controlled according to the company policy, and actively enforced | Y95: =VLOOKUP($W95,QADATA!$D$9:$K$83,5,FALSE) -> This is controlled according to the company policy, but not actively enforced | Z95: =VLOOKUP($W95,QADATA!$D$9:$K$83,6,FALSE) -> This is only done from time to time when time has been difficult | AA95: =VLOOKUP($W95,QADATA!$D$9:$K$83,7,FALSE) -> This is a normal practice due to the operating conditions | AB95: =VLOOKUP($W95,QADATA!$D$9:$K$83,8,FALSE) -> 0
C96: CONDUCT | D96: 63 | F96: =VLOOKUP($D96,QADATA!$D$8:$K$83,3,FALSE) -> Does your company prohibit conflicts of interest? | G96: =VLOOKUP(D96,QUESTIONNAIRE!$C$7:$H$81,5,FALSE) -> 0 | H96: =IF(G96=X96, $X$22, IF(G96=Y96, $Y$22, IF(G96=Z96,$Z$22, IF(G96=AA96,$AA$22, $AB$22)))) -> 4 | I96: =IF(G96=X96, $X$21, IF(G96=Y96, $Y$21, IF(G96=Z96,$Z$21, IF(G96=AA96,$AA$21, $AB$21)))) -> Not selected | J96: =IF(VLOOKUP(D96,QUESTIONNAIRE!$C$7:$H$81,6,FALSE)="","",VLOOKUP(D96,QUESTIONNAIRE!$C$7:$H$81,6,FALSE)) | M96: {=IF(I96="Not selected","Question left blank",INDEX(ACTION!$A$7:$E100,MATCH($D96,ACTION!$A$7:$A100),MATCH($H96,ACTION!$A$5:$E$5)))} -> Question left blank | W96: =D96 -> 63 | X96: =VLOOKUP($W96,QADATA!$D$9:$K$83,4,FALSE) -> This is controlled according to the company policy, and actively enforced | Y96: =VLOOKUP($W96,QADATA!$D$9:$K$83,5,FALSE) -> This is controlled according to the company policy, but not actively enforced | Z96: =VLOOKUP($W96,QADATA!$D$9:$K$83,6,FALSE) -> This is only done from time to time when time has been difficult | AA96: =VLOOKUP($W96,QADATA!$D$9:$K$83,7,FALSE) -> This is a normal practice due to the operating conditions | AB96: =VLOOKUP($W96,QADATA!$D$9:$K$83,8,FALSE) -> 0
C97: CONDUCT | D97: 64 | F97: =VLOOKUP($D97,QADATA!$D$8:$K$83,3,FALSE) -> Is your company ever forced or put in a position to make payment outside of the conventional channels to facilitate works? | G97: =VLOOKUP(D97,QUESTIONNAIRE!$C$7:$H$81,5,FALSE) -> 0 | H97: =IF(G97=X97, $X$22, IF(G97=Y97, $Y$22, IF(G97=Z97,$Z$22, IF(G97=AA97,$AA$22, $AB$22)))) -> 4 | I97: =IF(G97=X97, $X$21, IF(G97=Y97, $Y$21, IF(G97=Z97,$Z$21, IF(G97=AA97,$AA$21, $AB$21)))) -> Not selected | J97: =IF(VLOOKUP(D97,QUESTIONNAIRE!$C$7:$H$81,6,FALSE)="","",VLOOKUP(D97,QUESTIONNAIRE!$C$7:$H$81,6,FALSE)) | M97: {=IF(I97="Not selected","Question left blank",INDEX(ACTION!$A$7:$E100,MATCH($D97,ACTION!$A$7:$A100),MATCH($H97,ACTION!$A$5:$E$5)))} -> Question left blank | W97: =D97 -> 64 | X97: =VLOOKUP($W97,QADATA!$D$9:$K$83,4,FALSE) -> This is prohibited according to the company policy, and actively enforced | Y97: =VLOOKUP($W97,QADATA!$D$9:$K$83,5,FALSE) -> This is prohibited according to the company policy, but not actively enforced | Z97: =VLOOKUP($W97,QADATA!$D$9:$K$83,6,FALSE) -> This is only done from time to time when time has been difficult | AA97: =VLOOKUP($W97,QADATA!$D$9:$K$83,7,FALSE) -> This is a normal practice due to the operating conditions | AB97: =VLOOKUP($W97,QADATA!$D$9:$K$83,8,FALSE) -> 0
C98: CONDUCT | D98: 65 | F98: =VLOOKUP($D98,QADATA!$D$8:$K$83,3,FALSE) -> Does your company engage in the sale or manufacture of anti-personnel mines or components utilised in the manufacture of anti-personnel mines? | G98: =VLOOKUP(D98,QUESTIONNAIRE!$C$7:$H$81,5,FALSE) -> 0 | H98: =IF(G98=X98, $X$22, IF(G98=Y98, $Y$22, IF(G98=Z98,$Z$22, IF(G98=AA98,$AA$22, $AB$22)))) -> 4 | I98: =IF(G98=X98, $X$21, IF(G98=Y98, $Y$21, IF(G98=Z98,$Z$21, IF(G98=AA98,$AA$21, $AB$21)))) -> Not selected | J98: =IF(VLOOKUP(D98,QUESTIONNAIRE!$C$7:$H$81,6,FALSE)="","",VLOOKUP(D98,QUESTIONNAIRE!$C$7:$H$81,6,FALSE)) | M98: {=IF(I98="Not selected","Question left blank",INDEX(ACTION!$A$7:$E100,MATCH($D98,ACTION!$A$7:$A100),MATCH($H98,ACTION!$A$5:$E$5)))} -> Question left blank | W98: =D98 -> 65 | X98: =VLOOKUP($W98,QADATA!$D$9:$K$83,4,FALSE) -> Never | Y98: =VLOOKUP($W98,QADATA!$D$9:$K$83,5,FALSE) -> Has previously, but no longer | Z98: =VLOOKUP($W98,QADATA!$D$9:$K$83,6,FALSE) -> Sometimes | AA98: =VLOOKUP($W98,QADATA!$D$9:$K$83,7,FALSE) -> Yes | AB98: =VLOOKUP($W98,QADATA!$D$9:$K$83,8,FALSE) -> 0
C99: CONDUCT | D99: 66 | F99: =VLOOKUP($D99,QADATA!$D$8:$K$83,3,FALSE) -> Does your company have a policy in place regarding the use of services of current or former UN personnel for the preparation of bid or proposals for the UN? | G99: =VLOOKUP(D99,QUESTIONNAIRE!$C$7:$H$81,5,FALSE) -> 0 | H99: =IF(G99=X99, $X$22, IF(G99=Y99, $Y$22, IF(G99=Z99,$Z$22, IF(G99=AA99,$AA$22, $AB$22)))) -> 4 | I99: =IF(G99=X99, $X$21, IF(G99=Y99, $Y$21, IF(G99=Z99,$Z$21, IF(G99=AA99,$AA$21, $AB$21)))) -> Not selected | J99: =IF(VLOOKUP(D99,QUESTIONNAIRE!$C$7:$H$81,6,FALSE)="","",VLOOKUP(D99,QUESTIONNAIRE!$C$7:$H$81,6,FALSE)) | M99: {=IF(I99="Not selected","Question left blank",INDEX(ACTION!$A$7:$E100,MATCH($D99,ACTION!$A$7:$A100),MATCH($H99,ACTION!$A$5:$E$5)))} -> Question left blank | W99: =D99 -> 66 | X99: =VLOOKUP($W99,QADATA!$D$9:$K$83,4,FALSE) -> Yes a formal documented policy in place with reference to the UN Supplier Code of Conduct | Y99: =VLOOKUP($W99,QADATA!$D$9:$K$83,5,FALSE) -> Yes a formal documented policy in place but does not reference UN Supplier Code of Conduct | Z99: =VLOOKUP($W99,QADATA!$D$9:$K$83,6,FALSE) -> There are some guidance but not formal signed documentation | AA99: =VLOOKUP($W99,QADATA!$D$9:$K$83,7,FALSE) -> No | AB99: =VLOOKUP($W99,QADATA!$D$9:$K$83,8,FALSE) -> 0

Sheet ACTION
B1: THIS INFORMATION COMES FROM DRiVE_Questionnaire Action and Validation SEE CELL B3
B2: DO NOT CHANGE TEXT HERE
B3: Remediation Action to take
B4: LOW | C4: LOW TO MEDIUM | D4: MEDIUM TO HIGH | E4: HIGH | F4: Not selected
B5: 1 | C5: 2 | D5: 3 | E5: 4 | F5: 4
A6: A
A7: 1 | B7: To validate the response provided, proof could be requested. | C7: To validate the response provided, proof could be requested. | D7: Communicate that although reference in another policy may be sufficient. A dedicated policy prevents the spirit of the commitment from being lost. It is regarded as a preferred practice that there is a dedicated policy in place. | E7: Check if it is a legal requirement to have this. If so, advise of the legal requirements and that they are in danger of violating the law. If not, communicate that it is an expectation of UNOPS as it is aligned with its own policies and Supplier Code of Conduct
A8: 2 | B8: To validate the response provided, proof could be requested. | C8: To validate the response provided, proof could be requested. | D8: Communicate that although reference in another policy may be sufficient. A dedicated policy prevents the spirit of the commitment from being lost. It is regarded as a preferred practice that there is a dedicated policy in place. | E8: Check if it is a legal requirement to have this. If so, advise of the legal requirements and that they are in danger of violating the law. If not, communicate that it is an expectation of UNOPS as it is aligned with its own policies and Supplier Code of Conduct
A9: 3 | B9: To validate the response provided, proof could be requested. | C9: To validate the response provided, proof could be requested. | D9: Communicate that although reference in another policy may be sufficient. A dedicated policy prevents the spirit of the commitment from being lost. It is regarded as a preferred practice that there is a dedicated policy in place. | E9: Check if it is a legal requirement to have this. If so, advise of the legal requirements and that they are in danger of violating the law. If not, communicate that it is an expectation of UNOPS as it is aligned with its own policies and Supplier Code of Conduct
A10: 4 | B10: To validate the response provided, proof could be requested. | C10: To validate the response provided, proof could be requested. | D10: Communicate that although reference in another policy may be sufficient. A dedicated policy prevents the spirit of the commitment from being lost. It is regarded as a preferred practice that there is a dedicated policy in place. | E10: Check if it is a legal requirement to have this. If so, advise of the legal requirements and that they are in danger of violating the law. If not, communicate that it is an expectation of UNOPS as it is aligned with its own policies and Supplier Code of Conduct
A11: 5 | B11: To validate the response provided, proof could be requested. | C11: To validate the response provided, proof could be requested. | D11: Communicate that although reference in another policy may be sufficient. A dedicated policy prevents the spirit of the commitment from being lost. It is regarded as a preferred practice that there is a dedicated policy in place. | E11: Check if it is a legal requirement to have this. If so, advise of the legal requirements and that they are in danger of violating the law. If not, communicate that it is an expectation of UNOPS as it is aligned with its own policies and Supplier Code of Conduct
A12: 6 | B12: To validate the response provided, proof could be requested. | C12: To validate the response provided, proof could be requested. | D12: Communicate that although reference in another policy may be sufficient. A dedicated policy prevents the spirit of the commitment from being lost. It is regarded as a preferred practice that there is a dedicated policy in place. | E12: Check if it is a legal requirement to have this. If so, advise of the legal requirements and that they are in danger of violating the law. If not, communicate that it is an expectation of UNOPS as it is aligned with its own policies and Supplier Code of Conduct
A13: 7 | B13: To validate the response provided, proof could be requested. | C13: To validate the response provided, proof could be requested. | D13: Communicate that although reference in another policy may be sufficient. A dedicated policy prevents the spirit of the commitment from being lost. It is regarded as a preferred practice that there is a dedicated policy in place. | E13: Check if it is a legal requirement to have this. If so, advise of the legal requirements and that they are in danger of violating the law. If not, communicate that it is an expectation of UNOPS as it is aligned with its own policies and Supplier Code of Conduct
A14: 8 | B14: To validate the response provided, proof could be requested. | C14: To validate the response provided, proof could be requested. | D14: Communicate that although reference in another policy may be sufficient. A dedicated policy prevents the spirit of the commitment from being lost. It is regarded as a preferred practice that there is a dedicated policy in place. | E14: Check if it is a legal requirement to have this. If so, advise of the legal requirements and that they are in danger of violating the law. If not, communicate that it is an expectation of UNOPS as it is aligned with its own policies and Supplier Code of Conduct
A15: 9 | B15: To validate the response provided, proof could be requested. | C15: To validate the response provided, proof could be requested. | D15: Communicate that although reference in another policy may be sufficient. A dedicated policy prevents the spirit of the commitment from being lost. It is regarded as a preferred practice that there is a dedicated policy in place. | E15: Check if it is a legal requirement to have this. If so, advise of the legal requirements and that they are in danger of violating the law. If not, communicate that it is an expectation of UNOPS as it is aligned with its own policies and Supplier Code of Conduct
A16: 10 | B16: To validate the response provided, proof could be requested. | C16: To validate the response provided, proof could be requested. | D16: Communicate that although reference in another policy may be sufficient. A dedicated policy prevents the spirit of the commitment from being lost. It is regarded as a preferred practice that there is a dedicated policy in place. | E16: Check if it is a legal requirement to have this. If so, advise of the legal requirements and that they are in danger of violating the law. If not, communicate that it is an expectation of UNOPS as it is aligned with its own policies and Supplier Code of Conduct
A17: 11 | B17: To validate the response provided, proof could be requested. | C17: To validate the response provided, proof could be requested. | D17: Communicate that although reference in another policy may be sufficient. A dedicated policy prevents the spirit of the commitment from being lost. It is regarded as a preferred practice that there is a dedicated policy in place. | E17: Check if it is a legal requirement to have this. If so, advise of the legal requirements and that they are in danger of violating the law. If not, communicate that it is an expectation of UNOPS as it is aligned with its own policies and Supplier Code of Conduct
A18: B
A19: 12 | B19: To validate the response provided, proof could be requested. | C19: To validate the response provided, proof could be requested. | D19: Documenting the process and procedure that is done allows to maintain the accuracy and the quality of the procedure. | E19: Check if it is a UNOPS contractual requirement to have this. If so, advise of the contractual obligations and that they are in danger of breaching them. If not, communicate that it is an expectation of UNOPS as it is aligned with its own policy and Supplier Code of Conduct
A20: 13 | B20: To validate the response provided, proof could be requested. | C20: To validate the response provided, proof could be requested. | D20: Documenting the process and procedure that is done allows to maintain the accuracy and the quality of the procedure. | E20: Check if it is a UNOPS contractual requirement to have this. If so, advise of the contractual obligations and that they are in danger of breaching them. If not, communicate that it is an expectation of UNOPS as it is aligned with its own policy and Supplier Code of Conduct
A21: 14 | B21: To validate the response provided, proof could be requested. | C21: To validate the response provided, proof could be requested. | D21: Documenting the process and procedure that is done allows to maintain the accuracy and the quality of the procedure. | E21: Check if it is a UNOPS contractual requirement to have this. If so, advise of the contractual obligations and that they are in danger of breaching them. If not, communicate that it is an expectation of UNOPS as it is aligned with its own policy and Supplier Code of Conduct
A22: C
A23: 15 | B23: To validate the response provided, proof could be requested. | C23: To validate the response provided, proof could be requested. | D23: Advise that documentation is necessary for demonstrating action as well as the ability to provide the correct guidance. | E23: Human Rights and business are explicitly connectedd. Familirise with the requirements and put into place policies, followed by the implementation of procedures to action the policies.
A24: 16 | B24: To validate the response provided, proof could be requested. | C24: To validate the response provided, proof could be requested. | D24: If there is an informal process or procedure in place. Effort should be put into formalise it. If there is not a formal process in place people are less likely to use it. | E24: Your employees have the right to express an / or report issues realte to abuse. If your company does not have the ability to deal with this find 3rd party providers to support.
A25: 17 | B25: To validate the response provided, proof could be requested. | C25: To validate the response provided, proof could be requested. | D25: Possibly query if they have had any cases in the past 5 years. And how have they gone about handling it. | E25: Depending on the size of the organisation, the location, and the context of the operation / contracts; this could pose significant threat to vulnerable people. Please flag to team lead or respective line management.
A26: D
A27: 18 | B27: To validate the response provided, proof could be requested. | C27: To validate the response provided, proof could be requested. | D27: If there are procedures in place already that is followed, the procedure should be written down for both the reference of the employee as well as the employer. | E27: Check if it is a legal requirement to pay minimum wage. If so, advise that they are in danger of violating the law. If not, communicate that it is an expectation of UNOPS as it is aligned with its policy and Supplier Code of Conduct
A28: 19 | B28: To validate the response provided, proof could be requested. | C28: To validate the response provided, proof could be requested. | D28: If there are procedures in place that are non-discriminatory, these procedures should be written down for both the reference of the employee as well as the employer. | E28: Documented payment procedures should be put in place, and discriminatory pay system amended
A29: 20 | B29: To validate the response provided, proof could be requested. | C29: To validate the response provided, proof could be requested. | D29: Documented procedures on how to issue a complaint and how the complaints process will work should be developed and put into place. | E29: Documented procedures on how to issue a complaint and how the complaints process will work should be developed and put into place.
A30: 21 | B30: To validate the response provided, proof could be requested. | C30: To validate the response provided, proof could be requested. | D30: It is important to document overtime payments due to the (possible) legal implications. As not paying individuals for work it a form of forced labour. | E30: Check the legal implications of not compensating overtime workers. If there is a violation of the law they must be informed and advised to take immediate action. Additionally, not paying individuals for work it a form of forced labour.
A31: 22 | B31: To validate the response provided, proof could be requested. | C31: To validate the response provided, proof could be requested. | D31: Keeping an individuals original identification document can limit their access to freedom and rights. If for security reasons or on request of the employee original identification documentation is to be kept there must be a procedure in place that includes signed acknowledgement from the employee and employer that the employee can have access and retrieve the documetns at any time. | E31: Keeping an individuals original identification document can limit their access to freedom and rights. If for security reasons or on request of the employee original identification documentation is to be kept there must be a procedure in place that includes signed acknowledgement from the employee and employer that the employee can have access and retrieve the documetns at any time.
A32: 23 | B32: To validate the response provided, proof could be requested. | C32: To validate the response provided, proof could be requested. | D32: Verification of age will prevent you from violation legislation around the emplyment of minors. Some places with out reliable administration this can prove challanging. There are various was to validate age such as school attendance records etc | E32: Verification of age will prevent you from violation legislation around the emplyment of minors. Some places with out reliable administration this can prove challanging. There are various was to validate age such as school attendance records etc
A33: 24 | B33: To validate the response provided, proof could be requested. | C33: To validate the response provided, proof could be requested. | D33: It is possible that the supplier is in danger of violating the law, depending on the country they are in and the associated anti-discrimination acts in place. This should be communicated to the supplier. If there are not laws or acts in place, communicate that it is an expectation of UNOPS as it is aligned with its own policies and Supplier Code of Conduct | E33: It is possible that the supplier is in danger of violating the law, depending on the country they are in and the associated anti-discrimination acts in place. This should be communicated to the supplier. If there are not laws or acts in place, communicate that it is an expectation of UNOPS as it is aligned with its own policies and Supplier Code of Conduct
A34: 25 | B34: To validate the response provided, proof could be requested. | C34: To validate the response provided, proof could be requested. | D34: It is possible that the supplier is in danger of violating the law, depending on the country they are in and the associated Lanour acts in place. This should be communicated to the supplier. If there are not laws or acts in place, communicate that it is an expectation of UNOPS as it is aligned with its own policies and Supplier Code of Conduct | E34: It is possible that the supplier is in danger of violating the law, depending on the country they are in and the associated Lanour acts in place. This should be communicated to the supplier. If there are not laws or acts in place, communicate that it is an expectation of UNOPS as it is aligned with its own policies and Supplier Code of Conduct
A35: 26 | B35: To validate the response provided, proof could be requested. | C35: To validate the response provided, proof could be requested. | D35: It is possible that the supplier is in danger of violating the law, depending on the country they are in and the associated Lanour acts in place. This should be communicated to the supplier. If there are not laws or acts in place, communicate that it is an expectation of UNOPS as it is aligned with its own policies and Supplier Code of Conduct | E35: It is possible that the supplier is in danger of violating the law, depending on the country they are in and the associated Lanour acts in place. This should be communicated to the supplier. If there are not laws or acts in place, communicate that it is an expectation of UNOPS as it is aligned with its own policies and Supplier Code of Conduct
